Workbook

Sheet Cover
A1: AI Acquisition Strategy: Rent vs. Own vs. Hybrid TCO Decision Model
A3: Rent the Frontier | Own the Frontier | Hybrid Approach
A5: Purpose
A6: Enterprise-grade total cost of ownership (TCO) and decision framework for technology finance leaders and executives. Determines the economically and strategically preferred path for incorporating AI: pure API rental of frontier models, ownership of AI infrastructure (hardware + open/self-hosted models), or a hybrid split. Developed by Ryan Huff as a practical tool to help organizations make clearer, data-driven decisions about AI infrastructure strategy.
A10: How to Use
A11: 1. Go to the 'Inputs' sheet. Editable inputs are blue font on a yellow fill. Black cells are labels or calculated checks.
A12: 2. Enter your organization's scale (contributors, salaries), workload mix, demand method and token estimates, cost parameters for each path, and the capacity sizing inputs in section 8.
A13: 3. Review the 'Dashboard' for the recommendation (lowest present-value TCO over your horizon), nominal and PV TCO, NPV, unit economics, and break-even utilization.
A14: 4. Use 'Comparison' for the year-by-year view and 'Sensitivity' to see how the answer moves when each key driver is flexed up or down.
A15: 5. All calculations are live Excel formulas. Change any input and the entire model updates.
A16: 6. This model is general-purpose. Defaults are illustrative mid-market examples based on 2026 industry ranges. Replace them with your data.
A19: Key Decision Outputs
... A35: This model was designed and built by Ryan Huff. It reflects practical experience with enterprise technology decisions and is offered as a free, general-purpose framework that any organization can adapt. For more of Ryan’s work and thinking on technology, networks, and AI strategy, visit https://ryanthomashuff.com.

Sheet Inputs
A1: ASSUMPTIONS & INPUTS
A2: Blue font on a yellow fill = editable input. Black cells are labels or calculated checks. Change any input and the entire model recalculates.
A4: 1. SCALE, PEOPLE & PRODUCTIVITY INTENT
A5: Number of individual contributors (ICs) using AI | B5: 50 | C5: ICs
A6: Average fully-loaded annual cost per IC (salary + benefits + overhead) | B6: 180000 | C6: $
A7: AI agent multiplier (effective capacity per IC, e.g. 2.5 = 2.5x output) | B7: 2.5 | C7: x
A8: Productivity capture rate (% of theoretical agent gain actually realized) | B8: 0.4 | C8: %
A9: Primary intent / use-case focus (description) | B9: Internal productivity + customer support agents | C9: text
A11: 2. WORKLOAD MIX & INTENT (drives hybrid recommendation)
A12: % of volume that is frontier-critical (needs latest closed models) | B12: 0.2 | C12: %
A13: % of volume that is routine / high-volume (suitable for open/self-hosted) | B13: 0.55 | C13: %
A14: % of volume that is sensitive / regulated (prefers ownership for control) | B14: 0.25 | C14: %
A15: Check: total should equal 100% | B15: =B12+B13+B14 | C15: =IF(ABS(B15-1)>0.001,"Mix does not total 100%","OK")
A17: 3. TOKEN / COMPUTE DEMAND
A18: Method for estimating demand (Agent multiplier derived / Direct monthly estimate) | B18: Agent multiplier derived
A19: Estimated monthly tokens per IC (used when Method = Direct monthly estimate; 0 falls back to derived) | B19: 0 | C19: tokens
A20: Average tokens per agent-hour equivalent (for derivation) | B20: 50000 | C20: tokens
A21: Working hours per IC per month | B21: 160 | C21: hours
A22: Peak-to-average ratio (owned capacity is sized for peak, so higher = lower utilization) | B22: 2.5 | C22: x
A23: Annual growth rate in AI usage volume | B23: 0.4 | C23: %
A25: 4. RENT THE FRONTIER (API) PARAMETERS
A26: Blended API cost per million tokens (input+output weighted) | B26: 8 | C26: $
A27: Expected annual decline in API prices | B27: 0.25 | C27: %
A28: Caching / prompt optimization efficiency (reduces effective cost) | B28: 0.3 | C28: %
A29: Implementation / integration setup cost (one-time) | B29: 75000 | C29: $
A30: Annual platform / governance / observability cost | B30: 40000 | C30: $
A31: Ongoing engineering FTE for prompt/ops/optimization | B31: 1 | C31: FTE
A32: Fully-loaded cost per engineering FTE | B32: 220000 | C32: $
A34: 5. OWN THE FRONTIER (OWNED INFRASTRUCTURE) PARAMETERS
A35: All-in CapEx per GPU (the GPU plus its share of server, networking and storage) | B35: 50000 | C35: $/GPU
A36: Useful life / refresh cycle for depreciation (years) | B36: 3 | C36: years
A37: Expected residual value as % of CapEx at end of life | B37: 0.3 | C37: %
A38: IT power draw per GPU, including its share of the server (kW) | B38: 1.25 | C38: kW/GPU
A39: Power Usage Effectiveness (PUE) | B39: 1.25 | C39: x
A40: Electricity cost ($/kWh) | B40: 0.1 | C40: $
A41: Colocation / facility cost per kW per month | B41: 150 | C41: $
A42: Or alternative: annual facility/colo fixed cost | B42: 0 | C42: $
A43: Annual hardware maintenance (% of CapEx) | B43: 0.12 | C43: %
A44: Annual software / MLOps platform licenses | B44: 80000 | C44: $
A45: Engineering / MLOps / platform FTEs required | B45: 4 | C45: FTE
A46: Fully-loaded cost per engineering FTE (own path) | B46: 250000 | C46: $
... A48: Redundancy / N+1 overhead factor on capacity (applied on top of peak sizing) | B48: 1.3 | C48: x
A50: 6. HYBRID APPROACH
A51: Manual override: % of volume on owned infrastructure (leave blank to derive from workload mix) | C51: %
A52: Hybrid implementation premium (extra integration cost) | B52: 100000 | C52: $
A53: Owned share used by Hybrid (calculated: override if set, else routine + sensitive share of the mix) | B53: =MIN(1,MAX(0,IF(ISNUMBER(B51),B51,IF(B12+B13+B14>0,(B13+B14)/(B12+B13+B14),0))))
A54: 7. FINANCIAL PARAMETERS
A55: Analysis horizon (years, 1 to 5) | B55: 3 | C55: years
A56: Discount rate (WACC or hurdle rate, used for present value and NPV) | B56: 0.1 | C56: %
A57: Annual cost inflation (non-API) | B57: 0.03 | C57: %
A58: Include productivity value in net benefit and NPV view? (Yes / No) | B58: Yes | C58: text
A60: 8. OWN CAPACITY SIZING & HYBRID STAFFING
A61: Sustained throughput per GPU (tokens/sec, blended input + output, at your target model) | B61: 625 | C61: tokens/sec
A62: Engineering / MLOps FTEs needed to run the owned share in Hybrid | B62: 3 | C62: FTE

Sheet Calculations
A1: CALCULATIONS ENGINE (all formulas, do not edit)
A2: Years 1 to 5 are always calculated; totals and present values only count years inside the analysis horizon.
A4: TIME, HORIZON & DISCOUNTING
A5: Year | B5: 1 | C5: 2 | D5: 3 | E5: 4 | F5: 5
A6: Analysis horizon used (years, 1 to 5) | B6: =MIN(5,MAX(1,ROUND(Inputs!$B$55,0)))
A7: Useful life used (whole years) | B7: =MAX(1,ROUND(Inputs!$B$36,0))
A8: Inside analysis horizon? (1 = yes) | B8: =IF(1<=$B$6,1,0) | C8: =IF(2<=$B$6,1,0) | D8: =IF(3<=$B$6,1,0) | E8: =IF(4<=$B$6,1,0) | F8: =IF(5<=$B$6,1,0)
A9: Non-API inflation index | B9: =(1+Inputs!$B$57)^(1-1) | C9: =(1+Inputs!$B$57)^(2-1) | D9: =(1+Inputs!$B$57)^(3-1) | E9: =(1+Inputs!$B$57)^(4-1) | F9: =(1+Inputs!$B$57)^(5-1)
A10: Discount factor, start of year (CapEx, one-time costs) | B10: =1/(1+Inputs!$B$56)^(1-1) | C10: =1/(1+Inputs!$B$56)^(2-1) | D10: =1/(1+Inputs!$B$56)^(3-1) | E10: =1/(1+Inputs!$B$56)^(4-1) | F10: =1/(1+Inputs!$B$56)^(5-1)
A11: Discount factor, end of year (operating costs) | B11: =1/(1+Inputs!$B$56)^1 | C11: =1/(1+Inputs!$B$56)^2 | D11: =1/(1+Inputs!$B$56)^3 | E11: =1/(1+Inputs!$B$56)^4 | F11: =1/(1+Inputs!$B$56)^5
A13: DEMAND & CAPACITY REQUIREMENT
A14: Monthly tokens per IC used | B14: =IF(AND(Inputs!$B$18="Direct monthly estimate",Inputs!$B$19>0),Inputs!$B$19,Inputs!$B$7*Inputs!$B$20*Inputs!$B$21)
A15: Annual tokens | B15: =$B$14*Inputs!$B$5*12*(1+Inputs!$B$23)^(1-1) | C15: =$B$14*Inputs!$B$5*12*(1+Inputs!$B$23)^(2-1) | D15: =$B$14*Inputs!$B$5*12*(1+Inputs!$B$23)^(3-1) | E15: =$B$14*Inputs!$B$5*12*(1+Inputs!$B$23)^(4-1) | F15: =$B$14*Inputs!$B$5*12*(1+Inputs!$B$23)^(5-1)
A16: Peak tokens/sec (average x peak-to-average) | B16: =B15/31536000*Inputs!$B$22 | C16: =C15/31536000*Inputs!$B$22 | D16: =D15/31536000*Inputs!$B$22 | E16: =E15/31536000*Inputs!$B$22 | F16: =F15/31536000*Inputs!$B$22
A17: Capacity to provision, tokens/sec (peak x N+1) | B17: =B16*Inputs!$B$48 | C17: =C16*Inputs!$B$48 | D17: =D16*Inputs!$B$48 | E17: =E16*Inputs!$B$48 | F17: =F16*Inputs!$B$48
A19: RENT THE FRONTIER (API)
A20: Effective API $ per M tokens (after caching, price decline) | B20: =Inputs!$B$26*(1-Inputs!$B$28)*(1-Inputs!$B$27)^(1-1) | C20: =Inputs!$B$26*(1-Inputs!$B$28)*(1-Inputs!$B$27)^(2-1) | D20: =Inputs!$B$26*(1-Inputs!$B$28)*(1-Inputs!$B$27)^(3-1) | E20: =Inputs!$B$26*(1-Inputs!$B$28)*(1-Inputs!$B$27)^(4-1) | F20: =Inputs!$B$26*(1-Inputs!$B$28)*(1-Inputs!$B$27)^(5-1)
A21: Token cost | B21: =B15/1000000*B20 | C21: =C15/1000000*C20 | D21: =D15/1000000*D20 | E21: =E15/1000000*E20 | F21: =F15/1000000*F20
A22: Engineering + platform / governance | B22: =(Inputs!$B$31*Inputs!$B$32+Inputs!$B$30)*B9 | C22: =(Inputs!$B$31*Inputs!$B$32+Inputs!$B$30)*C9 | D22: =(Inputs!$B$31*Inputs!$B$32+Inputs!$B$30)*D9 | E22: =(Inputs!$B$31*Inputs!$B$32+Inputs!$B$30)*E9 | F22: =(Inputs!$B$31*Inputs!$B$32+Inputs!$B$30)*F9
A23: One-time setup | B23: =IF(1=1,Inputs!$B$29,0) | C23: =IF(2=1,Inputs!$B$29,0) | D23: =IF(3=1,Inputs!$B$29,0) | E23: =IF(4=1,Inputs!$B$29,0) | F23: =IF(5=1,Inputs!$B$29,0)
A24: Total annual Rent cost (nominal) | B24: =B21+B22+B23 | C24: =C21+C22+C23 | D24: =D21+D22+D23 | E24: =E21+E22+E23 | F24: =F21+F22+F23
A25: Cash at start of year (one-time) | B25: =B23 | C25: =C23 | D25: =D23 | E25: =E23 | F25: =F23
A26: Cash at end of year (operating) | B26: =B21+B22 | C26: =C21+C22 | D26: =D21+D22 | E26: =E21+E22 | F26: =F21+F22
A27: Rent: net book value of hardware at end of horizon (terminal value) | B27: =0
A28: Rent: nominal TCO over analysis horizon | B28: =SUMPRODUCT($B$8:$F$8,$B$24:$F$24)
A29: Rent: 3-year nominal TCO | B29: =SUM($B$24:$D$24)
A30: Rent: 5-year nominal TCO | B30: =SUM($B$24:$F$24)
A31: Rent: present-value TCO over horizon (cash basis) | B31: =SUMPRODUCT($B$8:$F$8,$B$25:$F$25,$B$10:$F$10)+SUMPRODUCT($B$8:$F$8,$B$26:$F$26,$B$11:$F$11)-$B$27/(1+Inputs!$B$56)^$B$6
A33: OWN THE FRONTIER (OWNED INFRASTRUCTURE)
A34: GPUs required for peak + N+1 (this year) | B34: =IF(B17>0,ROUNDUP(B17/Inputs!$B$61,0),0) | C34: =IF(C17>0,ROUNDUP(C17/Inputs!$B$61,0),0) | D34: =IF(D17>0,ROUNDUP(D17/Inputs!$B$61,0),0) | E34: =IF(E17>0,ROUNDUP(E17/Inputs!$B$61,0),0) | F34: =IF(F17>0,ROUNDUP(F17/Inputs!$B$61,0),0)
A35: GPUs installed (never shrinks) | B35: =MAX(B34,0) | C35: =MAX(C34,B35) | D35: =MAX(D34,C35) | E35: =MAX(E34,D35) | F35: =MAX(F34,E35)
A36: New GPUs purchased for growth | B36: =B35-0 | C36: =C35-B35 | D36: =D35-C35 | E36: =E35-D35 | F36: =F35-E35
A37: GPUs replaced at end of useful life | B37: =0 | C37: =(1+$B$7=2)*B38 | D37: =(1+$B$7=3)*B38+(2+$B$7=3)*C38 | E37: =(1+$B$7=4)*B38+(2+$B$7=4)*C38+(3+$B$7=4)*D38 | F37: =(1+$B$7=5)*B38+(2+$B$7=5)*C38+(3+$B$7=5)*D38+(4+$B$7=5)*E38
A38: Total GPUs bought (growth + refresh) | B38: =B36+B37 | C38: =C36+C37 | D38: =D36+D37 | E38: =E36+E37 | F38: =F36+F37
A39: CapEx cash out | B39: =B38*Inputs!$B$35 | C39: =C38*Inputs!$B$35 | D39: =D38*Inputs!$B$35 | E39: =E38*Inputs!$B$35 | F39: =F38*Inputs!$B$35
A40: Residual value recovered on retired GPUs | B40: =B37*Inputs!$B$35*Inputs!$B$37 | C40: =C37*Inputs!$B$35*Inputs!$B$37 | D40: =D37*Inputs!$B$35*Inputs!$B$37 | E40: =E37*Inputs!$B$35*Inputs!$B$37 | F40: =F37*Inputs!$B$35*Inputs!$B$37
A41: Depreciation (straight-line to residual) | B41: =B35*Inputs!$B$35*(1-Inputs!$B$37)/$B$7 | C41: =C35*Inputs!$B$35*(1-Inputs!$B$37)/$B$7 | D41: =D35*Inputs!$B$35*(1-Inputs!$B$37)/$B$7 | E41: =E35*Inputs!$B$35*(1-Inputs!$B$37)/$B$7 | F41: =F35*Inputs!$B$35*(1-Inputs!$B$37)/$B$7
A42: Power (IT kW x PUE x rate x 8,760 h) | B42: =B35*Inputs!$B$38*Inputs!$B$39*Inputs!$B$40*8760*B9 | C42: =C35*Inputs!$B$38*Inputs!$B$39*Inputs!$B$40*8760*C9 | D42: =D35*Inputs!$B$38*Inputs!$B$39*Inputs!$B$40*8760*D9 | E42: =E35*Inputs!$B$38*Inputs!$B$39*Inputs!$B$40*8760*E9 | F42: =F35*Inputs!$B$38*Inputs!$B$39*Inputs!$B$40*8760*F9
A43: Colo / facility | B43: =IF(Inputs!$B$42>0,Inputs!$B$42,B35*Inputs!$B$38*Inputs!$B$41*12)*B9 | C43: =IF(Inputs!$B$42>0,Inputs!$B$42,C35*Inputs!$B$38*Inputs!$B$41*12)*C9 | D43: =IF(Inputs!$B$42>0,Inputs!$B$42,D35*Inputs!$B$38*Inputs!$B$41*12)*D9 | E43: =IF(Inputs!$B$42>0,Inputs!$B$42,E35*Inputs!$B$38*Inputs!$B$41*12)*E9 | F43: =IF(Inputs!$B$42>0,Inputs!$B$42,F35*Inputs!$B$38*Inputs!$B$41*12)*F9
A44: Hardware maintenance | B44: =B35*Inputs!$B$35*Inputs!$B$43*B9 | C44: =C35*Inputs!$B$35*Inputs!$B$43*C9 | D44: =D35*Inputs!$B$35*Inputs!$B$43*D9 | E44: =E35*Inputs!$B$35*Inputs!$B$43*E9 | F44: =F35*Inputs!$B$35*Inputs!$B$43*F9
A45: Software / MLOps licenses | B45: =Inputs!$B$44*B9 | C45: =Inputs!$B$44*C9 | D45: =Inputs!$B$44*D9 | E45: =Inputs!$B$44*E9 | F45: =Inputs!$B$44*F9
A46: Engineering / MLOps staff | B46: =Inputs!$B$45*Inputs!$B$46*B9 | C46: =Inputs!$B$45*Inputs!$B$46*C9 | D46: =Inputs!$B$45*Inputs!$B$46*D9 | E46: =Inputs!$B$45*Inputs!$B$46*E9 | F46: =Inputs!$B$45*Inputs!$B$46*F9
A47: One-time build / migration | B47: =IF(1=1,Inputs!$B$47,0) | C47: =IF(2=1,Inputs!$B$47,0) | D47: =IF(3=1,Inputs!$B$47,0) | E47: =IF(4=1,Inputs!$B$47,0) | F47: =IF(5=1,Inputs!$B$47,0)
A48: Total annual Own cost (nominal, depreciation basis) | B48: =B41+B42+B43+B44+B45+B46+B47 | C48: =C41+C42+C43+C44+C45+C46+C47 | D48: =D41+D42+D43+D44+D45+D46+D47 | E48: =E41+E42+E43+E44+E45+E46+E47 | F48: =F41+F42+F43+F44+F45+F46+F47
A49: Cash at start of year (CapEx - residual + one-time) | B49: =B39-B40+B47 | C49: =C39-C40+C47 | D49: =D39-D40+D47 | E49: =E39-E40+E47 | F49: =F39-F40+F47
A50: Cash at end of year (operating) | B50: =B42+B43+B44+B45+B46 | C50: =C42+C43+C44+C45+C46 | D50: =D42+D43+D44+D45+D46 | E50: =E42+E43+E44+E45+E46 | F50: =F42+F43+F44+F45+F46
A51: Own: net book value of hardware at end of horizon (terminal value) | B51: =((1<=$B$6)*(1>$B$6-$B$7))*B38*Inputs!$B$35*MAX(0,1-(1-Inputs!$B$37)*($B$6-1+1)/$B$7)+((2<=$B$6)*(2>$B$6-$B$7))*C38*Inputs!$B$35*MAX(0,1-(1-Inputs!$B$37)*($B$6-2+1)/$B$7)+((3<=$B$6)*(3>$B$6-$B$7))*D38*Inputs!$B$35*MAX(0,1-(1-Inputs!$B$37)*($B$6-3+1)/$B$7)+((4<=$B$6)*(4>$B$6-$B$7))*E38*Inputs!$B$35*MAX(0,1-(1-Inputs!$B$37)*($B$6-4+1)/$B$7)+((5<=$B$6)*(5>$B$6-$B$7))*F38*Inputs!$B$35*MAX(0,1-(1-Inputs!$B$37)*($B$6-5+1)/$B$7)
A52: Own: nominal TCO over analysis horizon | B52: =SUMPRODUCT($B$8:$F$8,$B$48:$F$48)
A53: Own: 3-year nominal TCO | B53: =SUM($B$48:$D$48)
A54: Own: 5-year nominal TCO | B54: =SUM($B$48:$F$48)
A55: Own: present-value TCO over horizon (cash basis) | B55: =SUMPRODUCT($B$8:$F$8,$B$49:$F$49,$B$10:$F$10)+SUMPRODUCT($B$8:$F$8,$B$50:$F$50,$B$11:$F$11)-$B$51/(1+Inputs!$B$56)^$B$6
A57: HYBRID (OWNED SHARE + API FOR THE REST)
A58: Owned share of volume used | B58: =MIN(1,MAX(0,IF(ISNUMBER(Inputs!$B$51),Inputs!$B$51,IF(Inputs!$B$12+Inputs!$B$13+Inputs!$B$14>0,(Inputs!$B$13+Inputs!$B$14)/(Inputs!$B$12+Inputs!$B$13+Inputs!$B$14),0))*1))
A59: Owned side active? (1 = yes) | B59: =IF($B$58>0,1,0)
A60: API side active? (1 = yes) | B60: =IF($B$58<1,1,0)
A61: GPUs required for peak + N+1 (this year) | B61: =IF(B17*$B$58>0,ROUNDUP(B17*$B$58/Inputs!$B$61,0),0) | C61: =IF(C17*$B$58>0,ROUNDUP(C17*$B$58/Inputs!$B$61,0),0) | D61: =IF(D17*$B$58>0,ROUNDUP(D17*$B$58/Inputs!$B$61,0),0) | E61: =IF(E17*$B$58>0,ROUNDUP(E17*$B$58/Inputs!$B$61,0),0) | F61: =IF(F17*$B$58>0,ROUNDUP(F17*$B$58/Inputs!$B$61,0),0)
A62: GPUs installed (never shrinks) | B62: =MAX(B61,0) | C62: =MAX(C61,B62) | D62: =MAX(D61,C62) | E62: =MAX(E61,D62) | F62: =MAX(F61,E62)
A63: New GPUs purchased for growth | B63: =B62-0 | C63: =C62-B62 | D63: =D62-C62 | E63: =E62-D62 | F63: =F62-E62
A64: GPUs replaced at end of useful life | B64: =0 | C64: =(1+$B$7=2)*B65 | D64: =(1+$B$7=3)*B65+(2+$B$7=3)*C65 | E64: =(1+$B$7=4)*B65+(2+$B$7=4)*C65+(3+$B$7=4)*D65 | F64: =(1+$B$7=5)*B65+(2+$B$7=5)*C65+(3+$B$7=5)*D65+(4+$B$7=5)*E65
A65: Total GPUs bought (growth + refresh) | B65: =B63+B64 | C65: =C63+C64 | D65: =D63+D64 | E65: =E63+E64 | F65: =F63+F64
A66: CapEx cash out | B66: =B65*Inputs!$B$35 | C66: =C65*Inputs!$B$35 | D66: =D65*Inputs!$B$35 | E66: =E65*Inputs!$B$35 | F66: =F65*Inputs!$B$35
A67: Residual value recovered on retired GPUs | B67: =B64*Inputs!$B$35*Inputs!$B$37 | C67: =C64*Inputs!$B$35*Inputs!$B$37 | D67: =D64*Inputs!$B$35*Inputs!$B$37 | E67: =E64*Inputs!$B$35*Inputs!$B$37 | F67: =F64*Inputs!$B$35*Inputs!$B$37
A68: Depreciation (straight-line to residual) | B68: =B62*Inputs!$B$35*(1-Inputs!$B$37)/$B$7 | C68: =C62*Inputs!$B$35*(1-Inputs!$B$37)/$B$7 | D68: =D62*Inputs!$B$35*(1-Inputs!$B$37)/$B$7 | E68: =E62*Inputs!$B$35*(1-Inputs!$B$37)/$B$7 | F68: =F62*Inputs!$B$35*(1-Inputs!$B$37)/$B$7
A69: Power (IT kW x PUE x rate x 8,760 h) | B69: =B62*Inputs!$B$38*Inputs!$B$39*Inputs!$B$40*8760*B9 | C69: =C62*Inputs!$B$38*Inputs!$B$39*Inputs!$B$40*8760*C9 | D69: =D62*Inputs!$B$38*Inputs!$B$39*Inputs!$B$40*8760*D9 | E69: =E62*Inputs!$B$38*Inputs!$B$39*Inputs!$B$40*8760*E9 | F69: =F62*Inputs!$B$38*Inputs!$B$39*Inputs!$B$40*8760*F9
A70: Colo / facility | B70: =IF(Inputs!$B$42>0,Inputs!$B$42*$B$59,B62*Inputs!$B$38*Inputs!$B$41*12)*B9 | C70: =IF(Inputs!$B$42>0,Inputs!$B$42*$B$59,C62*Inputs!$B$38*Inputs!$B$41*12)*C9 | D70: =IF(Inputs!$B$42>0,Inputs!$B$42*$B$59,D62*Inputs!$B$38*Inputs!$B$41*12)*D9 | E70: =IF(Inputs!$B$42>0,Inputs!$B$42*$B$59,E62*Inputs!$B$38*Inputs!$B$41*12)*E9 | F70: =IF(Inputs!$B$42>0,Inputs!$B$42*$B$59,F62*Inputs!$B$38*Inputs!$B$41*12)*F9
A71: Hardware maintenance | B71: =B62*Inputs!$B$35*Inputs!$B$43*B9 | C71: =C62*Inputs!$B$35*Inputs!$B$43*C9 | D71: =D62*Inputs!$B$35*Inputs!$B$43*D9 | E71: =E62*Inputs!$B$35*Inputs!$B$43*E9 | F71: =F62*Inputs!$B$35*Inputs!$B$43*F9
A72: Software / MLOps licenses | B72: =Inputs!$B$44*B9*$B$59 | C72: =Inputs!$B$44*C9*$B$59 | D72: =Inputs!$B$44*D9*$B$59 | E72: =Inputs!$B$44*E9*$B$59 | F72: =Inputs!$B$44*F9*$B$59
A73: Engineering / MLOps staff | B73: =Inputs!$B$62*Inputs!$B$46*B9*$B$59 | C73: =Inputs!$B$62*Inputs!$B$46*C9*$B$59 | D73: =Inputs!$B$62*Inputs!$B$46*D9*$B$59 | E73: =Inputs!$B$62*Inputs!$B$46*E9*$B$59 | F73: =Inputs!$B$62*Inputs!$B$46*F9*$B$59
A74: API token cost for the rented share | B74: =B15*(1-$B$58)/1000000*B20 | C74: =C15*(1-$B$58)/1000000*C20 | D74: =D15*(1-$B$58)/1000000*D20 | E74: =E15*(1-$B$58)/1000000*E20 | F74: =F15*(1-$B$58)/1000000*F20
A75: API engineering + platform / governance | B75: =B22*$B$60 | C75: =C22*$B$60 | D75: =D22*$B$60 | E75: =E22*$B$60 | F75: =F22*$B$60
A76: One-time (API setup + owned build + hybrid premium) | B76: =IF(1=1,Inputs!$B$29*$B$60+Inputs!$B$47*$B$59+Inputs!$B$52,0) | C76: =IF(2=1,Inputs!$B$29*$B$60+Inputs!$B$47*$B$59+Inputs!$B$52,0) | D76: =IF(3=1,Inputs!$B$29*$B$60+Inputs!$B$47*$B$59+Inputs!$B$52,0) | E76: =IF(4=1,Inputs!$B$29*$B$60+Inputs!$B$47*$B$59+Inputs!$B$52,0) | F76: =IF(5=1,Inputs!$B$29*$B$60+Inputs!$B$47*$B$59+Inputs!$B$52,0)
A77: Total annual Hybrid cost (nominal) | B77: =B68+B69+B70+B71+B72+B73+B74+B75+B76 | C77: =C68+C69+C70+C71+C72+C73+C74+C75+C76 | D77: =D68+D69+D70+D71+D72+D73+D74+D75+D76 | E77: =E68+E69+E70+E71+E72+E73+E74+E75+E76 | F77: =F68+F69+F70+F71+F72+F73+F74+F75+F76
A78: Cash at start of year (CapEx - residual + one-time) | B78: =B66-B67+B76 | C78: =C66-C67+C76 | D78: =D66-D67+D76 | E78: =E66-E67+E76 | F78: =F66-F67+F76
A79: Cash at end of year (operating) | B79: =B69+B70+B71+B72+B73+B74+B75 | C79: =C69+C70+C71+C72+C73+C74+C75 | D79: =D69+D70+D71+D72+D73+D74+D75 | E79: =E69+E70+E71+E72+E73+E74+E75 | F79: =F69+F70+F71+F72+F73+F74+F75
A80: Hybrid: net book value of hardware at end of horizon (terminal value) | B80: =((1<=$B$6)*(1>$B$6-$B$7))*B65*Inputs!$B$35*MAX(0,1-(1-Inputs!$B$37)*($B$6-1+1)/$B$7)+((2<=$B$6)*(2>$B$6-$B$7))*C65*Inputs!$B$35*MAX(0,1-(1-Inputs!$B$37)*($B$6-2+1)/$B$7)+((3<=$B$6)*(3>$B$6-$B$7))*D65*Inputs!$B$35*MAX(0,1-(1-Inputs!$B$37)*($B$6-3+1)/$B$7)+((4<=$B$6)*(4>$B$6-$B$7))*E65*Inputs!$B$35*MAX(0,1-(1-Inputs!$B$37)*($B$6-4+1)/$B$7)+((5<=$B$6)*(5>$B$6-$B$7))*F65*Inputs!$B$35*MAX(0,1-(1-Inputs!$B$37)*($B$6-5+1)/$B$7)
A81: Hybrid: nominal TCO over analysis horizon | B81: =SUMPRODUCT($B$8:$F$8,$B$77:$F$77)
A82: Hybrid: 3-year nominal TCO | B82: =SUM($B$77:$D$77)
A83: Hybrid: 5-year nominal TCO | B83: =SUM($B$77:$F$77)
A84: Hybrid: present-value TCO over horizon (cash basis) | B84: =SUMPRODUCT($B$8:$F$8,$B$78:$F$78,$B$10:$F$10)+SUMPRODUCT($B$8:$F$8,$B$79:$F$79,$B$11:$F$11)-$B$80/(1+Inputs!$B$56)^$B$6
A86: UNIT ECONOMICS & UTILIZATION (YEAR 1)
A87: Year 1 tokens (millions) | B87: =B15/1000000
A88: Rent: Year 1 cost per M tokens | B88: =IF($B$87>0,B24/$B$87,0)
A89: Own: Year 1 cost per M tokens | B89: =IF($B$87>0,B48/$B$87,0)
A90: Hybrid: Year 1 cost per M tokens | B90: =IF($B$87>0,B77/$B$87,0)
A91: Annual capacity of one GPU at 100% (M tokens) | B91: =Inputs!$B$61*31536000/1000000
A92: Own: installed capacity Year 1 (M tokens/yr) | B92: =B35*$B$91
A93: Own: Year 1 recurring cost (excl. one-time) | B93: =B41+B42+B43+B44+B45+B46
A94: Own: break-even utilization vs Rent | B94: =IF($B$92*B20>0,MAX(0,($B$93-B22)/($B$92*B20)),0)
A95: Own: expected average utilization Year 1 | B95: =IF($B$92>0,$B$87/$B$92,0)
A96: Highest average utilization possible when sized for peak + N+1 | B96: =1/(Inputs!$B$22*Inputs!$B$48)
A97: Hybrid: owned capacity Year 1 (M tokens/yr) | B97: =B62*$B$91
A98: Hybrid: owned-side Year 1 recurring cost | B98: =B68+B69+B70+B71+B72+B73
A99: Hybrid: break-even utilization of owned share vs API | B99: =IF($B$97*B20>0,$B$98/($B$97*B20),0)
A100: Hybrid: expected average utilization of owned share Year 1 | B100: =IF($B$97>0,$B$87*$B$58/$B$97,0)
A101: Own: annual hardware cost per GPU, Year 1 (depreciation, power, colo, maintenance) | B101: =Inputs!$B$35*(1-Inputs!$B$37)/$B$7+Inputs!$B$38*Inputs!$B$39*Inputs!$B$40*8760+IF(Inputs!$B$42>0,0,Inputs!$B$38*Inputs!$B$41*12)+Inputs!$B$35*Inputs!$B$43
A102: Own: hardware-only break-even utilization (per-GPU cost = API price, before staff and licenses) | B102: =IF($B$91*B20>0,$B$101/($B$91*B20),0)
A103: Own: hardware cost per M tokens at highest achievable utilization | B103: =IF($B$91*$B$96>0,$B$101/($B$91*$B$96),0)
A104: Own: fixed costs not shared with Rent (licenses + staff + fixed colo - API platform/team) | B104: =Inputs!$B$44+Inputs!$B$45*Inputs!$B$46+IF(Inputs!$B$42>0,Inputs!$B$42,0)-B22
A105: Own: break-even annual volume vs Rent (tokens/yr) | B105: =IF(B20>$B$103,MAX(0,$B$104)/(B20-$B$103)*1000000,"Not reachable")
A106: Own: break-even volume as a multiple of Year 1 volume | B106: =IF(AND(ISNUMBER($B$105),B15>0),$B$105/B15,"n/a")
...

Sheet Comparison
A1: MULTI-YEAR COMPARISON
A2: =" Analysis horizon: "&Calculations!$B$6&" years. Years beyond the horizon are shown for reference. PV = present value at the discount rate (cash basis: CapEx when bought, residual and end-of-horizon book value credited)."
A3: Path | B3: Year 1 | C3: Year 2 | D3: Year 3 | E3: Year 4 | F3: Year 5 | G3: Horizon Total (nominal) | H3: 3-Year Total | I3: 5-Year Total | J3: PV TCO (horizon) | K3: NPV of Net Benefit | L3: Cost / M Tokens (Y1)
A4: Rent the Frontier | B4: =Calculations!B24 | C4: =Calculations!C24 | D4: =Calculations!D24 | E4: =Calculations!E24 | F4: =Calculations!F24 | G4: =Calculations!$B$28 | H4: =Calculations!$B$29 | I4: =Calculations!$B$30 | J4: =Calculations!$B$31 | K4: =Calculations!$B$112 | L4: =Calculations!$B$88
A5: Own the Frontier | B5: =Calculations!B48 | C5: =Calculations!C48 | D5: =Calculations!D48 | E5: =Calculations!E48 | F5: =Calculations!F48 | G5: =Calculations!$B$52 | H5: =Calculations!$B$53 | I5: =Calculations!$B$54 | J5: =Calculations!$B$55 | K5: =Calculations!$B$113 | L5: =Calculations!$B$89
A6: Hybrid | B6: =Calculations!B77 | C6: =Calculations!C77 | D6: =Calculations!D77 | E6: =Calculations!E77 | F6: =Calculations!F77 | G6: =Calculations!$B$81 | H6: =Calculations!$B$82 | I6: =Calculations!$B$83 | J6: =Calculations!$B$84 | K6: =Calculations!$B$114 | L6: =Calculations!$B$90
K7: =IF(Inputs!$B$58="Yes","","Productivity view is off (Inputs B58)")
A8: Lowest-cost path (PV TCO, horizon) | B8: =Calculations!$B$118
A9: Lowest-cost path (nominal, horizon) | B9: =Calculations!$B$119
A11: UTILIZATION (YEAR 1)
A12: Own: break-even utilization vs Rent (fully loaded, at installed capacity) | B12: =Calculations!$B$94 | C12: =IF(Calculations!$B$94>1,"Above 100%: owned hardware cannot beat the API at this volume, even running flat out.",IF(Calculations!$B$94>0.7,"Above the ~65-70% that is realistic to sustain, so ownership is hard to justify.",IF(Calculations!$B$95>=Calculations!$B$94,"Expected utilization clears break-even.","Below 65-70%, but expected utilization does not reach it yet.")))
A13: Own: expected average utilization | B13: =Calculations!$B$95
A14: Highest achievable average utilization (1 / (peak-to-average x N+1)) | B14: =Calculations!$B$96
A15: Hybrid: break-even utilization of owned share | B15: =Calculations!$B$99
A16: Hybrid: expected utilization of owned share | B16: =Calculations!$B$100
A17: Own: hardware-only break-even utilization (before staff and licenses) | B17: =Calculations!$B$102 | C17: Hardware-only view: if this is above the highest achievable utilization, owned GPUs lose to the API even before staff costs.
A18: Own: break-even annual volume vs Rent (tokens/yr) | B18: =Calculations!$B$105 | C18: Below this volume, the fixed team and license costs of owning outweigh the per-token savings.
A19: Own: break-even volume as a multiple of Year 1 volume | B19: =Calculations!$B$106
A21: CAPACITY SIZING
A22: Own: GPUs installed, Year 1 | B22: =Calculations!B35
A23: Own: GPUs installed, Year 5 | B23: =Calculations!F35
A24: Own: Year 1 CapEx | B24: =Calculations!B39
A25: Hybrid: owned share of volume | B25: =Calculations!$B$58
A26: Hybrid: GPUs installed, Year 1 | B26: =Calculations!B62
A27: Hybrid: Year 1 CapEx | B27: =Calculations!B66

Sheet Dashboard
A1: EXECUTIVE DECISION DASHBOARD
A3: RECOMMENDED PATH | B3: =Comparison!B8
A4: ="Basis: lowest present-value TCO over a "&Calculations!$B$6&"-year horizon at a "&TEXT(Inputs!$B$56,"0.0%")&" discount rate."
A5: Primary Rationale
A6: =IF(Calculations!$B$118="Own the Frontier","Ownership is the lowest present-value TCO under current assumptions. Confirm sustained utilization is realistic and residual value assumptions are conservative.",IF(Calculations!$B$118="Rent the Frontier","Rental is the lowest-cost path at current volume and assumptions. Preferred when utilization risk, rapid hardware depreciation, or heavy frontier-model dependency is a concern.","Hybrid is the lowest-cost path. Route frontier-critical work to APIs and routine or sensitive volume to owned infrastructure."))
A7: =IF(Calculations!$B$94>1,"Own break-even utilization is "&TEXT(Calculations!$B$94,"0%")&", above 100%: at this volume owned hardware cannot beat the API even running flat out. "&IF(ISNUMBER(Calculations!$B$106),"Ownership breaks even at about "&TEXT(Calculations!$B$106,"0.0")&"x your Year 1 volume.","At these prices ownership does not break even at any volume."),IF(Calculations!$B$94>0.7,"Own break-even utilization is "&TEXT(Calculations!$B$94,"0%")&", above the ~65-70% that is realistic to sustain.",IF(Calculations!$B$95>=Calculations!$B$94,IF(Calculations!$B$118="Rent the Frontier","Own break-even utilization is "&TEXT(Calculations!$B$94,"0%")&" against expected utilization of "&TEXT(Calculations!$B$95,"0%")&", so the Year 1 run rate favors owning, but one-time costs and falling API prices keep Rent ahead over the horizon.","Own break-even utilization is "&TEXT(Calculations!$B$94,"0%")&" against expected utilization of "&TEXT(Calculations!$B$95,"0%")&", so owned capacity clears break-even."),"Own break-even utilization is "&TEXT(Calculations!$B$94,"0%")&" against expected utilization of "&TEXT(Calculations!$B$95,"0%")&". Ownership needs more sustained volume or lower fixed costs.")))
A8: =IF(AND(Calculations!$B$118<>"Hybrid",Calculations!$B$84<=MIN(Calculations!$B$31,Calculations!$B$55)*1.1),"Hybrid is within 10% of the lowest-cost path, so it is worth a closer look.",IF(AND(Calculations!$B$118="Hybrid",Calculations!$B$99>0.7),"Caution: the owned share needs "&TEXT(Calculations!$B$99,"0%")&" utilization to break even, above the ~65-70% guidance.",""))
A10: KEY METRICS
A11: ="PV TCO, "&Calculations!$B$6&"-yr horizon: Rent" | B11: =Calculations!$B$31
A12: ="PV TCO, "&Calculations!$B$6&"-yr horizon: Own" | B12: =Calculations!$B$55
A13: ="PV TCO, "&Calculations!$B$6&"-yr horizon: Hybrid" | B13: =Calculations!$B$84
A14: Nominal TCO, horizon: Rent | B14: =Calculations!$B$28
A15: Nominal TCO, horizon: Own | B15: =Calculations!$B$52
A16: Nominal TCO, horizon: Hybrid | B16: =Calculations!$B$81
A17: Y1 cost per million tokens: Rent | B17: =Calculations!$B$88
A18: Y1 cost per million tokens: Own | B18: =Calculations!$B$89
A19: Y1 cost per million tokens: Hybrid | B19: =Calculations!$B$90
A20: Own: break-even utilization vs Rent (fully loaded) | B20: =Calculations!$B$94
A21: Own: expected utilization (Y1) | B21: =Calculations!$B$95
A22: Own: break-even volume (x Year 1 volume) | B22: =Calculations!$B$106
A23: Hybrid owned share: break-even utilization | B23: =Calculations!$B$99
A24: Annual productivity value (if enabled) | B24: =IF(Inputs!$B$58="Yes",Calculations!$B$110,0)
A25: Net Y1 benefit (value - Rent cost) | B25: =Calculations!$B$115
A26: NPV of net benefit, recommended path | B26: =IF(Calculations!$B$118="Rent the Frontier",Calculations!$B$112,IF(Calculations!$B$118="Own the Frontier",Calculations!$B$113,Calculations!$B$114))
A28: WORKLOAD MIX (from Inputs)
A29: Frontier-critical | B29: =Inputs!B12
A30: Routine / high-volume | B30: =Inputs!B13
A31: Sensitive / regulated | B31: =Inputs!B14
A32: Owned share used by Hybrid | B32: =Calculations!$B$58
A34: SCALE SUMMARY
A35: Individual Contributors | B35: =Inputs!B5
A36: Agent Multiplier | B36: =Inputs!B7
A37: Annual Tokens (Y1) | B37: =Calculations!B15
A38: Own: GPUs installed (Y1) | B38: =Calculations!B35
A39: Hybrid: GPUs installed (Y1) | B39: =Calculations!B62

Sheet Sensitivity
A1: SENSITIVITY ANALYSIS
A3: Key driver sensitivity: each row reruns the full model with one driver multiplied by its factor and everything else at base
A4: Factors in blue are editable (default 0.75 low, 1.25 high). Percent inputs are capped at 100%, and peak-to-average and N+1 are floored at 1.0x. Results update live from the Inputs sheet.
A6: Driver | B6: Input cell | C6: Case | D6: Factor | E6: Value used | F6: PV TCO: Rent | G6: PV TCO: Own | H6: PV TCO: Hybrid | I6: Lowest-cost path | J6: Own break-even util. | K6: NPV, lowest-cost path
A7: Base case (all inputs as entered) | C7: Base | D7: 1 | F7: =Sensitivity_Engine!DW4 | G7: =Sensitivity_Engine!HI4 | H7: =Sensitivity_Engine!LH4 | I7: =Sensitivity_Engine!MJ4 | J7: =Sensitivity_Engine!LP4 | K7: =IF(Inputs!$B$58="Yes",IF(Sensitivity_Engine!MJ4="Rent the Frontier",Sensitivity_Engine!MF4,IF(Sensitivity_Engine!MJ4="Own the Frontier",Sensitivity_Engine!MG4,Sensitivity_Engine!MH4)),"Off")
A8: Agent multiplier (productivity) | B8: B7 | C8: Low | D8: 0.75 | E8: =Sensitivity_Engine!D5 | F8: =Sensitivity_Engine!DW5 | G8: =Sensitivity_Engine!HI5 | H8: =Sensitivity_Engine!LH5 | I8: =Sensitivity_Engine!MJ5 | J8: =Sensitivity_Engine!LP5 | K8: =IF(Inputs!$B$58="Yes",IF(Sensitivity_Engine!MJ5="Rent the Frontier",Sensitivity_Engine!MF5,IF(Sensitivity_Engine!MJ5="Own the Frontier",Sensitivity_Engine!MG5,Sensitivity_Engine!MH5)),"Off")
A9: Agent multiplier (productivity) | B9: B7 | C9: High | D9: 1.25 | E9: =Sensitivity_Engine!D6 | F9: =Sensitivity_Engine!DW6 | G9: =Sensitivity_Engine!HI6 | H9: =Sensitivity_Engine!LH6 | I9: =Sensitivity_Engine!MJ6 | J9: =Sensitivity_Engine!LP6 | K9: =IF(Inputs!$B$58="Yes",IF(Sensitivity_Engine!MJ6="Rent the Frontier",Sensitivity_Engine!MF6,IF(Sensitivity_Engine!MJ6="Own the Frontier",Sensitivity_Engine!MG6,Sensitivity_Engine!MH6)),"Off")
A10: Productivity capture rate | B10: B8 | C10: Low | D10: 0.75 | E10: =Sensitivity_Engine!E7 | F10: =Sensitivity_Engine!DW7 | G10: =Sensitivity_Engine!HI7 | H10: =Sensitivity_Engine!LH7 | I10: =Sensitivity_Engine!MJ7 | J10: =Sensitivity_Engine!LP7 | K10: =IF(Inputs!$B$58="Yes",IF(Sensitivity_Engine!MJ7="Rent the Frontier",Sensitivity_Engine!MF7,IF(Sensitivity_Engine!MJ7="Own the Frontier",Sensitivity_Engine!MG7,Sensitivity_Engine!MH7)),"Off")
A11: Productivity capture rate | B11: B8 | C11: High | D11: 1.25 | E11: =Sensitivity_Engine!E8 | F11: =Sensitivity_Engine!DW8 | G11: =Sensitivity_Engine!HI8 | H11: =Sensitivity_Engine!LH8 | I11: =Sensitivity_Engine!MJ8 | J11: =Sensitivity_Engine!LP8 | K11: =IF(Inputs!$B$58="Yes",IF(Sensitivity_Engine!MJ8="Rent the Frontier",Sensitivity_Engine!MF8,IF(Sensitivity_Engine!MJ8="Own the Frontier",Sensitivity_Engine!MG8,Sensitivity_Engine!MH8)),"Off")
A12: Blended API cost per M tokens | B12: B26 | C12: Low | D12: 0.75 | E12: =Sensitivity_Engine!O9 | F12: =Sensitivity_Engine!DW9 | G12: =Sensitivity_Engine!HI9 | H12: =Sensitivity_Engine!LH9 | I12: =Sensitivity_Engine!MJ9 | J12: =Sensitivity_Engine!LP9 | K12: =IF(Inputs!$B$58="Yes",IF(Sensitivity_Engine!MJ9="Rent the Frontier",Sensitivity_Engine!MF9,IF(Sensitivity_Engine!MJ9="Own the Frontier",Sensitivity_Engine!MG9,Sensitivity_Engine!MH9)),"Off")
A13: Blended API cost per M tokens | B13: B26 | C13: High | D13: 1.25 | E13: =Sensitivity_Engine!O10 | F13: =Sensitivity_Engine!DW10 | G13: =Sensitivity_Engine!HI10 | H13: =Sensitivity_Engine!LH10 | I13: =Sensitivity_Engine!MJ10 | J13: =Sensitivity_Engine!LP10 | K13: =IF(Inputs!$B$58="Yes",IF(Sensitivity_Engine!MJ10="Rent the Frontier",Sensitivity_Engine!MF10,IF(Sensitivity_Engine!MJ10="Own the Frontier",Sensitivity_Engine!MG10,Sensitivity_Engine!MH10)),"Off")
A14: CapEx per GPU | B14: B35 | C14: Low | D14: 0.75 | E14: =Sensitivity_Engine!V11 | F14: =Sensitivity_Engine!DW11 | G14: =Sensitivity_Engine!HI11 | H14: =Sensitivity_Engine!LH11 | I14: =Sensitivity_Engine!MJ11 | J14: =Sensitivity_Engine!LP11 | K14: =IF(Inputs!$B$58="Yes",IF(Sensitivity_Engine!MJ11="Rent the Frontier",Sensitivity_Engine!MF11,IF(Sensitivity_Engine!MJ11="Own the Frontier",Sensitivity_Engine!MG11,Sensitivity_Engine!MH11)),"Off")
A15: CapEx per GPU | B15: B35 | C15: High | D15: 1.25 | E15: =Sensitivity_Engine!V12 | F15: =Sensitivity_Engine!DW12 | G15: =Sensitivity_Engine!HI12 | H15: =Sensitivity_Engine!LH12 | I15: =Sensitivity_Engine!MJ12 | J15: =Sensitivity_Engine!LP12 | K15: =IF(Inputs!$B$58="Yes",IF(Sensitivity_Engine!MJ12="Rent the Frontier",Sensitivity_Engine!MF12,IF(Sensitivity_Engine!MJ12="Own the Frontier",Sensitivity_Engine!MG12,Sensitivity_Engine!MH12)),"Off")
A16: Residual value % | B16: B37 | C16: Low | D16: 0.75 | E16: =Sensitivity_Engine!X13 | F16: =Sensitivity_Engine!DW13 | G16: =Sensitivity_Engine!HI13 | H16: =Sensitivity_Engine!LH13 | I16: =Sensitivity_Engine!MJ13 | J16: =Sensitivity_Engine!LP13 | K16: =IF(Inputs!$B$58="Yes",IF(Sensitivity_Engine!MJ13="Rent the Frontier",Sensitivity_Engine!MF13,IF(Sensitivity_Engine!MJ13="Own the Frontier",Sensitivity_Engine!MG13,Sensitivity_Engine!MH13)),"Off")
A17: Residual value % | B17: B37 | C17: High | D17: 1.25 | E17: =Sensitivity_Engine!X14 | F17: =Sensitivity_Engine!DW14 | G17: =Sensitivity_Engine!HI14 | H17: =Sensitivity_Engine!LH14 | I17: =Sensitivity_Engine!MJ14 | J17: =Sensitivity_Engine!LP14 | K17: =IF(Inputs!$B$58="Yes",IF(Sensitivity_Engine!MJ14="Rent the Frontier",Sensitivity_Engine!MF14,IF(Sensitivity_Engine!MJ14="Own the Frontier",Sensitivity_Engine!MG14,Sensitivity_Engine!MH14)),"Off")
A18: Engineering / MLOps FTEs, Own path | B18: B45 | C18: Low | D18: 0.75 | E18: =Sensitivity_Engine!AF15 | F18: =Sensitivity_Engine!DW15 | G18: =Sensitivity_Engine!HI15 | H18: =Sensitivity_Engine!LH15 | I18: =Sensitivity_Engine!MJ15 | J18: =Sensitivity_Engine!LP15 | K18: =IF(Inputs!$B$58="Yes",IF(Sensitivity_Engine!MJ15="Rent the Frontier",Sensitivity_Engine!MF15,IF(Sensitivity_Engine!MJ15="Own the Frontier",Sensitivity_Engine!MG15,Sensitivity_Engine!MH15)),"Off")
A19: Engineering / MLOps FTEs, Own path | B19: B45 | C19: High | D19: 1.25 | E19: =Sensitivity_Engine!AF16 | F19: =Sensitivity_Engine!DW16 | G19: =Sensitivity_Engine!HI16 | H19: =Sensitivity_Engine!LH16 | I19: =Sensitivity_Engine!MJ16 | J19: =Sensitivity_Engine!LP16 | K19: =IF(Inputs!$B$58="Yes",IF(Sensitivity_Engine!MJ16="Rent the Frontier",Sensitivity_Engine!MF16,IF(Sensitivity_Engine!MJ16="Own the Frontier",Sensitivity_Engine!MG16,Sensitivity_Engine!MH16)),"Off")
A20: Peak-to-average ratio | B20: B22 | C20: Low | D20: 0.75 | E20: =Sensitivity_Engine!M17 | F20: =Sensitivity_Engine!DW17 | G20: =Sensitivity_Engine!HI17 | H20: =Sensitivity_Engine!LH17 | I20: =Sensitivity_Engine!MJ17 | J20: =Sensitivity_Engine!LP17 | K20: =IF(Inputs!$B$58="Yes",IF(Sensitivity_Engine!MJ17="Rent the Frontier",Sensitivity_Engine!MF17,IF(Sensitivity_Engine!MJ17="Own the Frontier",Sensitivity_Engine!MG17,Sensitivity_Engine!MH17)),"Off")
A21: Peak-to-average ratio | B21: B22 | C21: High | D21: 1.25 | E21: =Sensitivity_Engine!M18 | F21: =Sensitivity_Engine!DW18 | G21: =Sensitivity_Engine!HI18 | H21: =Sensitivity_Engine!LH18 | I21: =Sensitivity_Engine!MJ18 | J21: =Sensitivity_Engine!LP18 | K21: =IF(Inputs!$B$58="Yes",IF(Sensitivity_Engine!MJ18="Rent the Frontier",Sensitivity_Engine!MF18,IF(Sensitivity_Engine!MJ18="Own the Frontier",Sensitivity_Engine!MG18,Sensitivity_Engine!MH18)),"Off")
A22: N+1 redundancy factor | B22: B48 | C22: Low | D22: 0.75 | E22: =Sensitivity_Engine!AI19 | F22: =Sensitivity_Engine!DW19 | G22: =Sensitivity_Engine!HI19 | H22: =Sensitivity_Engine!LH19 | I22: =Sensitivity_Engine!MJ19 | J22: =Sensitivity_Engine!LP19 | K22: =IF(Inputs!$B$58="Yes",IF(Sensitivity_Engine!MJ19="Rent the Frontier",Sensitivity_Engine!MF19,IF(Sensitivity_Engine!MJ19="Own the Frontier",Sensitivity_Engine!MG19,Sensitivity_Engine!MH19)),"Off")
A23: N+1 redundancy factor | B23: B48 | C23: High | D23: 1.25 | E23: =Sensitivity_Engine!AI20 | F23: =Sensitivity_Engine!DW20 | G23: =Sensitivity_Engine!HI20 | H23: =Sensitivity_Engine!LH20 | I23: =Sensitivity_Engine!MJ20 | J23: =Sensitivity_Engine!LP20 | K23: =IF(Inputs!$B$58="Yes",IF(Sensitivity_Engine!MJ20="Rent the Frontier",Sensitivity_Engine!MF20,IF(Sensitivity_Engine!MJ20="Own the Frontier",Sensitivity_Engine!MG20,Sensitivity_Engine!MH20)),"Off")
A24: Hybrid owned share | B24: B53 | C24: Low | D24: 0.75 | E24: =Sensitivity_Engine!HJ21 | F24: =Sensitivity_Engine!DW21 | G24: =Sensitivity_Engine!HI21 | H24: =Sensitivity_Engine!LH21 | I24: =Sensitivity_Engine!MJ21 | J24: =Sensitivity_Engine!LP21 | K24: =IF(Inputs!$B$58="Yes",IF(Sensitivity_Engine!MJ21="Rent the Frontier",Sensitivity_Engine!MF21,IF(Sensitivity_Engine!MJ21="Own the Frontier",Sensitivity_Engine!MG21,Sensitivity_Engine!MH21)),"Off")
A25: Hybrid owned share | B25: B53 | C25: High | D25: 1.25 | E25: =Sensitivity_Engine!HJ22 | F25: =Sensitivity_Engine!DW22 | G25: =Sensitivity_Engine!HI22 | H25: =Sensitivity_Engine!LH22 | I25: =Sensitivity_Engine!MJ22 | J25: =Sensitivity_Engine!LP22 | K25: =IF(Inputs!$B$58="Yes",IF(Sensitivity_Engine!MJ22="Rent the Frontier",Sensitivity_Engine!MF22,IF(Sensitivity_Engine!MJ22="Own the Frontier",Sensitivity_Engine!MG22,Sensitivity_Engine!MH22)),"Off")
A26: Throughput per GPU | B26: B61 | C26: Low | D26: 0.75 | E26: =Sensitivity_Engine!AP23 | F26: =Sensitivity_Engine!DW23 | G26: =Sensitivity_Engine!HI23 | H26: =Sensitivity_Engine!LH23 | I26: =Sensitivity_Engine!MJ23 | J26: =Sensitivity_Engine!LP23 | K26: =IF(Inputs!$B$58="Yes",IF(Sensitivity_Engine!MJ23="Rent the Frontier",Sensitivity_Engine!MF23,IF(Sensitivity_Engine!MJ23="Own the Frontier",Sensitivity_Engine!MG23,Sensitivity_Engine!MH23)),"Off")
A27: Throughput per GPU | B27: B61 | C27: High | D27: 1.25 | E27: =Sensitivity_Engine!AP24 | F27: =Sensitivity_Engine!DW24 | G27: =Sensitivity_Engine!HI24 | H27: =Sensitivity_Engine!LH24 | I27: =Sensitivity_Engine!MJ24 | J27: =Sensitivity_Engine!LP24 | K27: =IF(Inputs!$B$58="Yes",IF(Sensitivity_Engine!MJ24="Rent the Frontier",Sensitivity_Engine!MF24,IF(Sensitivity_Engine!MJ24="Own the Frontier",Sensitivity_Engine!MG24,Sensitivity_Engine!MH24)),"Off")
A28: Annual usage growth | B28: B23 | C28: Low | D28: 0.75 | E28: =Sensitivity_Engine!N25 | F28: =Sensitivity_Engine!DW25 | G28: =Sensitivity_Engine!HI25 | H28: =Sensitivity_Engine!LH25 | I28: =Sensitivity_Engine!MJ25 | J28: =Sensitivity_Engine!LP25 | K28: =IF(Inputs!$B$58="Yes",IF(Sensitivity_Engine!MJ25="Rent the Frontier",Sensitivity_Engine!MF25,IF(Sensitivity_Engine!MJ25="Own the Frontier",Sensitivity_Engine!MG25,Sensitivity_Engine!MH25)),"Off")
A29: Annual usage growth | B29: B23 | C29: High | D29: 1.25 | E29: =Sensitivity_Engine!N26 | F29: =Sensitivity_Engine!DW26 | G29: =Sensitivity_Engine!HI26 | H29: =Sensitivity_Engine!LH26 | I29: =Sensitivity_Engine!MJ26 | J29: =Sensitivity_Engine!LP26 | K29: =IF(Inputs!$B$58="Yes",IF(Sensitivity_Engine!MJ26="Rent the Frontier",Sensitivity_Engine!MF26,IF(Sensitivity_Engine!MJ26="Own the Frontier",Sensitivity_Engine!MG26,Sensitivity_Engine!MH26)),"Off")
A30: Discount rate | B30: B56 | C30: Low | D30: 0.75 | E30: =Sensitivity_Engine!AM27 | F30: =Sensitivity_Engine!DW27 | G30: =Sensitivity_Engine!HI27 | H30: =Sensitivity_Engine!LH27 | I30: =Sensitivity_Engine!MJ27 | J30: =Sensitivity_Engine!LP27 | K30: =IF(Inputs!$B$58="Yes",IF(Sensitivity_Engine!MJ27="Rent the Frontier",Sensitivity_Engine!MF27,IF(Sensitivity_Engine!MJ27="Own the Frontier",Sensitivity_Engine!MG27,Sensitivity_Engine!MH27)),"Off")
A31: Discount rate | B31: B56 | C31: High | D31: 1.25 | E31: =Sensitivity_Engine!AM28 | F31: =Sensitivity_Engine!DW28 | G31: =Sensitivity_Engine!HI28 | H31: =Sensitivity_Engine!LH28 | I31: =Sensitivity_Engine!MJ28 | J31: =Sensitivity_Engine!LP28 | K31: =IF(Inputs!$B$58="Yes",IF(Sensitivity_Engine!MJ28="Rent the Frontier",Sensitivity_Engine!MF28,IF(Sensitivity_Engine!MJ28="Own the Frontier",Sensitivity_Engine!MG28,Sensitivity_Engine!MH28)),"Off")
A33: Swing in present-value TCO (High case minus Low case)
A34: Driver | F34: Rent swing | G34: Own swing | H34: Hybrid swing | I34: Path changes?
A35: =A8 | F35: =F9-F8 | G35: =G9-G8 | H35: =H9-H8 | I35: =IF(OR(I8<>I$7,I9<>I$7),"Yes","No")
A36: =A10 | F36: =F11-F10 | G36: =G11-G10 | H36: =H11-H10 | I36: =IF(OR(I10<>I$7,I11<>I$7),"Yes","No")
A37: =A12 | F37: =F13-F12 | G37: =G13-G12 | H37: =H13-H12 | I37: =IF(OR(I12<>I$7,I13<>I$7),"Yes","No")
A38: =A14 | F38: =F15-F14 | G38: =G15-G14 | H38: =H15-H14 | I38: =IF(OR(I14<>I$7,I15<>I$7),"Yes","No")
A39: =A16 | F39: =F17-F16 | G39: =G17-G16 | H39: =H17-H16 | I39: =IF(OR(I16<>I$7,I17<>I$7),"Yes","No")
A40: =A18 | F40: =F19-F18 | G40: =G19-G18 | H40: =H19-H18 | I40: =IF(OR(I18<>I$7,I19<>I$7),"Yes","No")
A41: =A20 | F41: =F21-F20 | G41: =G21-G20 | H41: =H21-H20 | I41: =IF(OR(I20<>I$7,I21<>I$7),"Yes","No")
A42: =A22 | F42: =F23-F22 | G42: =G23-G22 | H42: =H23-H22 | I42: =IF(OR(I22<>I$7,I23<>I$7),"Yes","No")
A43: =A24 | F43: =F25-F24 | G43: =G25-G24 | H43: =H25-H24 | I43: =IF(OR(I24<>I$7,I25<>I$7),"Yes","No")
A44: =A26 | F44: =F27-F26 | G44: =G27-G26 | H44: =H27-H26 | I44: =IF(OR(I26<>I$7,I27<>I$7),"Yes","No")
A45: =A28 | F45: =F29-F28 | G45: =G29-G28 | H45: =H29-H28 | I45: =IF(OR(I28<>I$7,I29<>I$7),"Yes","No")
A46: =A30 | F46: =F31-F30 | G46: =G31-G30 | H46: =H31-H30 | I46: =IF(OR(I30<>I$7,I31<>I$7),"Yes","No")
A48: Guidance
A49: Ownership typically becomes attractive when sustained utilization can stay above break-even and below the ~65-70% that is realistic in practice, residual value is not near zero, the engineering team is efficient, and a material portion of volume is routine or data-sensitive. Rental wins at lower or highly variable volume, with rapid API price declines, or when frontier capability is required for a large share of work. Hybrid is often the practical optimum for most enterprises. Peak-to-average and N+1 cap utilization: owned capacity sized for peak can never average more than 1 / (peak-to-average x N+1).

Sheet Notes_Sources
A1: NOTES, SOURCES & LIMITATIONS
A3: Model Philosophy
A4: This model focuses on fully-loaded TCO rather than sticker price or token burn alone. Industry analyses consistently show that hardware CapEx is only 25-40% of owned AI infrastructure TCO; power, facilities, staffing, and maintenance dominate. Utilization and residual value are the two largest swing factors.
A6: Depreciation & Residual
A7: AI GPU residual values are highly uncertain and generation-dependent. Some 2026 data shows slower depreciation than expected due to strong rental demand; other analyses use aggressive 3-year write-downs. Users should stress-test residual % aggressively.
A9: Staffing
A10: MLOps, platform engineering, and model operations staff are frequently the largest hidden cost of ownership. The model treats this as a fully-loaded FTE cost.
A12: Productivity Value
A13: Agent multipliers and capture rates are estimates. Realized gains depend on process redesign, supervision overhead, and quality of orchestration. The optional value view is illustrative, not a guaranteed ROI.
A15: Hybrid Logic
A16: Hybrid builds an owned cluster sized for the owned share of volume and sends the rest to the API. By default the owned share is the routine plus sensitive share of the workload mix (frontier-critical work goes to APIs); a manual override is available on Inputs. Hybrid carries both sets of fixed costs (API platform and the owned-side team and licenses) plus a one-time integration premium.
A18: Utilization Threshold & Capacity Sizing
... A28: 1) Populate with your actual or piloted token volumes and quotes. 2) Run sensitivity on residual value and utilization. 3) Align hybrid split with data classification and workload criticality. 4) Stress-test engineering headcount. 5) Re-run annually as pricing and hardware generations evolve.

Sheet Sensitivity_Engine
A1: SENSITIVITY ENGINE (all formulas, do not edit). One row per scenario on the Sensitivity sheet.
A3: Scenario | B3: p:ics | C3: p:iccost | D3: p:mult | E3: p:cap | F3: p:fr | G3: p:rt | H3: p:se | I3: p:method | J3: p:direct | K3: p:tph | L3: p:hrs | M3: p:p2a | N3: p:g | O3: p:api | P3: p:decline | Q3: p:cache | R3: p:rsetup | S3: p:platform | T3: p:rfte | U3: p:rftecost | V3: p:capex_per_gpu | W3: p:life | X3: p:res | Y3: p:kw | Z3: p:pue | AA3: p:kwh | AB3: p:colo | AC3: p:colofix | AD3: p:maint | AE3: p:lic | AF3: p:ofte | AG3: p:oftecost | AH3: p:obuild | AI3: p:n1 | AJ3: p:override | AK3: p:hprem | AL3: p:hor | AM3: p:r | AN3: p:infl | AO3: p:prod | AP3: p:thr | AQ3: p:hfte | AR3: p:sfac | AS3: yr1 | AT3: yr2 | AU3: yr3 | AV3: yr4 | AW3: yr5 | AX3: H | AY3: L | AZ3: inH1 | BA3: inH2 | BB3: inH3 | BC3: inH4 | BD3: inH5 | BE3: inf1 | BF3: inf2 | BG3: inf3 | BH3: inf4 | BI3: inf5 | BJ3: dfs1 | BK3: dfs2 | BL3: dfs3 | BM3: dfs4 | BN3: dfs5 | BO3: dfe1 | BP3: dfe2 | BQ3: dfe3 | BR3: dfe4 | BS3: dfe5 | BT3: m | BU3: T1 | BV3: T2 | BW3: T3 | BX3: T4 | BY3: T5 | BZ3: peak1 | CA3: peak2 | CB3: peak3 | CC3: peak4 | CD3: peak5 | CE3: reqtps1 | CF3: reqtps2 | CG3: reqtps3 | CH3: reqtps4 | CI3: reqtps5 | CJ3: price1 | CK3: price2 | CL3: price3 | CM3: price4 | CN3: price5 | CO3: rtok1 | CP3: rtok2 | CQ3: rtok3 | CR3: rtok4 | CS3: rtok5 | CT3: rfix1 | CU3: rfix2 | CV3: rfix3 | CW3: rfix4 | CX3: rfix5 | CY3: rone1 | CZ3: rone2 | DA3: rone3 | DB3: rone4 | DC3: rone5 | DD3: rtot1 | DE3: rtot2 | DF3: rtot3 | DG3: rtot4 | DH3: rtot5 | DI3: rcs1 | DJ3: rcs2 | DK3: rcs3 | DL3: rcs4 | DM3: rcs5 | DN3: rce1 | DO3: rce2 | DP3: rce3 | DQ3: rce4 | DR3: rce5 | DS3: rtv | DT3: rnom | DU3: rt3 | DV3: rt5 | DW3: rpv | DX3: oreq1 | DY3: oreq2 | DZ3: oreq3 | EA3: oreq4 | EB3: oreq5 | EC3: oinst1 | ED3: oinst2 | EE3: oinst3 | EF3: oinst4 | EG3: oinst5 | EH3: onew1 | EI3: onew2 | EJ3: onew3 | EK3: onew4 | EL3: onew5 | EM3: orepl1 | EN3: orepl2 | EO3: orepl3 | EP3: orepl4 | EQ3: orepl5 | ER3: obuy1 | ES3: obuy2 | ET3: obuy3 | EU3: obuy4 | EV3: obuy5 | EW3: ocapex1 | EX3: ocapex2 | EY3: ocapex3 | EZ3: ocapex4 | FA3: ocapex5 | FB3: oresid1 | FC3: oresid2 | FD3: oresid3 | FE3: oresid4 | FF3: oresid5 | FG3: odepr1 | FH3: odepr2 | FI3: odepr3 | FJ3: odepr4 | FK3: odepr5 | FL3: opower1 | FM3: opower2 | FN3: opower3 | FO3: opower4 | FP3: opower5 | FQ3: ocolo1 | FR3: ocolo2 | FS3: ocolo3 | FT3: ocolo4 | FU3: ocolo5 | FV3: omaint1 | FW3: omaint2 | FX3: omaint3 | FY3: omaint4 | FZ3: omaint5 | GA3: osoft1 | GB3: osoft2 | GC3: osoft3 | GD3: osoft4 | GE3: osoft5 | GF3: ostaff1 | GG3: ostaff2 | GH3: ostaff3 | GI3: ostaff4 | GJ3: ostaff5 | GK3: oone1 | GL3: oone2 | GM3: oone3 | GN3: oone4 | GO3: oone5 | GP3: otot1 | GQ3: otot2 | GR3: otot3 | GS3: otot4 | GT3: otot5 | GU3: ocs1 | GV3: ocs2 | GW3: ocs3 | GX3: ocs4 | GY3: ocs5 | GZ3: oce1 | HA3: oce2 | HB3: oce3 | HC3: oce4 | HD3: oce5 | HE3: otv | HF3: onom | HG3: ot3 | HH3: ot5 | HI3: opv | HJ3: s | HK3: hon | HL3: hron | HM3: hreq1 | HN3: hreq2 | HO3: hreq3 | HP3: hreq4 | HQ3: hreq5 | HR3: hinst1 | HS3: hinst2 | HT3: hinst3 | HU3: hinst4 | HV3: hinst5 | HW3: hnew1 | HX3: hnew2 | HY3: hnew3 | HZ3: hnew4 | IA3: hnew5 | IB3: hrepl1 | IC3: hrepl2 | ID3: hrepl3 | IE3: hrepl4 | IF3: hrepl5 | IG3: hbuy1 | IH3: hbuy2 | II3: hbuy3 | IJ3: hbuy4 | IK3: hbuy5 | IL3: hcapex1 | IM3: hcapex2 | IN3: hcapex3 | IO3: hcapex4 | IP3: hcapex5 | IQ3: hresid1 | IR3: hresid2 | IS3: hresid3 | IT3: hresid4 | IU3: hresid5 | IV3: hdepr1 | IW3: hdepr2 | IX3: hdepr3 | IY3: hdepr4 | IZ3: hdepr5 | JA3: hpower1 | JB3: hpower2 | JC3: hpower3 | JD3: hpower4 | JE3: hpower5 | JF3: hcolo1 | JG3: hcolo2 | JH3: hcolo3 | JI3: hcolo4 | JJ3: hcolo5 | JK3: hmaint1 | JL3: hmaint2 | JM3: hmaint3 | JN3: hmaint4 | JO3: hmaint5 | JP3: hsoft1 | JQ3: hsoft2 | JR3: hsoft3 | JS3: hsoft4 | JT3: hsoft5 | JU3: hstaff1 | JV3: hstaff2 | JW3: hstaff3 | JX3: hstaff4 | JY3: hstaff5 | JZ3: hrtok1 | KA3: hrtok2 | KB3: hrtok3 | KC3: hrtok4 | KD3: hrtok5 | KE3: hrfix1 | KF3: hrfix2 | KG3: hrfix3 | KH3: hrfix4 | KI3: hrfix5 | KJ3: hone1 | KK3: hone2 | KL3: hone3 | KM3: hone4 | KN3: hone5 | KO3: htot1 | KP3: htot2 | KQ3: htot3 | KR3: htot4 | KS3: htot5 | KT3: hcs1 | KU3: hcs2 | KV3: hcs3 | KW3: hcs4 | KX3: hcs5 | KY3: hce1 | KZ3: hce2 | LA3: hce3 | LB3: hce4 | LC3: hce5 | LD3: htv | LE3: hnom | LF3: ht3 | LG3: ht5 | LH3: hpv | LI3: T1M | LJ3: rcpm | LK3: ocpm | LL3: hcpm | LM3: ncap | LN3: ocapM | LO3: orec | LP3: obe | LQ3: oexp | LR3: umax | LS3: hcapM | LT3: hrec | LU3: hbe | LV3: hexp | LW3: gpuann | LX3: hwbe | LY3: varpm | LZ3: fixnet | MA3: bevol | MB3: bevolx | MC3: fte | MD3: val | ME3: pvval | MF3: rnpv | MG3: onpv | MH3: hnpv | MI3: net1 | MJ3: best | MK3: bestnom
A4: =Sensitivity!A7&" ("&Sensitivity!C7&")" | B4: =Inputs!$B$5 | C4: =Inputs!$B$6 | D4: =Inputs!$B$7 | E4: =Inputs!$B$8 | F4: =Inputs!$B$12 | G4: =Inputs!$B$13 | H4: =Inputs!$B$14 | I4: =Inputs!$B$18 | J4: =Inputs!$B$19 | K4: =Inputs!$B$20 | L4: =Inputs!$B$21 | M4: =Inputs!$B$22 | N4: =Inputs!$B$23 | O4: =Inputs!$B$26 | P4: =Inputs!$B$27 | Q4: =Inputs!$B$28 | R4: =Inputs!$B$29 | S4: =Inputs!$B$30 | T4: =Inputs!$B$31 | U4: =Inputs!$B$32 | V4: =Inputs!$B$35 | W4: =Inputs!$B$36 | X4: =Inputs!$B$37 | Y4: =Inputs!$B$38 | Z4: =Inputs!$B$39 | AA4: =Inputs!$B$40 | AB4: =Inputs!$B$41 | AC4: =Inputs!$B$42 | AD4: =Inputs!$B$43 | AE4: =Inputs!$B$44 | AF4: =Inputs!$B$45 | AG4: =Inputs!$B$46 | AH4: =Inputs!$B$47 | AI4: =Inputs!$B$48 | AJ4: =IF(ISNUMBER(Inputs!$B$51),Inputs!$B$51,"") | AK4: =Inputs!$B$52 | AL4: =Inputs!$B$55 | AM4: =Inputs!$B$56 | AN4: =Inputs!$B$57 | AO4: =Inputs!$B$58 | AP4: =Inputs!$B$61 | AQ4: =Inputs!$B$62 | AR4: =1 | AS4: 1 | AT4: 2 | AU4: 3 | AV4: 4 | AW4: 5 | AX4: =MIN(5,MAX(1,ROUND($AL4,0))) | AY4: =MAX(1,ROUND($W4,0)) | AZ4: =IF(1<=$AX4,1,0) | BA4: =IF(2<=$AX4,1,0) | BB4: =IF(3<=$AX4,1,0) | BC4: =IF(4<=$AX4,1,0) | BD4: =IF(5<=$AX4,1,0) | BE4: =(1+$AN4)^(1-1) | BF4: =(1+$AN4)^(2-1) | BG4: =(1+$AN4)^(3-1) | BH4: =(1+$AN4)^(4-1) | BI4: =(1+$AN4)^(5-1) | BJ4: =1/(1+$AM4)^(1-1) | BK4: =1/(1+$AM4)^(2-1) | BL4: =1/(1+$AM4)^(3-1) | BM4: =1/(1+$AM4)^(4-1) | BN4: =1/(1+$AM4)^(5-1) | BO4: =1/(1+$AM4)^1 | BP4: =1/(1+$AM4)^2 | BQ4: =1/(1+$AM4)^3 | BR4: =1/(1+$AM4)^4 | BS4: =1/(1+$AM4)^5 | BT4: =IF(AND($I4="Direct monthly estimate",$J4>0),$J4,$D4*$K4*$L4) | BU4: =$BT4*$B4*12*(1+$N4)^(1-1) | BV4: =$BT4*$B4*12*(1+$N4)^(2-1) | BW4: =$BT4*$B4*12*(1+$N4)^(3-1) | BX4: =$BT4*$B4*12*(1+$N4)^(4-1) | BY4: =$BT4*$B4*12*(1+$N4)^(5-1) | BZ4: =$BU4/31536000*$M4 | CA4: =$BV4/31536000*$M4 | CB4: =$BW4/31536000*$M4 | CC4: =$BX4/31536000*$M4 | CD4: =$BY4/31536000*$M4 | CE4: =$BZ4*$AI4 | CF4: =$CA4*$AI4 | CG4: =$CB4*$AI4 | CH4: =$CC4*$AI4 | CI4: =$CD4*$AI4 | CJ4: =$O4*(1-$Q4)*(1-$P4)^(1-1) | CK4: =$O4*(1-$Q4)*(1-$P4)^(2-1) | CL4: =$O4*(1-$Q4)*(1-$P4)^(3-1) | CM4: =$O4*(1-$Q4)*(1-$P4)^(4-1) | CN4: =$O4*(1-$Q4)*(1-$P4)^(5-1) | CO4: =$BU4/1000000*$CJ4 | CP4: =$BV4/1000000*$CK4 | CQ4: =$BW4/1000000*$CL4 | CR4: =$BX4/1000000*$CM4 | CS4: =$BY4/1000000*$CN4 | CT4: =($T4*$U4+$S4)*$BE4 | CU4: =($T4*$U4+$S4)*$BF4 | CV4: =($T4*$U4+$S4)*$BG4 | CW4: =($T4*$U4+$S4)*$BH4 | CX4: =($T4*$U4+$S4)*$BI4 | CY4: =IF(1=1,$R4,0) | CZ4: =IF(2=1,$R4,0) | DA4: =IF(3=1,$R4,0) | DB4: =IF(4=1,$R4,0) | DC4: =IF(5=1,$R4,0) | DD4: =$CO4+$CT4+$CY4 | DE4: =$CP4+$CU4+$CZ4 | DF4: =$CQ4+$CV4+$DA4 | DG4: =$CR4+$CW4+$DB4 | DH4: =$CS4+$CX4+$DC4 | DI4: =$CY4 | DJ4: =$CZ4 | DK4: =$DA4 | DL4: =$DB4 | DM4: =$DC4 | DN4: =$CO4+$CT4 | DO4: =$CP4+$CU4 | DP4: =$CQ4+$CV4 | DQ4: =$CR4+$CW4 | DR4: =$CS4+$CX4 | DS4: =0 | DT4: =SUMPRODUCT($AZ4:$BD4,$DD4:$DH4) | DU4: =SUM($DD4:$DF4) | DV4: =SUM($DD4:$DH4) | DW4: =SUMPRODUCT($AZ4:$BD4,$DI4:$DM4,$BJ4:$BN4)+SUMPRODUCT($AZ4:$BD4,$DN4:$DR4,$BO4:$BS4)-$DS4/(1+$AM4)^$AX4 | DX4: =IF($CE4>0,ROUNDUP($CE4/$AP4,0),0) | DY4: =IF($CF4>0,ROUNDUP($CF4/$AP4,0),0) | DZ4: =IF($CG4>0,ROUNDUP($CG4/$AP4,0),0) | EA4: =IF($CH4>0,ROUNDUP($CH4/$AP4,0),0) | EB4: =IF($CI4>0,ROUNDUP($CI4/$AP4,0),0) | EC4: =MAX($DX4,0) | ED4: =MAX($DY4,$EC4) | EE4: =MAX($DZ4,$ED4) | EF4: =MAX($EA4,$EE4) | EG4: =MAX($EB4,$EF4) | EH4: =$EC4-0 | EI4: =$ED4-$EC4 | EJ4: =$EE4-$ED4 | EK4: =$EF4-$EE4 | EL4: =$EG4-$EF4 | EM4: =0 | EN4: =(1+$AY4=2)*$ER4 | EO4: =(1+$AY4=3)*$ER4+(2+$AY4=3)*$ES4 | EP4: =(1+$AY4=4)*$ER4+(2+$AY4=4)*$ES4+(3+$AY4=4)*$ET4 | EQ4: =(1+$AY4=5)*$ER4+(2+$AY4=5)*$ES4+(3+$AY4=5)*$ET4+(4+$AY4=5)*$EU4 | ER4: =$EH4+$EM4 | ES4: =$EI4+$EN4 | ET4: =$EJ4+$EO4 | EU4: =$EK4+$EP4 | EV4: =$EL4+$EQ4 | EW4: =$ER4*$V4 | EX4: =$ES4*$V4 | EY4: =$ET4*$V4 | EZ4: =$EU4*$V4 | FA4: =$EV4*$V4 | FB4: =$EM4*$V4*$X4 | FC4: =$EN4*$V4*$X4 | FD4: =$EO4*$V4*$X4 | FE4: =$EP4*$V4*$X4 | FF4: =$EQ4*$V4*$X4 | FG4: =$EC4*$V4*(1-$X4)/$AY4 | FH4: =$ED4*$V4*(1-$X4)/$AY4 | FI4: =$EE4*$V4*(1-$X4)/$AY4 | FJ4: =$EF4*$V4*(1-$X4)/$AY4 | FK4: =$EG4*$V4*(1-$X4)/$AY4 | FL4: =$EC4*$Y4*$Z4*$AA4*8760*$BE4 | FM4: =$ED4*$Y4*$Z4*$AA4*8760*$BF4 | FN4: =$EE4*$Y4*$Z4*$AA4*8760*$BG4 | FO4: =$EF4*$Y4*$Z4*$AA4*8760*$BH4 | FP4: =$EG4*$Y4*$Z4*$AA4*8760*$BI4 | FQ4: =IF($AC4>0,$AC4,$EC4*$Y4*$AB4*12)*$BE4 | FR4: =IF($AC4>0,$AC4,$ED4*$Y4*$AB4*12)*$BF4 | FS4: =IF($AC4>0,$AC4,$EE4*$Y4*$AB4*12)*$BG4 | FT4: =IF($AC4>0,$AC4,$EF4*$Y4*$AB4*12)*$BH4 | FU4: =IF($AC4>0,$AC4,$EG4*$Y4*$AB4*12)*$BI4 | FV4: =$EC4*$V4*$AD4*$BE4 | FW4: =$ED4*$V4*$AD4*$BF4 | FX4: =$EE4*$V4*$AD4*$BG4 | FY4: =$EF4*$V4*$AD4*$BH4 | FZ4: =$EG4*$V4*$AD4*$BI4 | GA4: =$AE4*$BE4 | GB4: =$AE4*$BF4 | GC4: =$AE4*$BG4 | GD4: =$AE4*$BH4 | GE4: =$AE4*$BI4 | GF4: =$AF4*$AG4*$BE4 | GG4: =$AF4*$AG4*$BF4 | GH4: =$AF4*$AG4*$BG4 | GI4: =$AF4*$AG4*$BH4 | GJ4: =$AF4*$AG4*$BI4 | GK4: =IF(1=1,$AH4,0) | GL4: =IF(2=1,$AH4,0) | GM4: =IF(3=1,$AH4,0) | GN4: =IF(4=1,$AH4,0) | GO4: =IF(5=1,$AH4,0) | GP4: =$FG4+$FL4+$FQ4+$FV4+$GA4+$GF4+$GK4 | GQ4: =$FH4+$FM4+$FR4+$FW4+$GB4+$GG4+$GL4 | GR4: =$FI4+$FN4+$FS4+$FX4+$GC4+$GH4+$GM4 | GS4: =$FJ4+$FO4+$FT4+$FY4+$GD4+$GI4+$GN4 | GT4: =$FK4+$FP4+$FU4+$FZ4+$GE4+$GJ4+$GO4 | GU4: =$EW4-$FB4+$GK4 | GV4: =$EX4-$FC4+$GL4 | GW4: =$EY4-$FD4+$GM4 | GX4: =$EZ4-$FE4+$GN4 | GY4: =$FA4-$FF4+$GO4 | GZ4: =$FL4+$FQ4+$FV4+$GA4+$GF4 | HA4: =$FM4+$FR4+$FW4+$GB4+$GG4 | HB4: =$FN4+$FS4+$FX4+$GC4+$GH4 | HC4: =$FO4+$FT4+$FY4+$GD4+$GI4 | HD4: =$FP4+$FU4+$FZ4+$GE4+$GJ4 | HE4: =((1<=$AX4)*(1>$AX4-$AY4))*$ER4*$V4*MAX(0,1-(1-$X4)*($AX4-1+1)/$AY4)+((2<=$AX4)*(2>$AX4-$AY4))*$ES4*$V4*MAX(0,1-(1-$X4)*($AX4-2+1)/$AY4)+((3<=$AX4)*(3>$AX4-$AY4))*$ET4*$V4*MAX(0,1-(1-$X4)*($AX4-3+1)/$AY4)+((4<=$AX4)*(4>$AX4-$AY4))*$EU4*$V4*MAX(0,1-(1-$X4)*($AX4-4+1)/$AY4)+((5<=$AX4)*(5>$AX4-$AY4))*$EV4*$V4*MAX(0,1-(1-$X4)*($AX4-5+1)/$AY4) | HF4: =SUMPRODUCT($AZ4:$BD4,$GP4:$GT4) | HG4: =SUM($GP4:$GR4) | HH4: =SUM($GP4:$GT4) | HI4: =SUMPRODUCT($AZ4:$BD4,$GU4:$GY4,$BJ4:$BN4)+SUMPRODUCT($AZ4:$BD4,$GZ4:$HD4,$BO4:$BS4)-$HE4/(1+$AM4)^$AX4 | HJ4: =MIN(1,MAX(0,IF(ISNUMBER($AJ4),$AJ4,IF($F4+$G4+$H4>0,($G4+$H4)/($F4+$G4+$H4),0))*$AR4)) | HK4: =IF($HJ4>0,1,0) | HL4: =IF($HJ4<1,1,0) | HM4: =IF($CE4*$HJ4>0,ROUNDUP($CE4*$HJ4/$AP4,0),0) | HN4: =IF($CF4*$HJ4>0,ROUNDUP($CF4*$HJ4/$AP4,0),0) | HO4: =IF($CG4*$HJ4>0,ROUNDUP($CG4*$HJ4/$AP4,0),0) | HP4: =IF($CH4*$HJ4>0,ROUNDUP($CH4*$HJ4/$AP4,0),0) | HQ4: =IF($CI4*$HJ4>0,ROUNDUP($CI4*$HJ4/$AP4,0),0) | HR4: =MAX($HM4,0) | HS4: =MAX($HN4,$HR4) | HT4: =MAX($HO4,$HS4) | HU4: =MAX($HP4,$HT4) | HV4: =MAX($HQ4,$HU4) | HW4: =$HR4-0 | HX4: =$HS4-$HR4 | HY4: =$HT4-$HS4 | HZ4: =$HU4-$HT4 | IA4: =$HV4-$HU4 | IB4: =0 | IC4: =(1+$AY4=2)*$IG4 | ID4: =(1+$AY4=3)*$IG4+(2+$AY4=3)*$IH4 | IE4: =(1+$AY4=4)*$IG4+(2+$AY4=4)*$IH4+(3+$AY4=4)*$II4 | IF4: =(1+$AY4=5)*$IG4+(2+$AY4=5)*$IH4+(3+$AY4=5)*$II4+(4+$AY4=5)*$IJ4 | IG4: =$HW4+$IB4 | IH4: =$HX4+$IC4 | II4: =$HY4+$ID4 | IJ4: =$HZ4+$IE4 | IK4: =$IA4+$IF4 | IL4: =$IG4*$V4 | IM4: =$IH4*$V4 | IN4: =$II4*$V4 | IO4: =$IJ4*$V4 | IP4: =$IK4*$V4 | IQ4: =$IB4*$V4*$X4 | IR4: =$IC4*$V4*$X4 | IS4: =$ID4*$V4*$X4 | IT4: =$IE4*$V4*$X4 | IU4: =$IF4*$V4*$X4 | IV4: =$HR4*$V4*(1-$X4)/$AY4 | IW4: =$HS4*$V4*(1-$X4)/$AY4 | IX4: =$HT4*$V4*(1-$X4)/$AY4 | IY4: =$HU4*$V4*(1-$X4)/$AY4 | IZ4: =$HV4*$V4*(1-$X4)/$AY4 | JA4: =$HR4*$Y4*$Z4*$AA4*8760*$BE4 | JB4: =$HS4*$Y4*$Z4*$AA4*8760*$BF4 | JC4: =$HT4*$Y4*$Z4*$AA4*8760*$BG4 | JD4: =$HU4*$Y4*$Z4*$AA4*8760*$BH4 | JE4: =$HV4*$Y4*$Z4*$AA4*8760*$BI4 | JF4: =IF($AC4>0,$AC4*$HK4,$HR4*$Y4*$AB4*12)*$BE4 | JG4: =IF($AC4>0,$AC4*$HK4,$HS4*$Y4*$AB4*12)*$BF4 | JH4: =IF($AC4>0,$AC4*$HK4,$HT4*$Y4*$AB4*12)*$BG4 | JI4: =IF($AC4>0,$AC4*$HK4,$HU4*$Y4*$AB4*12)*$BH4 | JJ4: =IF($AC4>0,$AC4*$HK4,$HV4*$Y4*$AB4*12)*$BI4 | JK4: =$HR4*$V4*$AD4*$BE4 | JL4: =$HS4*$V4*$AD4*$BF4 | JM4: =$HT4*$V4*$AD4*$BG4 | JN4: =$HU4*$V4*$AD4*$BH4 | JO4: =$HV4*$V4*$AD4*$BI4 | JP4: =$AE4*$BE4*$HK4 | JQ4: =$AE4*$BF4*$HK4 | JR4: =$AE4*$BG4*$HK4 | JS4: =$AE4*$BH4*$HK4 | JT4: =$AE4*$BI4*$HK4 | JU4: =$AQ4*$AG4*$BE4*$HK4 | JV4: =$AQ4*$AG4*$BF4*$HK4 | JW4: =$AQ4*$AG4*$BG4*$HK4 | JX4: =$AQ4*$AG4*$BH4*$HK4 | JY4: =$AQ4*$AG4*$BI4*$HK4 | JZ4: =$BU4*(1-$HJ4)/1000000*$CJ4 | KA4: =$BV4*(1-$HJ4)/1000000*$CK4 | KB4: =$BW4*(1-$HJ4)/1000000*$CL4 | KC4: =$BX4*(1-$HJ4)/1000000*$CM4 | KD4: =$BY4*(1-$HJ4)/1000000*$CN4 | KE4: =$CT4*$HL4 | KF4: =$CU4*$HL4 | KG4: =$CV4*$HL4 | KH4: =$CW4*$HL4 | KI4: =$CX4*$HL4 | KJ4: =IF(1=1,$R4*$HL4+$AH4*$HK4+$AK4,0) | KK4: =IF(2=1,$R4*$HL4+$AH4*$HK4+$AK4,0) | KL4: =IF(3=1,$R4*$HL4+$AH4*$HK4+$AK4,0) | KM4: =IF(4=1,$R4*$HL4+$AH4*$HK4+$AK4,0) | KN4: =IF(5=1,$R4*$HL4+$AH4*$HK4+$AK4,0) | KO4: =$IV4+$JA4+$JF4+$JK4+$JP4+$JU4+$JZ4+$KE4+$KJ4 | KP4: =$IW4+$JB4+$JG4+$JL4+$JQ4+$JV4+$KA4+$KF4+$KK4 | KQ4: =$IX4+$JC4+$JH4+$JM4+$JR4+$JW4+$KB4+$KG4+$KL4 | KR4: =$IY4+$JD4+$JI4+$JN4+$JS4+$JX4+$KC4+$KH4+$KM4 | KS4: =$IZ4+$JE4+$JJ4+$JO4+$JT4+$JY4+$KD4+$KI4+$KN4 | KT4: =$IL4-$IQ4+$KJ4 | KU4: =$IM4-$IR4+$KK4 | KV4: =$IN4-$IS4+$KL4 | KW4: =$IO4-$IT4+$KM4 | KX4: =$IP4-$IU4+$KN4 | KY4: =$JA4+$JF4+$JK4+$JP4+$JU4+$JZ4+$KE4 | KZ4: =$JB4+$JG4+$JL4+$JQ4+$JV4+$KA4+$KF4 | LA4: =$JC4+$JH4+$JM4+$JR4+$JW4+$KB4+$KG4 | LB4: =$JD4+$JI4+$JN4+$JS4+$JX4+$KC4+$KH4 | LC4: =$JE4+$JJ4+$JO4+$JT4+$JY4+$KD4+$KI4 | LD4: =((1<=$AX4)*(1>$AX4-$AY4))*$IG4*$V4*MAX(0,1-(1-$X4)*($AX4-1+1)/$AY4)+((2<=$AX4)*(2>$AX4-$AY4))*$IH4*$V4*MAX(0,1-(1-$X4)*($AX4-2+1)/$AY4)+((3<=$AX4)*(3>$AX4-$AY4))*$II4*$V4*MAX(0,1-(1-$X4)*($AX4-3+1)/$AY4)+((4<=$AX4)*(4>$AX4-$AY4))*$IJ4*$V4*MAX(0,1-(1-$X4)*($AX4-4+1)/$AY4)+((5<=$AX4)*(5>$AX4-$AY4))*$IK4*$V4*MAX(0,1-(1-$X4)*($AX4-5+1)/$AY4) | LE4: =SUMPRODUCT($AZ4:$BD4,$KO4:$KS4) | LF4: =SUM($KO4:$KQ4) | LG4: =SUM($KO4:$KS4) | LH4: =SUMPRODUCT($AZ4:$BD4,$KT4:$KX4,$BJ4:$BN4)+SUMPRODUCT($AZ4:$BD4,$KY4:$LC4,$BO4:$BS4)-$LD4/(1+$AM4)^$AX4 | LI4: =$BU4/1000000 | LJ4: =IF($LI4>0,$DD4/$LI4,0) | LK4: =IF($LI4>0,$GP4/$LI4,0) | LL4: =IF($LI4>0,$KO4/$LI4,0) | LM4: =$AP4*31536000/1000000 | LN4: =$EC4*$LM4 | LO4: =$FG4+$FL4+$FQ4+$FV4+$GA4+$GF4 | LP4: =IF($LN4*$CJ4>0,MAX(0,($LO4-$CT4)/($LN4*$CJ4)),0) | LQ4: =IF($LN4>0,$LI4/$LN4,0) | LR4: =1/($M4*$AI4) | LS4: =$HR4*$LM4 | LT4: =$IV4+$JA4+$JF4+$JK4+$JP4+$JU4 | LU4: =IF($LS4*$CJ4>0,$LT4/($LS4*$CJ4),0) | LV4: =IF($LS4>0,$LI4*$HJ4/$LS4,0) | LW4: =$V4*(1-$X4)/$AY4+$Y4*$Z4*$AA4*8760+IF($AC4>0,0,$Y4*$AB4*12)+$V4*$AD4 | LX4: =IF($LM4*$CJ4>0,$LW4/($LM4*$CJ4),0) | LY4: =IF($LM4*$LR4>0,$LW4/($LM4*$LR4),0) | LZ4: =$AE4+$AF4*$AG4+IF($AC4>0,$AC4,0)-$CT4 | MA4: =IF($CJ4>$LY4,MAX(0,$LZ4)/($CJ4-$LY4)*1000000,"Not reachable") | MB4: =IF(AND(ISNUMBER($MA4),$BU4>0),$MA4/$BU4,"n/a") | MC4: =$B4*MAX(0,$D4-1)*$E4 | MD4: =$MC4*$C4 | ME4: =$MD4*SUMPRODUCT($AZ4:$BD4,$BO4:$BS4) | MF4: =IF($AO4="Yes",$ME4-$DW4,0) | MG4: =IF($AO4="Yes",$ME4-$HI4,0) | MH4: =IF($AO4="Yes",$ME4-$LH4,0) | MI4: =IF($AO4="Yes",$MD4-$DD4,0) | MJ4: =IF(AND($DW4<=$HI4,$DW4<=$LH4),"Rent the Frontier",IF($HI4<=$LH4,"Own the Frontier","Hybrid")) | MK4: =IF(AND($DT4<=$HF4,$DT4<=$LE4),"Rent the Frontier",IF($HF4<=$LE4,"Own the Frontier","Hybrid"))
A5: =Sensitivity!A8&" ("&Sensitivity!C8&")" | B5: =Inputs!$B$5 | C5: =Inputs!$B$6 | D5: =Inputs!$B$7*Sensitivity!$D$8 | E5: =Inputs!$B$8 | F5: =Inputs!$B$12 | G5: =Inputs!$B$13 | H5: =Inputs!$B$14 | I5: =Inputs!$B$18 | J5: =Inputs!$B$19 | K5: =Inputs!$B$20 | L5: =Inputs!$B$21 | M5: =Inputs!$B$22 | N5: =Inputs!$B$23 | O5: =Inputs!$B$26 | P5: =Inputs!$B$27 | Q5: =Inputs!$B$28 | R5: =Inputs!$B$29 | S5: =Inputs!$B$30 | T5: =Inputs!$B$31 | U5: =Inputs!$B$32 | V5: =Inputs!$B$35 | W5: =Inputs!$B$36 | X5: =Inputs!$B$37 | Y5: =Inputs!$B$38 | Z5: =Inputs!$B$39 | AA5: =Inputs!$B$40 | AB5: =Inputs!$B$41 | AC5: =Inputs!$B$42 | AD5: =Inputs!$B$43 | AE5: =Inputs!$B$44 | AF5: =Inputs!$B$45 | AG5: =Inputs!$B$46 | AH5: =Inputs!$B$47 | AI5: =Inputs!$B$48 | AJ5: =IF(ISNUMBER(Inputs!$B$51),Inputs!$B$51,"") | AK5: =Inputs!$B$52 | AL5: =Inputs!$B$55 | AM5: =Inputs!$B$56 | AN5: =Inputs!$B$57 | AO5: =Inputs!$B$58 | AP5: =Inputs!$B$61 | AQ5: =Inputs!$B$62 | AR5: =1 | AS5: 1 | AT5: 2 | AU5: 3 | AV5: 4 | AW5: 5 | AX5: =MIN(5,MAX(1,ROUND($AL5,0))) | AY5: =MAX(1,ROUND($W5,0)) | AZ5: =IF(1<=$AX5,1,0) | BA5: =IF(2<=$AX5,1,0) | BB5: =IF(3<=$AX5,1,0) | BC5: =IF(4<=$AX5,1,0) | BD5: =IF(5<=$AX5,1,0) | BE5: =(1+$AN5)^(1-1) | BF5: =(1+$AN5)^(2-1) | BG5: =(1+$AN5)^(3-1) | BH5: =(1+$AN5)^(4-1) | BI5: =(1+$AN5)^(5-1) | BJ5: =1/(1+$AM5)^(1-1) | BK5: =1/(1+$AM5)^(2-1) | BL5: =1/(1+$AM5)^(3-1) | BM5: =1/(1+$AM5)^(4-1) | BN5: =1/(1+$AM5)^(5-1) | BO5: =1/(1+$AM5)^1 | BP5: =1/(1+$AM5)^2 | BQ5: =1/(1+$AM5)^3 | BR5: =1/(1+$AM5)^4 | BS5: =1/(1+$AM5)^5 | BT5: =IF(AND($I5="Direct monthly estimate",$J5>0),$J5,$D5*$K5*$L5) | BU5: =$BT5*$B5*12*(1+$N5)^(1-1) | BV5: =$BT5*$B5*12*(1+$N5)^(2-1) | BW5: =$BT5*$B5*12*(1+$N5)^(3-1) | BX5: =$BT5*$B5*12*(1+$N5)^(4-1) | BY5: =$BT5*$B5*12*(1+$N5)^(5-1) | BZ5: =$BU5/31536000*$M5 | CA5: =$BV5/31536000*$M5 | CB5: =$BW5/31536000*$M5 | CC5: =$BX5/31536000*$M5 | CD5: =$BY5/31536000*$M5 | CE5: =$BZ5*$AI5 | CF5: =$CA5*$AI5 | CG5: =$CB5*$AI5 | CH5: =$CC5*$AI5 | CI5: =$CD5*$AI5 | CJ5: =$O5*(1-$Q5)*(1-$P5)^(1-1) | CK5: =$O5*(1-$Q5)*(1-$P5)^(2-1) | CL5: =$O5*(1-$Q5)*(1-$P5)^(3-1) | CM5: =$O5*(1-$Q5)*(1-$P5)^(4-1) | CN5: =$O5*(1-$Q5)*(1-$P5)^(5-1) | CO5: =$BU5/1000000*$CJ5 | CP5: =$BV5/1000000*$CK5 | CQ5: =$BW5/1000000*$CL5 | CR5: =$BX5/1000000*$CM5 | CS5: =$BY5/1000000*$CN5 | CT5: =($T5*$U5+$S5)*$BE5 | CU5: =($T5*$U5+$S5)*$BF5 | CV5: =($T5*$U5+$S5)*$BG5 | CW5: =($T5*$U5+$S5)*$BH5 | CX5: =($T5*$U5+$S5)*$BI5 | CY5: =IF(1=1,$R5,0) | CZ5: =IF(2=1,$R5,0) | DA5: =IF(3=1,$R5,0) | DB5: =IF(4=1,$R5,0) | DC5: =IF(5=1,$R5,0) | DD5: =$CO5+$CT5+$CY5 | DE5: =$CP5+$CU5+$CZ5 | DF5: =$CQ5+$CV5+$DA5 | DG5: =$CR5+$CW5+$DB5 | DH5: =$CS5+$CX5+$DC5 | DI5: =$CY5 | DJ5: =$CZ5 | DK5: =$DA5 | DL5: =$DB5 | DM5: =$DC5 | DN5: =$CO5+$CT5 | DO5: =$CP5+$CU5 | DP5: =$CQ5+$CV5 | DQ5: =$CR5+$CW5 | DR5: =$CS5+$CX5 | DS5: =0 | DT5: =SUMPRODUCT($AZ5:$BD5,$DD5:$DH5) | DU5: =SUM($DD5:$DF5) | DV5: =SUM($DD5:$DH5) | DW5: =SUMPRODUCT($AZ5:$BD5,$DI5:$DM5,$BJ5:$BN5)+SUMPRODUCT($AZ5:$BD5,$DN5:$DR5,$BO5:$BS5)-$DS5/(1+$AM5)^$AX5 | DX5: =IF($CE5>0,ROUNDUP($CE5/$AP5,0),0) | DY5: =IF($CF5>0,ROUNDUP($CF5/$AP5,0),0) | DZ5: =IF($CG5>0,ROUNDUP($CG5/$AP5,0),0) | EA5: =IF($CH5>0,ROUNDUP($CH5/$AP5,0),0) | EB5: =IF($CI5>0,ROUNDUP($CI5/$AP5,0),0) | EC5: =MAX($DX5,0) | ED5: =MAX($DY5,$EC5) | EE5: =MAX($DZ5,$ED5) | EF5: =MAX($EA5,$EE5) | EG5: =MAX($EB5,$EF5) | EH5: =$EC5-0 | EI5: =$ED5-$EC5 | EJ5: =$EE5-$ED5 | EK5: =$EF5-$EE5 | EL5: =$EG5-$EF5 | EM5: =0 | EN5: =(1+$AY5=2)*$ER5 | EO5: =(1+$AY5=3)*$ER5+(2+$AY5=3)*$ES5 | EP5: =(1+$AY5=4)*$ER5+(2+$AY5=4)*$ES5+(3+$AY5=4)*$ET5 | EQ5: =(1+$AY5=5)*$ER5+(2+$AY5=5)*$ES5+(3+$AY5=5)*$ET5+(4+$AY5=5)*$EU5 | ER5: =$EH5+$EM5 | ES5: =$EI5+$EN5 | ET5: =$EJ5+$EO5 | EU5: =$EK5+$EP5 | EV5: =$EL5+$EQ5 | EW5: =$ER5*$V5 | EX5: =$ES5*$V5 | EY5: =$ET5*$V5 | EZ5: =$EU5*$V5 | FA5: =$EV5*$V5 | FB5: =$EM5*$V5*$X5 | FC5: =$EN5*$V5*$X5 | FD5: =$EO5*$V5*$X5 | FE5: =$EP5*$V5*$X5 | FF5: =$EQ5*$V5*$X5 | FG5: =$EC5*$V5*(1-$X5)/$AY5 | FH5: =$ED5*$V5*(1-$X5)/$AY5 | FI5: =$EE5*$V5*(1-$X5)/$AY5 | FJ5: =$EF5*$V5*(1-$X5)/$AY5 | FK5: =$EG5*$V5*(1-$X5)/$AY5 | FL5: =$EC5*$Y5*$Z5*$AA5*8760*$BE5 | FM5: =$ED5*$Y5*$Z5*$AA5*8760*$BF5 | FN5: =$EE5*$Y5*$Z5*$AA5*8760*$BG5 | FO5: =$EF5*$Y5*$Z5*$AA5*8760*$BH5 | FP5: =$EG5*$Y5*$Z5*$AA5*8760*$BI5 | FQ5: =IF($AC5>0,$AC5,$EC5*$Y5*$AB5*12)*$BE5 | FR5: =IF($AC5>0,$AC5,$ED5*$Y5*$AB5*12)*$BF5 | FS5: =IF($AC5>0,$AC5,$EE5*$Y5*$AB5*12)*$BG5 | FT5: =IF($AC5>0,$AC5,$EF5*$Y5*$AB5*12)*$BH5 | FU5: =IF($AC5>0,$AC5,$EG5*$Y5*$AB5*12)*$BI5 | FV5: =$EC5*$V5*$AD5*$BE5 | FW5: =$ED5*$V5*$AD5*$BF5 | FX5: =$EE5*$V5*$AD5*$BG5 | FY5: =$EF5*$V5*$AD5*$BH5 | FZ5: =$EG5*$V5*$AD5*$BI5 | GA5: =$AE5*$BE5 | GB5: =$AE5*$BF5 | GC5: =$AE5*$BG5 | GD5: =$AE5*$BH5 | GE5: =$AE5*$BI5 | GF5: =$AF5*$AG5*$BE5 | GG5: =$AF5*$AG5*$BF5 | GH5: =$AF5*$AG5*$BG5 | GI5: =$AF5*$AG5*$BH5 | GJ5: =$AF5*$AG5*$BI5 | GK5: =IF(1=1,$AH5,0) | GL5: =IF(2=1,$AH5,0) | GM5: =IF(3=1,$AH5,0) | GN5: =IF(4=1,$AH5,0) | GO5: =IF(5=1,$AH5,0) | GP5: =$FG5+$FL5+$FQ5+$FV5+$GA5+$GF5+$GK5 | GQ5: =$FH5+$FM5+$FR5+$FW5+$GB5+$GG5+$GL5 | GR5: =$FI5+$FN5+$FS5+$FX5+$GC5+$GH5+$GM5 | GS5: =$FJ5+$FO5+$FT5+$FY5+$GD5+$GI5+$GN5 | GT5: =$FK5+$FP5+$FU5+$FZ5+$GE5+$GJ5+$GO5 | GU5: =$EW5-$FB5+$GK5 | GV5: =$EX5-$FC5+$GL5 | GW5: =$EY5-$FD5+$GM5 | GX5: =$EZ5-$FE5+$GN5 | GY5: =$FA5-$FF5+$GO5 | GZ5: =$FL5+$FQ5+$FV5+$GA5+$GF5 | HA5: =$FM5+$FR5+$FW5+$GB5+$GG5 | HB5: =$FN5+$FS5+$FX5+$GC5+$GH5 | HC5: =$FO5+$FT5+$FY5+$GD5+$GI5 | HD5: =$FP5+$FU5+$FZ5+$GE5+$GJ5 | HE5: =((1<=$AX5)*(1>$AX5-$AY5))*$ER5*$V5*MAX(0,1-(1-$X5)*($AX5-1+1)/$AY5)+((2<=$AX5)*(2>$AX5-$AY5))*$ES5*$V5*MAX(0,1-(1-$X5)*($AX5-2+1)/$AY5)+((3<=$AX5)*(3>$AX5-$AY5))*$ET5*$V5*MAX(0,1-(1-$X5)*($AX5-3+1)/$AY5)+((4<=$AX5)*(4>$AX5-$AY5))*$EU5*$V5*MAX(0,1-(1-$X5)*($AX5-4+1)/$AY5)+((5<=$AX5)*(5>$AX5-$AY5))*$EV5*$V5*MAX(0,1-(1-$X5)*($AX5-5+1)/$AY5) | HF5: =SUMPRODUCT($AZ5:$BD5,$GP5:$GT5) | HG5: =SUM($GP5:$GR5) | HH5: =SUM($GP5:$GT5) | HI5: =SUMPRODUCT($AZ5:$BD5,$GU5:$GY5,$BJ5:$BN5)+SUMPRODUCT($AZ5:$BD5,$GZ5:$HD5,$BO5:$BS5)-$HE5/(1+$AM5)^$AX5 | HJ5: =MIN(1,MAX(0,IF(ISNUMBER($AJ5),$AJ5,IF($F5+$G5+$H5>0,($G5+$H5)/($F5+$G5+$H5),0))*$AR5)) | HK5: =IF($HJ5>0,1,0) | HL5: =IF($HJ5<1,1,0) | HM5: =IF($CE5*$HJ5>0,ROUNDUP($CE5*$HJ5/$AP5,0),0) | HN5: =IF($CF5*$HJ5>0,ROUNDUP($CF5*$HJ5/$AP5,0),0) | HO5: =IF($CG5*$HJ5>0,ROUNDUP($CG5*$HJ5/$AP5,0),0) | HP5: =IF($CH5*$HJ5>0,ROUNDUP($CH5*$HJ5/$AP5,0),0) | HQ5: =IF($CI5*$HJ5>0,ROUNDUP($CI5*$HJ5/$AP5,0),0) | HR5: =MAX($HM5,0) | HS5: =MAX($HN5,$HR5) | HT5: =MAX($HO5,$HS5) | HU5: =MAX($HP5,$HT5) | HV5: =MAX($HQ5,$HU5) | HW5: =$HR5-0 | HX5: =$HS5-$HR5 | HY5: =$HT5-$HS5 | HZ5: =$HU5-$HT5 | IA5: =$HV5-$HU5 | IB5: =0 | IC5: =(1+$AY5=2)*$IG5 | ID5: =(1+$AY5=3)*$IG5+(2+$AY5=3)*$IH5 | IE5: =(1+$AY5=4)*$IG5+(2+$AY5=4)*$IH5+(3+$AY5=4)*$II5 | IF5: =(1+$AY5=5)*$IG5+(2+$AY5=5)*$IH5+(3+$AY5=5)*$II5+(4+$AY5=5)*$IJ5 | IG5: =$HW5+$IB5 | IH5: =$HX5+$IC5 | II5: =$HY5+$ID5 | IJ5: =$HZ5+$IE5 | IK5: =$IA5+$IF5 | IL5: =$IG5*$V5 | IM5: =$IH5*$V5 | IN5: =$II5*$V5 | IO5: =$IJ5*$V5 | IP5: =$IK5*$V5 | IQ5: =$IB5*$V5*$X5 | IR5: =$IC5*$V5*$X5 | IS5: =$ID5*$V5*$X5 | IT5: =$IE5*$V5*$X5 | IU5: =$IF5*$V5*$X5 | IV5: =$HR5*$V5*(1-$X5)/$AY5 | IW5: =$HS5*$V5*(1-$X5)/$AY5 | IX5: =$HT5*$V5*(1-$X5)/$AY5 | IY5: =$HU5*$V5*(1-$X5)/$AY5 | IZ5: =$HV5*$V5*(1-$X5)/$AY5 | JA5: =$HR5*$Y5*$Z5*$AA5*8760*$BE5 | JB5: =$HS5*$Y5*$Z5*$AA5*8760*$BF5 | JC5: =$HT5*$Y5*$Z5*$AA5*8760*$BG5 | JD5: =$HU5*$Y5*$Z5*$AA5*8760*$BH5 | JE5: =$HV5*$Y5*$Z5*$AA5*8760*$BI5 | JF5: =IF($AC5>0,$AC5*$HK5,$HR5*$Y5*$AB5*12)*$BE5 | JG5: =IF($AC5>0,$AC5*$HK5,$HS5*$Y5*$AB5*12)*$BF5 | JH5: =IF($AC5>0,$AC5*$HK5,$HT5*$Y5*$AB5*12)*$BG5 | JI5: =IF($AC5>0,$AC5*$HK5,$HU5*$Y5*$AB5*12)*$BH5 | JJ5: =IF($AC5>0,$AC5*$HK5,$HV5*$Y5*$AB5*12)*$BI5 | JK5: =$HR5*$V5*$AD5*$BE5 | JL5: =$HS5*$V5*$AD5*$BF5 | JM5: =$HT5*$V5*$AD5*$BG5 | JN5: =$HU5*$V5*$AD5*$BH5 | JO5: =$HV5*$V5*$AD5*$BI5 | JP5: =$AE5*$BE5*$HK5 | JQ5: =$AE5*$BF5*$HK5 | JR5: =$AE5*$BG5*$HK5 | JS5: =$AE5*$BH5*$HK5 | JT5: =$AE5*$BI5*$HK5 | JU5: =$AQ5*$AG5*$BE5*$HK5 | JV5: =$AQ5*$AG5*$BF5*$HK5 | JW5: =$AQ5*$AG5*$BG5*$HK5 | JX5: =$AQ5*$AG5*$BH5*$HK5 | JY5: =$AQ5*$AG5*$BI5*$HK5 | JZ5: =$BU5*(1-$HJ5)/1000000*$CJ5 | KA5: =$BV5*(1-$HJ5)/1000000*$CK5 | KB5: =$BW5*(1-$HJ5)/1000000*$CL5 | KC5: =$BX5*(1-$HJ5)/1000000*$CM5 | KD5: =$BY5*(1-$HJ5)/1000000*$CN5 | KE5: =$CT5*$HL5 | KF5: =$CU5*$HL5 | KG5: =$CV5*$HL5 | KH5: =$CW5*$HL5 | KI5: =$CX5*$HL5 | KJ5: =IF(1=1,$R5*$HL5+$AH5*$HK5+$AK5,0) | KK5: =IF(2=1,$R5*$HL5+$AH5*$HK5+$AK5,0) | KL5: =IF(3=1,$R5*$HL5+$AH5*$HK5+$AK5,0) | KM5: =IF(4=1,$R5*$HL5+$AH5*$HK5+$AK5,0) | KN5: =IF(5=1,$R5*$HL5+$AH5*$HK5+$AK5,0) | KO5: =$IV5+$JA5+$JF5+$JK5+$JP5+$JU5+$JZ5+$KE5+$KJ5 | KP5: =$IW5+$JB5+$JG5+$JL5+$JQ5+$JV5+$KA5+$KF5+$KK5 | KQ5: =$IX5+$JC5+$JH5+$JM5+$JR5+$JW5+$KB5+$KG5+$KL5 | KR5: =$IY5+$JD5+$JI5+$JN5+$JS5+$JX5+$KC5+$KH5+$KM5 | KS5: =$IZ5+$JE5+$JJ5+$JO5+$JT5+$JY5+$KD5+$KI5+$KN5 | KT5: =$IL5-$IQ5+$KJ5 | KU5: =$IM5-$IR5+$KK5 | KV5: =$IN5-$IS5+$KL5 | KW5: =$IO5-$IT5+$KM5 | KX5: =$IP5-$IU5+$KN5 | KY5: =$JA5+$JF5+$JK5+$JP5+$JU5+$JZ5+$KE5 | KZ5: =$JB5+$JG5+$JL5+$JQ5+$JV5+$KA5+$KF5 | LA5: =$JC5+$JH5+$JM5+$JR5+$JW5+$KB5+$KG5 | LB5: =$JD5+$JI5+$JN5+$JS5+$JX5+$KC5+$KH5 | LC5: =$JE5+$JJ5+$JO5+$JT5+$JY5+$KD5+$KI5 | LD5: =((1<=$AX5)*(1>$AX5-$AY5))*$IG5*$V5*MAX(0,1-(1-$X5)*($AX5-1+1)/$AY5)+((2<=$AX5)*(2>$AX5-$AY5))*$IH5*$V5*MAX(0,1-(1-$X5)*($AX5-2+1)/$AY5)+((3<=$AX5)*(3>$AX5-$AY5))*$II5*$V5*MAX(0,1-(1-$X5)*($AX5-3+1)/$AY5)+((4<=$AX5)*(4>$AX5-$AY5))*$IJ5*$V5*MAX(0,1-(1-$X5)*($AX5-4+1)/$AY5)+((5<=$AX5)*(5>$AX5-$AY5))*$IK5*$V5*MAX(0,1-(1-$X5)*($AX5-5+1)/$AY5) | LE5: =SUMPRODUCT($AZ5:$BD5,$KO5:$KS5) | LF5: =SUM($KO5:$KQ5) | LG5: =SUM($KO5:$KS5) | LH5: =SUMPRODUCT($AZ5:$BD5,$KT5:$KX5,$BJ5:$BN5)+SUMPRODUCT($AZ5:$BD5,$KY5:$LC5,$BO5:$BS5)-$LD5/(1+$AM5)^$AX5 | LI5: =$BU5/1000000 | LJ5: =IF($LI5>0,$DD5/$LI5,0) | LK5: =IF($LI5>0,$GP5/$LI5,0) | LL5: =IF($LI5>0,$KO5/$LI5,0) | LM5: =$AP5*31536000/1000000 | LN5: =$EC5*$LM5 | LO5: =$FG5+$FL5+$FQ5+$FV5+$GA5+$GF5 | LP5: =IF($LN5*$CJ5>0,MAX(0,($LO5-$CT5)/($LN5*$CJ5)),0) | LQ5: =IF($LN5>0,$LI5/$LN5,0) | LR5: =1/($M5*$AI5) | LS5: =$HR5*$LM5 | LT5: =$IV5+$JA5+$JF5+$JK5+$JP5+$JU5 | LU5: =IF($LS5*$CJ5>0,$LT5/($LS5*$CJ5),0) | LV5: =IF($LS5>0,$LI5*$HJ5/$LS5,0) | LW5: =$V5*(1-$X5)/$AY5+$Y5*$Z5*$AA5*8760+IF($AC5>0,0,$Y5*$AB5*12)+$V5*$AD5 | LX5: =IF($LM5*$CJ5>0,$LW5/($LM5*$CJ5),0) | LY5: =IF($LM5*$LR5>0,$LW5/($LM5*$LR5),0) | LZ5: =$AE5+$AF5*$AG5+IF($AC5>0,$AC5,0)-$CT5 | MA5: =IF($CJ5>$LY5,MAX(0,$LZ5)/($CJ5-$LY5)*1000000,"Not reachable") | MB5: =IF(AND(ISNUMBER($MA5),$BU5>0),$MA5/$BU5,"n/a") | MC5: =$B5*MAX(0,$D5-1)*$E5 | MD5: =$MC5*$C5 | ME5: =$MD5*SUMPRODUCT($AZ5:$BD5,$BO5:$BS5) | MF5: =IF($AO5="Yes",$ME5-$DW5,0) | MG5: =IF($AO5="Yes",$ME5-$HI5,0) | MH5: =IF($AO5="Yes",$ME5-$LH5,0) | MI5: =IF($AO5="Yes",$MD5-$DD5,0) | MJ5: =IF(AND($DW5<=$HI5,$DW5<=$LH5),"Rent the Frontier",IF($HI5<=$LH5,"Own the Frontier","Hybrid")) | MK5: =IF(AND($DT5<=$HF5,$DT5<=$LE5),"Rent the Frontier",IF($HF5<=$LE5,"Own the Frontier","Hybrid"))
A6: =Sensitivity!A9&" ("&Sensitivity!C9&")" | B6: =Inputs!$B$5 | C6: =Inputs!$B$6 | D6: =Inputs!$B$7*Sensitivity!$D$9 | E6: =Inputs!$B$8 | F6: =Inputs!$B$12 | G6: =Inputs!$B$13 | H6: =Inputs!$B$14 | I6: =Inputs!$B$18 | J6: =Inputs!$B$19 | K6: =Inputs!$B$20 | L6: =Inputs!$B$21 | M6: =Inputs!$B$22 | N6: =Inputs!$B$23 | O6: =Inputs!$B$26 | P6: =Inputs!$B$27 | Q6: =Inputs!$B$28 | R6: =Inputs!$B$29 | S6: =Inputs!$B$30 | T6: =Inputs!$B$31 | U6: =Inputs!$B$32 | V6: =Inputs!$B$35 | W6: =Inputs!$B$36 | X6: =Inputs!$B$37 | Y6: =Inputs!$B$38 | Z6: =Inputs!$B$39 | AA6: =Inputs!$B$40 | AB6: =Inputs!$B$41 | AC6: =Inputs!$B$42 | AD6: =Inputs!$B$43 | AE6: =Inputs!$B$44 | AF6: =Inputs!$B$45 | AG6: =Inputs!$B$46 | AH6: =Inputs!$B$47 | AI6: =Inputs!$B$48 | AJ6: =IF(ISNUMBER(Inputs!$B$51),Inputs!$B$51,"") | AK6: =Inputs!$B$52 | AL6: =Inputs!$B$55 | AM6: =Inputs!$B$56 | AN6: =Inputs!$B$57 | AO6: =Inputs!$B$58 | AP6: =Inputs!$B$61 | AQ6: =Inputs!$B$62 | AR6: =1 | AS6: 1 | AT6: 2 | AU6: 3 | AV6: 4 | AW6: 5 | AX6: =MIN(5,MAX(1,ROUND($AL6,0))) | AY6: =MAX(1,ROUND($W6,0)) | AZ6: =IF(1<=$AX6,1,0) | BA6: =IF(2<=$AX6,1,0) | BB6: =IF(3<=$AX6,1,0) | BC6: =IF(4<=$AX6,1,0) | BD6: =IF(5<=$AX6,1,0) | BE6: =(1+$AN6)^(1-1) | BF6: =(1+$AN6)^(2-1) | BG6: =(1+$AN6)^(3-1) | BH6: =(1+$AN6)^(4-1) | BI6: =(1+$AN6)^(5-1) | BJ6: =1/(1+$AM6)^(1-1) | BK6: =1/(1+$AM6)^(2-1) | BL6: =1/(1+$AM6)^(3-1) | BM6: =1/(1+$AM6)^(4-1) | BN6: =1/(1+$AM6)^(5-1) | BO6: =1/(1+$AM6)^1 | BP6: =1/(1+$AM6)^2 | BQ6: =1/(1+$AM6)^3 | BR6: =1/(1+$AM6)^4 | BS6: =1/(1+$AM6)^5 | BT6: =IF(AND($I6="Direct monthly estimate",$J6>0),$J6,$D6*$K6*$L6) | BU6: =$BT6*$B6*12*(1+$N6)^(1-1) | BV6: =$BT6*$B6*12*(1+$N6)^(2-1) | BW6: =$BT6*$B6*12*(1+$N6)^(3-1) | BX6: =$BT6*$B6*12*(1+$N6)^(4-1) | BY6: =$BT6*$B6*12*(1+$N6)^(5-1) | BZ6: =$BU6/31536000*$M6 | CA6: =$BV6/31536000*$M6 | CB6: =$BW6/31536000*$M6 | CC6: =$BX6/31536000*$M6 | CD6: =$BY6/31536000*$M6 | CE6: =$BZ6*$AI6 | CF6: =$CA6*$AI6 | CG6: =$CB6*$AI6 | CH6: =$CC6*$AI6 | CI6: =$CD6*$AI6 | CJ6: =$O6*(1-$Q6)*(1-$P6)^(1-1) | CK6: =$O6*(1-$Q6)*(1-$P6)^(2-1) | CL6: =$O6*(1-$Q6)*(1-$P6)^(3-1) | CM6: =$O6*(1-$Q6)*(1-$P6)^(4-1) | CN6: =$O6*(1-$Q6)*(1-$P6)^(5-1) | CO6: =$BU6/1000000*$CJ6 | CP6: =$BV6/1000000*$CK6 | CQ6: =$BW6/1000000*$CL6 | CR6: =$BX6/1000000*$CM6 | CS6: =$BY6/1000000*$CN6 | CT6: =($T6*$U6+$S6)*$BE6 | CU6: =($T6*$U6+$S6)*$BF6 | CV6: =($T6*$U6+$S6)*$BG6 | CW6: =($T6*$U6+$S6)*$BH6 | CX6: =($T6*$U6+$S6)*$BI6 | CY6: =IF(1=1,$R6,0) | CZ6: =IF(2=1,$R6,0) | DA6: =IF(3=1,$R6,0) | DB6: =IF(4=1,$R6,0) | DC6: =IF(5=1,$R6,0) | DD6: =$CO6+$CT6+$CY6 | DE6: =$CP6+$CU6+$CZ6 | DF6: =$CQ6+$CV6+$DA6 | DG6: =$CR6+$CW6+$DB6 | DH6: =$CS6+$CX6+$DC6 | DI6: =$CY6 | DJ6: =$CZ6 | DK6: =$DA6 | DL6: =$DB6 | DM6: =$DC6 | DN6: =$CO6+$CT6 | DO6: =$CP6+$CU6 | DP6: =$CQ6+$CV6 | DQ6: =$CR6+$CW6 | DR6: =$CS6+$CX6 | DS6: =0 | DT6: =SUMPRODUCT($AZ6:$BD6,$DD6:$DH6) | DU6: =SUM($DD6:$DF6) | DV6: =SUM($DD6:$DH6) | DW6: =SUMPRODUCT($AZ6:$BD6,$DI6:$DM6,$BJ6:$BN6)+SUMPRODUCT($AZ6:$BD6,$DN6:$DR6,$BO6:$BS6)-$DS6/(1+$AM6)^$AX6 | DX6: =IF($CE6>0,ROUNDUP($CE6/$AP6,0),0) | DY6: =IF($CF6>0,ROUNDUP($CF6/$AP6,0),0) | DZ6: =IF($CG6>0,ROUNDUP($CG6/$AP6,0),0) | EA6: =IF($CH6>0,ROUNDUP($CH6/$AP6,0),0) | EB6: =IF($CI6>0,ROUNDUP($CI6/$AP6,0),0) | EC6: =MAX($DX6,0) | ED6: =MAX($DY6,$EC6) | EE6: =MAX($DZ6,$ED6) | EF6: =MAX($EA6,$EE6) | EG6: =MAX($EB6,$EF6) | EH6: =$EC6-0 | EI6: =$ED6-$EC6 | EJ6: =$EE6-$ED6 | EK6: =$EF6-$EE6 | EL6: =$EG6-$EF6 | EM6: =0 | EN6: =(1+$AY6=2)*$ER6 | EO6: =(1+$AY6=3)*$ER6+(2+$AY6=3)*$ES6 | EP6: =(1+$AY6=4)*$ER6+(2+$AY6=4)*$ES6+(3+$AY6=4)*$ET6 | EQ6: =(1+$AY6=5)*$ER6+(2+$AY6=5)*$ES6+(3+$AY6=5)*$ET6+(4+$AY6=5)*$EU6 | ER6: =$EH6+$EM6 | ES6: =$EI6+$EN6 | ET6: =$EJ6+$EO6 | EU6: =$EK6+$EP6 | EV6: =$EL6+$EQ6 | EW6: =$ER6*$V6 | EX6: =$ES6*$V6 | EY6: =$ET6*$V6 | EZ6: =$EU6*$V6 | FA6: =$EV6*$V6 | FB6: =$EM6*$V6*$X6 | FC6: =$EN6*$V6*$X6 | FD6: =$EO6*$V6*$X6 | FE6: =$EP6*$V6*$X6 | FF6: =$EQ6*$V6*$X6 | FG6: =$EC6*$V6*(1-$X6)/$AY6 | FH6: =$ED6*$V6*(1-$X6)/$AY6 | FI6: =$EE6*$V6*(1-$X6)/$AY6 | FJ6: =$EF6*$V6*(1-$X6)/$AY6 | FK6: =$EG6*$V6*(1-$X6)/$AY6 | FL6: =$EC6*$Y6*$Z6*$AA6*8760*$BE6 | FM6: =$ED6*$Y6*$Z6*$AA6*8760*$BF6 | FN6: =$EE6*$Y6*$Z6*$AA6*8760*$BG6 | FO6: =$EF6*$Y6*$Z6*$AA6*8760*$BH6 | FP6: =$EG6*$Y6*$Z6*$AA6*8760*$BI6 | FQ6: =IF($AC6>0,$AC6,$EC6*$Y6*$AB6*12)*$BE6 | FR6: =IF($AC6>0,$AC6,$ED6*$Y6*$AB6*12)*$BF6 | FS6: =IF($AC6>0,$AC6,$EE6*$Y6*$AB6*12)*$BG6 | FT6: =IF($AC6>0,$AC6,$EF6*$Y6*$AB6*12)*$BH6 | FU6: =IF($AC6>0,$AC6,$EG6*$Y6*$AB6*12)*$BI6 | FV6: =$EC6*$V6*$AD6*$BE6 | FW6: =$ED6*$V6*$AD6*$BF6 | FX6: =$EE6*$V6*$AD6*$BG6 | FY6: =$EF6*$V6*$AD6*$BH6 | FZ6: =$EG6*$V6*$AD6*$BI6 | GA6: =$AE6*$BE6 | GB6: =$AE6*$BF6 | GC6: =$AE6*$BG6 | GD6: =$AE6*$BH6 | GE6: =$AE6*$BI6 | GF6: =$AF6*$AG6*$BE6 | GG6: =$AF6*$AG6*$BF6 | GH6: =$AF6*$AG6*$BG6 | GI6: =$AF6*$AG6*$BH6 | GJ6: =$AF6*$AG6*$BI6 | GK6: =IF(1=1,$AH6,0) | GL6: =IF(2=1,$AH6,0) | GM6: =IF(3=1,$AH6,0) | GN6: =IF(4=1,$AH6,0) | GO6: =IF(5=1,$AH6,0) | GP6: =$FG6+$FL6+$FQ6+$FV6+$GA6+$GF6+$GK6 | GQ6: =$FH6+$FM6+$FR6+$FW6+$GB6+$GG6+$GL6 | GR6: =$FI6+$FN6+$FS6+$FX6+$GC6+$GH6+$GM6 | GS6: =$FJ6+$FO6+$FT6+$FY6+$GD6+$GI6+$GN6 | GT6: =$FK6+$FP6+$FU6+$FZ6+$GE6+$GJ6+$GO6 | GU6: =$EW6-$FB6+$GK6 | GV6: =$EX6-$FC6+$GL6 | GW6: =$EY6-$FD6+$GM6 | GX6: =$EZ6-$FE6+$GN6 | GY6: =$FA6-$FF6+$GO6 | GZ6: =$FL6+$FQ6+$FV6+$GA6+$GF6 | HA6: =$FM6+$FR6+$FW6+$GB6+$GG6 | HB6: =$FN6+$FS6+$FX6+$GC6+$GH6 | HC6: =$FO6+$FT6+$FY6+$GD6+$GI6 | HD6: =$FP6+$FU6+$FZ6+$GE6+$GJ6 | HE6: =((1<=$AX6)*(1>$AX6-$AY6))*$ER6*$V6*MAX(0,1-(1-$X6)*($AX6-1+1)/$AY6)+((2<=$AX6)*(2>$AX6-$AY6))*$ES6*$V6*MAX(0,1-(1-$X6)*($AX6-2+1)/$AY6)+((3<=$AX6)*(3>$AX6-$AY6))*$ET6*$V6*MAX(0,1-(1-$X6)*($AX6-3+1)/$AY6)+((4<=$AX6)*(4>$AX6-$AY6))*$EU6*$V6*MAX(0,1-(1-$X6)*($AX6-4+1)/$AY6)+((5<=$AX6)*(5>$AX6-$AY6))*$EV6*$V6*MAX(0,1-(1-$X6)*($AX6-5+1)/$AY6) | HF6: =SUMPRODUCT($AZ6:$BD6,$GP6:$GT6) | HG6: =SUM($GP6:$GR6) | HH6: =SUM($GP6:$GT6) | HI6: =SUMPRODUCT($AZ6:$BD6,$GU6:$GY6,$BJ6:$BN6)+SUMPRODUCT($AZ6:$BD6,$GZ6:$HD6,$BO6:$BS6)-$HE6/(1+$AM6)^$AX6 | HJ6: =MIN(1,MAX(0,IF(ISNUMBER($AJ6),$AJ6,IF($F6+$G6+$H6>0,($G6+$H6)/($F6+$G6+$H6),0))*$AR6)) | HK6: =IF($HJ6>0,1,0) | HL6: =IF($HJ6<1,1,0) | HM6: =IF($CE6*$HJ6>0,ROUNDUP($CE6*$HJ6/$AP6,0),0) | HN6: =IF($CF6*$HJ6>0,ROUNDUP($CF6*$HJ6/$AP6,0),0) | HO6: =IF($CG6*$HJ6>0,ROUNDUP($CG6*$HJ6/$AP6,0),0) | HP6: =IF($CH6*$HJ6>0,ROUNDUP($CH6*$HJ6/$AP6,0),0) | HQ6: =IF($CI6*$HJ6>0,ROUNDUP($CI6*$HJ6/$AP6,0),0) | HR6: =MAX($HM6,0) | HS6: =MAX($HN6,$HR6) | HT6: =MAX($HO6,$HS6) | HU6: =MAX($HP6,$HT6) | HV6: =MAX($HQ6,$HU6) | HW6: =$HR6-0 | HX6: =$HS6-$HR6 | HY6: =$HT6-$HS6 | HZ6: =$HU6-$HT6 | IA6: =$HV6-$HU6 | IB6: =0 | IC6: =(1+$AY6=2)*$IG6 | ID6: =(1+$AY6=3)*$IG6+(2+$AY6=3)*$IH6 | IE6: =(1+$AY6=4)*$IG6+(2+$AY6=4)*$IH6+(3+$AY6=4)*$II6 | IF6: =(1+$AY6=5)*$IG6+(2+$AY6=5)*$IH6+(3+$AY6=5)*$II6+(4+$AY6=5)*$IJ6 | IG6: =$HW6+$IB6 | IH6: =$HX6+$IC6 | II6: =$HY6+$ID6 | IJ6: =$HZ6+$IE6 | IK6: =$IA6+$IF6 | IL6: =$IG6*$V6 | IM6: =$IH6*$V6 | IN6: =$II6*$V6 | IO6: =$IJ6*$V6 | IP6: =$IK6*$V6 | IQ6: =$IB6*$V6*$X6 | IR6: =$IC6*$V6*$X6 | IS6: =$ID6*$V6*$X6 | IT6: =$IE6*$V6*$X6 | IU6: =$IF6*$V6*$X6 | IV6: =$HR6*$V6*(1-$X6)/$AY6 | IW6: =$HS6*$V6*(1-$X6)/$AY6 | IX6: =$HT6*$V6*(1-$X6)/$AY6 | IY6: =$HU6*$V6*(1-$X6)/$AY6 | IZ6: =$HV6*$V6*(1-$X6)/$AY6 | JA6: =$HR6*$Y6*$Z6*$AA6*8760*$BE6 | JB6: =$HS6*$Y6*$Z6*$AA6*8760*$BF6 | JC6: =$HT6*$Y6*$Z6*$AA6*8760*$BG6 | JD6: =$HU6*$Y6*$Z6*$AA6*8760*$BH6 | JE6: =$HV6*$Y6*$Z6*$AA6*8760*$BI6 | JF6: =IF($AC6>0,$AC6*$HK6,$HR6*$Y6*$AB6*12)*$BE6 | JG6: =IF($AC6>0,$AC6*$HK6,$HS6*$Y6*$AB6*12)*$BF6 | JH6: =IF($AC6>0,$AC6*$HK6,$HT6*$Y6*$AB6*12)*$BG6 | JI6: =IF($AC6>0,$AC6*$HK6,$HU6*$Y6*$AB6*12)*$BH6 | JJ6: =IF($AC6>0,$AC6*$HK6,$HV6*$Y6*$AB6*12)*$BI6 | JK6: =$HR6*$V6*$AD6*$BE6 | JL6: =$HS6*$V6*$AD6*$BF6 | JM6: =$HT6*$V6*$AD6*$BG6 | JN6: =$HU6*$V6*$AD6*$BH6 | JO6: =$HV6*$V6*$AD6*$BI6 | JP6: =$AE6*$BE6*$HK6 | JQ6: =$AE6*$BF6*$HK6 | JR6: =$AE6*$BG6*$HK6 | JS6: =$AE6*$BH6*$HK6 | JT6: =$AE6*$BI6*$HK6 | JU6: =$AQ6*$AG6*$BE6*$HK6 | JV6: =$AQ6*$AG6*$BF6*$HK6 | JW6: =$AQ6*$AG6*$BG6*$HK6 | JX6: =$AQ6*$AG6*$BH6*$HK6 | JY6: =$AQ6*$AG6*$BI6*$HK6 | JZ6: =$BU6*(1-$HJ6)/1000000*$CJ6 | KA6: =$BV6*(1-$HJ6)/1000000*$CK6 | KB6: =$BW6*(1-$HJ6)/1000000*$CL6 | KC6: =$BX6*(1-$HJ6)/1000000*$CM6 | KD6: =$BY6*(1-$HJ6)/1000000*$CN6 | KE6: =$CT6*$HL6 | KF6: =$CU6*$HL6 | KG6: =$CV6*$HL6 | KH6: =$CW6*$HL6 | KI6: =$CX6*$HL6 | KJ6: =IF(1=1,$R6*$HL6+$AH6*$HK6+$AK6,0) | KK6: =IF(2=1,$R6*$HL6+$AH6*$HK6+$AK6,0) | KL6: =IF(3=1,$R6*$HL6+$AH6*$HK6+$AK6,0) | KM6: =IF(4=1,$R6*$HL6+$AH6*$HK6+$AK6,0) | KN6: =IF(5=1,$R6*$HL6+$AH6*$HK6+$AK6,0) | KO6: =$IV6+$JA6+$JF6+$JK6+$JP6+$JU6+$JZ6+$KE6+$KJ6 | KP6: =$IW6+$JB6+$JG6+$JL6+$JQ6+$JV6+$KA6+$KF6+$KK6 | KQ6: =$IX6+$JC6+$JH6+$JM6+$JR6+$JW6+$KB6+$KG6+$KL6 | KR6: =$IY6+$JD6+$JI6+$JN6+$JS6+$JX6+$KC6+$KH6+$KM6 | KS6: =$IZ6+$JE6+$JJ6+$JO6+$JT6+$JY6+$KD6+$KI6+$KN6 | KT6: =$IL6-$IQ6+$KJ6 | KU6: =$IM6-$IR6+$KK6 | KV6: =$IN6-$IS6+$KL6 | KW6: =$IO6-$IT6+$KM6 | KX6: =$IP6-$IU6+$KN6 | KY6: =$JA6+$JF6+$JK6+$JP6+$JU6+$JZ6+$KE6 | KZ6: =$JB6+$JG6+$JL6+$JQ6+$JV6+$KA6+$KF6 | LA6: =$JC6+$JH6+$JM6+$JR6+$JW6+$KB6+$KG6 | LB6: =$JD6+$JI6+$JN6+$JS6+$JX6+$KC6+$KH6 | LC6: =$JE6+$JJ6+$JO6+$JT6+$JY6+$KD6+$KI6 | LD6: =((1<=$AX6)*(1>$AX6-$AY6))*$IG6*$V6*MAX(0,1-(1-$X6)*($AX6-1+1)/$AY6)+((2<=$AX6)*(2>$AX6-$AY6))*$IH6*$V6*MAX(0,1-(1-$X6)*($AX6-2+1)/$AY6)+((3<=$AX6)*(3>$AX6-$AY6))*$II6*$V6*MAX(0,1-(1-$X6)*($AX6-3+1)/$AY6)+((4<=$AX6)*(4>$AX6-$AY6))*$IJ6*$V6*MAX(0,1-(1-$X6)*($AX6-4+1)/$AY6)+((5<=$AX6)*(5>$AX6-$AY6))*$IK6*$V6*MAX(0,1-(1-$X6)*($AX6-5+1)/$AY6) | LE6: =SUMPRODUCT($AZ6:$BD6,$KO6:$KS6) | LF6: =SUM($KO6:$KQ6) | LG6: =SUM($KO6:$KS6) | LH6: =SUMPRODUCT($AZ6:$BD6,$KT6:$KX6,$BJ6:$BN6)+SUMPRODUCT($AZ6:$BD6,$KY6:$LC6,$BO6:$BS6)-$LD6/(1+$AM6)^$AX6 | LI6: =$BU6/1000000 | LJ6: =IF($LI6>0,$DD6/$LI6,0) | LK6: =IF($LI6>0,$GP6/$LI6,0) | LL6: =IF($LI6>0,$KO6/$LI6,0) | LM6: =$AP6*31536000/1000000 | LN6: =$EC6*$LM6 | LO6: =$FG6+$FL6+$FQ6+$FV6+$GA6+$GF6 | LP6: =IF($LN6*$CJ6>0,MAX(0,($LO6-$CT6)/($LN6*$CJ6)),0) | LQ6: =IF($LN6>0,$LI6/$LN6,0) | LR6: =1/($M6*$AI6) | LS6: =$HR6*$LM6 | LT6: =$IV6+$JA6+$JF6+$JK6+$JP6+$JU6 | LU6: =IF($LS6*$CJ6>0,$LT6/($LS6*$CJ6),0) | LV6: =IF($LS6>0,$LI6*$HJ6/$LS6,0) | LW6: =$V6*(1-$X6)/$AY6+$Y6*$Z6*$AA6*8760+IF($AC6>0,0,$Y6*$AB6*12)+$V6*$AD6 | LX6: =IF($LM6*$CJ6>0,$LW6/($LM6*$CJ6),0) | LY6: =IF($LM6*$LR6>0,$LW6/($LM6*$LR6),0) | LZ6: =$AE6+$AF6*$AG6+IF($AC6>0,$AC6,0)-$CT6 | MA6: =IF($CJ6>$LY6,MAX(0,$LZ6)/($CJ6-$LY6)*1000000,"Not reachable") | MB6: =IF(AND(ISNUMBER($MA6),$BU6>0),$MA6/$BU6,"n/a") | MC6: =$B6*MAX(0,$D6-1)*$E6 | MD6: =$MC6*$C6 | ME6: =$MD6*SUMPRODUCT($AZ6:$BD6,$BO6:$BS6) | MF6: =IF($AO6="Yes",$ME6-$DW6,0) | MG6: =IF($AO6="Yes",$ME6-$HI6,0) | MH6: =IF($AO6="Yes",$ME6-$LH6,0) | MI6: =IF($AO6="Yes",$MD6-$DD6,0) | MJ6: =IF(AND($DW6<=$HI6,$DW6<=$LH6),"Rent the Frontier",IF($HI6<=$LH6,"Own the Frontier","Hybrid")) | MK6: =IF(AND($DT6<=$HF6,$DT6<=$LE6),"Rent the Frontier",IF($HF6<=$LE6,"Own the Frontier","Hybrid"))
A7: =Sensitivity!A10&" ("&Sensitivity!C10&")" | B7: =Inputs!$B$5 | C7: =Inputs!$B$6 | D7: =Inputs!$B$7 | E7: =MIN(1,Inputs!$B$8*Sensitivity!$D$10) | F7: =Inputs!$B$12 | G7: =Inputs!$B$13 | H7: =Inputs!$B$14 | I7: =Inputs!$B$18 | J7: =Inputs!$B$19 | K7: =Inputs!$B$20 | L7: =Inputs!$B$21 | M7: =Inputs!$B$22 | N7: =Inputs!$B$23 | O7: =Inputs!$B$26 | P7: =Inputs!$B$27 | Q7: =Inputs!$B$28 | R7: =Inputs!$B$29 | S7: =Inputs!$B$30 | T7: =Inputs!$B$31 | U7: =Inputs!$B$32 | V7: =Inputs!$B$35 | W7: =Inputs!$B$36 | X7: =Inputs!$B$37 | Y7: =Inputs!$B$38 | Z7: =Inputs!$B$39 | AA7: =Inputs!$B$40 | AB7: =Inputs!$B$41 | AC7: =Inputs!$B$42 | AD7: =Inputs!$B$43 | AE7: =Inputs!$B$44 | AF7: =Inputs!$B$45 | AG7: =Inputs!$B$46 | AH7: =Inputs!$B$47 | AI7: =Inputs!$B$48 | AJ7: =IF(ISNUMBER(Inputs!$B$51),Inputs!$B$51,"") | AK7: =Inputs!$B$52 | AL7: =Inputs!$B$55 | AM7: =Inputs!$B$56 | AN7: =Inputs!$B$57 | AO7: =Inputs!$B$58 | AP7: =Inputs!$B$61 | AQ7: =Inputs!$B$62 | AR7: =1 | AS7: 1 | AT7: 2 | AU7: 3 | AV7: 4 | AW7: 5 | AX7: =MIN(5,MAX(1,ROUND($AL7,0))) | AY7: =MAX(1,ROUND($W7,0)) | AZ7: =IF(1<=$AX7,1,0) | BA7: =IF(2<=$AX7,1,0) | BB7: =IF(3<=$AX7,1,0) | BC7: =IF(4<=$AX7,1,0) | BD7: =IF(5<=$AX7,1,0) | BE7: =(1+$AN7)^(1-1) | BF7: =(1+$AN7)^(2-1) | BG7: =(1+$AN7)^(3-1) | BH7: =(1+$AN7)^(4-1) | BI7: =(1+$AN7)^(5-1) | BJ7: =1/(1+$AM7)^(1-1) | BK7: =1/(1+$AM7)^(2-1) | BL7: =1/(1+$AM7)^(3-1) | BM7: =1/(1+$AM7)^(4-1) | BN7: =1/(1+$AM7)^(5-1) | BO7: =1/(1+$AM7)^1 | BP7: =1/(1+$AM7)^2 | BQ7: =1/(1+$AM7)^3 | BR7: =1/(1+$AM7)^4 | BS7: =1/(1+$AM7)^5 | BT7: =IF(AND($I7="Direct monthly estimate",$J7>0),$J7,$D7*$K7*$L7) | BU7: =$BT7*$B7*12*(1+$N7)^(1-1) | BV7: =$BT7*$B7*12*(1+$N7)^(2-1) | BW7: =$BT7*$B7*12*(1+$N7)^(3-1) | BX7: =$BT7*$B7*12*(1+$N7)^(4-1) | BY7: =$BT7*$B7*12*(1+$N7)^(5-1) | BZ7: =$BU7/31536000*$M7 | CA7: =$BV7/31536000*$M7 | CB7: =$BW7/31536000*$M7 | CC7: =$BX7/31536000*$M7 | CD7: =$BY7/31536000*$M7 | CE7: =$BZ7*$AI7 | CF7: =$CA7*$AI7 | CG7: =$CB7*$AI7 | CH7: =$CC7*$AI7 | CI7: =$CD7*$AI7 | CJ7: =$O7*(1-$Q7)*(1-$P7)^(1-1) | CK7: =$O7*(1-$Q7)*(1-$P7)^(2-1) | CL7: =$O7*(1-$Q7)*(1-$P7)^(3-1) | CM7: =$O7*(1-$Q7)*(1-$P7)^(4-1) | CN7: =$O7*(1-$Q7)*(1-$P7)^(5-1) | CO7: =$BU7/1000000*$CJ7 | CP7: =$BV7/1000000*$CK7 | CQ7: =$BW7/1000000*$CL7 | CR7: =$BX7/1000000*$CM7 | CS7: =$BY7/1000000*$CN7 | CT7: =($T7*$U7+$S7)*$BE7 | CU7: =($T7*$U7+$S7)*$BF7 | CV7: =($T7*$U7+$S7)*$BG7 | CW7: =($T7*$U7+$S7)*$BH7 | CX7: =($T7*$U7+$S7)*$BI7 | CY7: =IF(1=1,$R7,0) | CZ7: =IF(2=1,$R7,0) | DA7: =IF(3=1,$R7,0) | DB7: =IF(4=1,$R7,0) | DC7: =IF(5=1,$R7,0) | DD7: =$CO7+$CT7+$CY7 | DE7: =$CP7+$CU7+$CZ7 | DF7: =$CQ7+$CV7+$DA7 | DG7: =$CR7+$CW7+$DB7 | DH7: =$CS7+$CX7+$DC7 | DI7: =$CY7 | DJ7: =$CZ7 | DK7: =$DA7 | DL7: =$DB7 | DM7: =$DC7 | DN7: =$CO7+$CT7 | DO7: =$CP7+$CU7 | DP7: =$CQ7+$CV7 | DQ7: =$CR7+$CW7 | DR7: =$CS7+$CX7 | DS7: =0 | DT7: =SUMPRODUCT($AZ7:$BD7,$DD7:$DH7) | DU7: =SUM($DD7:$DF7) | DV7: =SUM($DD7:$DH7) | DW7: =SUMPRODUCT($AZ7:$BD7,$DI7:$DM7,$BJ7:$BN7)+SUMPRODUCT($AZ7:$BD7,$DN7:$DR7,$BO7:$BS7)-$DS7/(1+$AM7)^$AX7 | DX7: =IF($CE7>0,ROUNDUP($CE7/$AP7,0),0) | DY7: =IF($CF7>0,ROUNDUP($CF7/$AP7,0),0) | DZ7: =IF($CG7>0,ROUNDUP($CG7/$AP7,0),0) | EA7: =IF($CH7>0,ROUNDUP($CH7/$AP7,0),0) | EB7: =IF($CI7>0,ROUNDUP($CI7/$AP7,0),0) | EC7: =MAX($DX7,0) | ED7: =MAX($DY7,$EC7) | EE7: =MAX($DZ7,$ED7) | EF7: =MAX($EA7,$EE7) | EG7: =MAX($EB7,$EF7) | EH7: =$EC7-0 | EI7: =$ED7-$EC7 | EJ7: =$EE7-$ED7 | EK7: =$EF7-$EE7 | EL7: =$EG7-$EF7 | EM7: =0 | EN7: =(1+$AY7=2)*$ER7 | EO7: =(1+$AY7=3)*$ER7+(2+$AY7=3)*$ES7 | EP7: =(1+$AY7=4)*$ER7+(2+$AY7=4)*$ES7+(3+$AY7=4)*$ET7 | EQ7: =(1+$AY7=5)*$ER7+(2+$AY7=5)*$ES7+(3+$AY7=5)*$ET7+(4+$AY7=5)*$EU7 | ER7: =$EH7+$EM7 | ES7: =$EI7+$EN7 | ET7: =$EJ7+$EO7 | EU7: =$EK7+$EP7 | EV7: =$EL7+$EQ7 | EW7: =$ER7*$V7 | EX7: =$ES7*$V7 | EY7: =$ET7*$V7 | EZ7: =$EU7*$V7 | FA7: =$EV7*$V7 | FB7: =$EM7*$V7*$X7 | FC7: =$EN7*$V7*$X7 | FD7: =$EO7*$V7*$X7 | FE7: =$EP7*$V7*$X7 | FF7: =$EQ7*$V7*$X7 | FG7: =$EC7*$V7*(1-$X7)/$AY7 | FH7: =$ED7*$V7*(1-$X7)/$AY7 | FI7: =$EE7*$V7*(1-$X7)/$AY7 | FJ7: =$EF7*$V7*(1-$X7)/$AY7 | FK7: =$EG7*$V7*(1-$X7)/$AY7 | FL7: =$EC7*$Y7*$Z7*$AA7*8760*$BE7 | FM7: =$ED7*$Y7*$Z7*$AA7*8760*$BF7 | FN7: =$EE7*$Y7*$Z7*$AA7*8760*$BG7 | FO7: =$EF7*$Y7*$Z7*$AA7*8760*$BH7 | FP7: =$EG7*$Y7*$Z7*$AA7*8760*$BI7 | FQ7: =IF($AC7>0,$AC7,$EC7*$Y7*$AB7*12)*$BE7 | FR7: =IF($AC7>0,$AC7,$ED7*$Y7*$AB7*12)*$BF7 | FS7: =IF($AC7>0,$AC7,$EE7*$Y7*$AB7*12)*$BG7 | FT7: =IF($AC7>0,$AC7,$EF7*$Y7*$AB7*12)*$BH7 | FU7: =IF($AC7>0,$AC7,$EG7*$Y7*$AB7*12)*$BI7 | FV7: =$EC7*$V7*$AD7*$BE7 | FW7: =$ED7*$V7*$AD7*$BF7 | FX7: =$EE7*$V7*$AD7*$BG7 | FY7: =$EF7*$V7*$AD7*$BH7 | FZ7: =$EG7*$V7*$AD7*$BI7 | GA7: =$AE7*$BE7 | GB7: =$AE7*$BF7 | GC7: =$AE7*$BG7 | GD7: =$AE7*$BH7 | GE7: =$AE7*$BI7 | GF7: =$AF7*$AG7*$BE7 | GG7: =$AF7*$AG7*$BF7 | GH7: =$AF7*$AG7*$BG7 | GI7: =$AF7*$AG7*$BH7 | GJ7: =$AF7*$AG7*$BI7 | GK7: =IF(1=1,$AH7,0) | GL7: =IF(2=1,$AH7,0) | GM7: =IF(3=1,$AH7,0) | GN7: =IF(4=1,$AH7,0) | GO7: =IF(5=1,$AH7,0) | GP7: =$FG7+$FL7+$FQ7+$FV7+$GA7+$GF7+$GK7 | GQ7: =$FH7+$FM7+$FR7+$FW7+$GB7+$GG7+$GL7 | GR7: =$FI7+$FN7+$FS7+$FX7+$GC7+$GH7+$GM7 | GS7: =$FJ7+$FO7+$FT7+$FY7+$GD7+$GI7+$GN7 | GT7: =$FK7+$FP7+$FU7+$FZ7+$GE7+$GJ7+$GO7 | GU7: =$EW7-$FB7+$GK7 | GV7: =$EX7-$FC7+$GL7 | GW7: =$EY7-$FD7+$GM7 | GX7: =$EZ7-$FE7+$GN7 | GY7: =$FA7-$FF7+$GO7 | GZ7: =$FL7+$FQ7+$FV7+$GA7+$GF7 | HA7: =$FM7+$FR7+$FW7+$GB7+$GG7 | HB7: =$FN7+$FS7+$FX7+$GC7+$GH7 | HC7: =$FO7+$FT7+$FY7+$GD7+$GI7 | HD7: =$FP7+$FU7+$FZ7+$GE7+$GJ7 | HE7: =((1<=$AX7)*(1>$AX7-$AY7))*$ER7*$V7*MAX(0,1-(1-$X7)*($AX7-1+1)/$AY7)+((2<=$AX7)*(2>$AX7-$AY7))*$ES7*$V7*MAX(0,1-(1-$X7)*($AX7-2+1)/$AY7)+((3<=$AX7)*(3>$AX7-$AY7))*$ET7*$V7*MAX(0,1-(1-$X7)*($AX7-3+1)/$AY7)+((4<=$AX7)*(4>$AX7-$AY7))*$EU7*$V7*MAX(0,1-(1-$X7)*($AX7-4+1)/$AY7)+((5<=$AX7)*(5>$AX7-$AY7))*$EV7*$V7*MAX(0,1-(1-$X7)*($AX7-5+1)/$AY7) | HF7: =SUMPRODUCT($AZ7:$BD7,$GP7:$GT7) | HG7: =SUM($GP7:$GR7) | HH7: =SUM($GP7:$GT7) | HI7: =SUMPRODUCT($AZ7:$BD7,$GU7:$GY7,$BJ7:$BN7)+SUMPRODUCT($AZ7:$BD7,$GZ7:$HD7,$BO7:$BS7)-$HE7/(1+$AM7)^$AX7 | HJ7: =MIN(1,MAX(0,IF(ISNUMBER($AJ7),$AJ7,IF($F7+$G7+$H7>0,($G7+$H7)/($F7+$G7+$H7),0))*$AR7)) | HK7: =IF($HJ7>0,1,0) | HL7: =IF($HJ7<1,1,0) | HM7: =IF($CE7*$HJ7>0,ROUNDUP($CE7*$HJ7/$AP7,0),0) | HN7: =IF($CF7*$HJ7>0,ROUNDUP($CF7*$HJ7/$AP7,0),0) | HO7: =IF($CG7*$HJ7>0,ROUNDUP($CG7*$HJ7/$AP7,0),0) | HP7: =IF($CH7*$HJ7>0,ROUNDUP($CH7*$HJ7/$AP7,0),0) | HQ7: =IF($CI7*$HJ7>0,ROUNDUP($CI7*$HJ7/$AP7,0),0) | HR7: =MAX($HM7,0) | HS7: =MAX($HN7,$HR7) | HT7: =MAX($HO7,$HS7) | HU7: =MAX($HP7,$HT7) | HV7: =MAX($HQ7,$HU7) | HW7: =$HR7-0 | HX7: =$HS7-$HR7 | HY7: =$HT7-$HS7 | HZ7: =$HU7-$HT7 | IA7: =$HV7-$HU7 | IB7: =0 | IC7: =(1+$AY7=2)*$IG7 | ID7: =(1+$AY7=3)*$IG7+(2+$AY7=3)*$IH7 | IE7: =(1+$AY7=4)*$IG7+(2+$AY7=4)*$IH7+(3+$AY7=4)*$II7 | IF7: =(1+$AY7=5)*$IG7+(2+$AY7=5)*$IH7+(3+$AY7=5)*$II7+(4+$AY7=5)*$IJ7 | IG7: =$HW7+$IB7 | IH7: =$HX7+$IC7 | II7: =$HY7+$ID7 | IJ7: =$HZ7+$IE7 | IK7: =$IA7+$IF7 | IL7: =$IG7*$V7 | IM7: =$IH7*$V7 | IN7: =$II7*$V7 | IO7: =$IJ7*$V7 | IP7: =$IK7*$V7 | IQ7: =$IB7*$V7*$X7 | IR7: =$IC7*$V7*$X7 | IS7: =$ID7*$V7*$X7 | IT7: =$IE7*$V7*$X7 | IU7: =$IF7*$V7*$X7 | IV7: =$HR7*$V7*(1-$X7)/$AY7 | IW7: =$HS7*$V7*(1-$X7)/$AY7 | IX7: =$HT7*$V7*(1-$X7)/$AY7 | IY7: =$HU7*$V7*(1-$X7)/$AY7 | IZ7: =$HV7*$V7*(1-$X7)/$AY7 | JA7: =$HR7*$Y7*$Z7*$AA7*8760*$BE7 | JB7: =$HS7*$Y7*$Z7*$AA7*8760*$BF7 | JC7: =$HT7*$Y7*$Z7*$AA7*8760*$BG7 | JD7: =$HU7*$Y7*$Z7*$AA7*8760*$BH7 | JE7: =$HV7*$Y7*$Z7*$AA7*8760*$BI7 | JF7: =IF($AC7>0,$AC7*$HK7,$HR7*$Y7*$AB7*12)*$BE7 | JG7: =IF($AC7>0,$AC7*$HK7,$HS7*$Y7*$AB7*12)*$BF7 | JH7: =IF($AC7>0,$AC7*$HK7,$HT7*$Y7*$AB7*12)*$BG7 | JI7: =IF($AC7>0,$AC7*$HK7,$HU7*$Y7*$AB7*12)*$BH7 | JJ7: =IF($AC7>0,$AC7*$HK7,$HV7*$Y7*$AB7*12)*$BI7 | JK7: =$HR7*$V7*$AD7*$BE7 | JL7: =$HS7*$V7*$AD7*$BF7 | JM7: =$HT7*$V7*$AD7*$BG7 | JN7: =$HU7*$V7*$AD7*$BH7 | JO7: =$HV7*$V7*$AD7*$BI7 | JP7: =$AE7*$BE7*$HK7 | JQ7: =$AE7*$BF7*$HK7 | JR7: =$AE7*$BG7*$HK7 | JS7: =$AE7*$BH7*$HK7 | JT7: =$AE7*$BI7*$HK7 | JU7: =$AQ7*$AG7*$BE7*$HK7 | JV7: =$AQ7*$AG7*$BF7*$HK7 | JW7: =$AQ7*$AG7*$BG7*$HK7 | JX7: =$AQ7*$AG7*$BH7*$HK7 | JY7: =$AQ7*$AG7*$BI7*$HK7 | JZ7: =$BU7*(1-$HJ7)/1000000*$CJ7 | KA7: =$BV7*(1-$HJ7)/1000000*$CK7 | KB7: =$BW7*(1-$HJ7)/1000000*$CL7 | KC7: =$BX7*(1-$HJ7)/1000000*$CM7 | KD7: =$BY7*(1-$HJ7)/1000000*$CN7 | KE7: =$CT7*$HL7 | KF7: =$CU7*$HL7 | KG7: =$CV7*$HL7 | KH7: =$CW7*$HL7 | KI7: =$CX7*$HL7 | KJ7: =IF(1=1,$R7*$HL7+$AH7*$HK7+$AK7,0) | KK7: =IF(2=1,$R7*$HL7+$AH7*$HK7+$AK7,0) | KL7: =IF(3=1,$R7*$HL7+$AH7*$HK7+$AK7,0) | KM7: =IF(4=1,$R7*$HL7+$AH7*$HK7+$AK7,0) | KN7: =IF(5=1,$R7*$HL7+$AH7*$HK7+$AK7,0) | KO7: =$IV7+$JA7+$JF7+$JK7+$JP7+$JU7+$JZ7+$KE7+$KJ7 | KP7: =$IW7+$JB7+$JG7+$JL7+$JQ7+$JV7+$KA7+$KF7+$KK7 | KQ7: =$IX7+$JC7+$JH7+$JM7+$JR7+$JW7+$KB7+$KG7+$KL7 | KR7: =$IY7+$JD7+$JI7+$JN7+$JS7+$JX7+$KC7+$KH7+$KM7 | KS7: =$IZ7+$JE7+$JJ7+$JO7+$JT7+$JY7+$KD7+$KI7+$KN7 | KT7: =$IL7-$IQ7+$KJ7 | KU7: =$IM7-$IR7+$KK7 | KV7: =$IN7-$IS7+$KL7 | KW7: =$IO7-$IT7+$KM7 | KX7: =$IP7-$IU7+$KN7 | KY7: =$JA7+$JF7+$JK7+$JP7+$JU7+$JZ7+$KE7 | KZ7: =$JB7+$JG7+$JL7+$JQ7+$JV7+$KA7+$KF7 | LA7: =$JC7+$JH7+$JM7+$JR7+$JW7+$KB7+$KG7 | LB7: =$JD7+$JI7+$JN7+$JS7+$JX7+$KC7+$KH7 | LC7: =$JE7+$JJ7+$JO7+$JT7+$JY7+$KD7+$KI7 | LD7: =((1<=$AX7)*(1>$AX7-$AY7))*$IG7*$V7*MAX(0,1-(1-$X7)*($AX7-1+1)/$AY7)+((2<=$AX7)*(2>$AX7-$AY7))*$IH7*$V7*MAX(0,1-(1-$X7)*($AX7-2+1)/$AY7)+((3<=$AX7)*(3>$AX7-$AY7))*$II7*$V7*MAX(0,1-(1-$X7)*($AX7-3+1)/$AY7)+((4<=$AX7)*(4>$AX7-$AY7))*$IJ7*$V7*MAX(0,1-(1-$X7)*($AX7-4+1)/$AY7)+((5<=$AX7)*(5>$AX7-$AY7))*$IK7*$V7*MAX(0,1-(1-$X7)*($AX7-5+1)/$AY7) | LE7: =SUMPRODUCT($AZ7:$BD7,$KO7:$KS7) | LF7: =SUM($KO7:$KQ7) | LG7: =SUM($KO7:$KS7) | LH7: =SUMPRODUCT($AZ7:$BD7,$KT7:$KX7,$BJ7:$BN7)+SUMPRODUCT($AZ7:$BD7,$KY7:$LC7,$BO7:$BS7)-$LD7/(1+$AM7)^$AX7 | LI7: =$BU7/1000000 | LJ7: =IF($LI7>0,$DD7/$LI7,0) | LK7: =IF($LI7>0,$GP7/$LI7,0) | LL7: =IF($LI7>0,$KO7/$LI7,0) | LM7: =$AP7*31536000/1000000 | LN7: =$EC7*$LM7 | LO7: =$FG7+$FL7+$FQ7+$FV7+$GA7+$GF7 | LP7: =IF($LN7*$CJ7>0,MAX(0,($LO7-$CT7)/($LN7*$CJ7)),0) | LQ7: =IF($LN7>0,$LI7/$LN7,0) | LR7: =1/($M7*$AI7) | LS7: =$HR7*$LM7 | LT7: =$IV7+$JA7+$JF7+$JK7+$JP7+$JU7 | LU7: =IF($LS7*$CJ7>0,$LT7/($LS7*$CJ7),0) | LV7: =IF($LS7>0,$LI7*$HJ7/$LS7,0) | LW7: =$V7*(1-$X7)/$AY7+$Y7*$Z7*$AA7*8760+IF($AC7>0,0,$Y7*$AB7*12)+$V7*$AD7 | LX7: =IF($LM7*$CJ7>0,$LW7/($LM7*$CJ7),0) | LY7: =IF($LM7*$LR7>0,$LW7/($LM7*$LR7),0) | LZ7: =$AE7+$AF7*$AG7+IF($AC7>0,$AC7,0)-$CT7 | MA7: =IF($CJ7>$LY7,MAX(0,$LZ7)/($CJ7-$LY7)*1000000,"Not reachable") | MB7: =IF(AND(ISNUMBER($MA7),$BU7>0),$MA7/$BU7,"n/a") | MC7: =$B7*MAX(0,$D7-1)*$E7 | MD7: =$MC7*$C7 | ME7: =$MD7*SUMPRODUCT($AZ7:$BD7,$BO7:$BS7) | MF7: =IF($AO7="Yes",$ME7-$DW7,0) | MG7: =IF($AO7="Yes",$ME7-$HI7,0) | MH7: =IF($AO7="Yes",$ME7-$LH7,0) | MI7: =IF($AO7="Yes",$MD7-$DD7,0) | MJ7: =IF(AND($DW7<=$HI7,$DW7<=$LH7),"Rent the Frontier",IF($HI7<=$LH7,"Own the Frontier","Hybrid")) | MK7: =IF(AND($DT7<=$HF7,$DT7<=$LE7),"Rent the Frontier",IF($HF7<=$LE7,"Own the Frontier","Hybrid"))
A8: =Sensitivity!A11&" ("&Sensitivity!C11&")" | B8: =Inputs!$B$5 | C8: =Inputs!$B$6 | D8: =Inputs!$B$7 | E8: =MIN(1,Inputs!$B$8*Sensitivity!$D$11) | F8: =Inputs!$B$12 | G8: =Inputs!$B$13 | H8: =Inputs!$B$14 | I8: =Inputs!$B$18 | J8: =Inputs!$B$19 | K8: =Inputs!$B$20 | L8: =Inputs!$B$21 | M8: =Inputs!$B$22 | N8: =Inputs!$B$23 | O8: =Inputs!$B$26 | P8: =Inputs!$B$27 | Q8: =Inputs!$B$28 | R8: =Inputs!$B$29 | S8: =Inputs!$B$30 | T8: =Inputs!$B$31 | U8: =Inputs!$B$32 | V8: =Inputs!$B$35 | W8: =Inputs!$B$36 | X8: =Inputs!$B$37 | Y8: =Inputs!$B$38 | Z8: =Inputs!$B$39 | AA8: =Inputs!$B$40 | AB8: =Inputs!$B$41 | AC8: =Inputs!$B$42 | AD8: =Inputs!$B$43 | AE8: =Inputs!$B$44 | AF8: =Inputs!$B$45 | AG8: =Inputs!$B$46 | AH8: =Inputs!$B$47 | AI8: =Inputs!$B$48 | AJ8: =IF(ISNUMBER(Inputs!$B$51),Inputs!$B$51,"") | AK8: =Inputs!$B$52 | AL8: =Inputs!$B$55 | AM8: =Inputs!$B$56 | AN8: =Inputs!$B$57 | AO8: =Inputs!$B$58 | AP8: =Inputs!$B$61 | AQ8: =Inputs!$B$62 | AR8: =1 | AS8: 1 | AT8: 2 | AU8: 3 | AV8: 4 | AW8: 5 | AX8: =MIN(5,MAX(1,ROUND($AL8,0))) | AY8: =MAX(1,ROUND($W8,0)) | AZ8: =IF(1<=$AX8,1,0) | BA8: =IF(2<=$AX8,1,0) | BB8: =IF(3<=$AX8,1,0) | BC8: =IF(4<=$AX8,1,0) | BD8: =IF(5<=$AX8,1,0) | BE8: =(1+$AN8)^(1-1) | BF8: =(1+$AN8)^(2-1) | BG8: =(1+$AN8)^(3-1) | BH8: =(1+$AN8)^(4-1) | BI8: =(1+$AN8)^(5-1) | BJ8: =1/(1+$AM8)^(1-1) | BK8: =1/(1+$AM8)^(2-1) | BL8: =1/(1+$AM8)^(3-1) | BM8: =1/(1+$AM8)^(4-1) | BN8: =1/(1+$AM8)^(5-1) | BO8: =1/(1+$AM8)^1 | BP8: =1/(1+$AM8)^2 | BQ8: =1/(1+$AM8)^3 | BR8: =1/(1+$AM8)^4 | BS8: =1/(1+$AM8)^5 | BT8: =IF(AND($I8="Direct monthly estimate",$J8>0),$J8,$D8*$K8*$L8) | BU8: =$BT8*$B8*12*(1+$N8)^(1-1) | BV8: =$BT8*$B8*12*(1+$N8)^(2-1) | BW8: =$BT8*$B8*12*(1+$N8)^(3-1) | BX8: =$BT8*$B8*12*(1+$N8)^(4-1) | BY8: =$BT8*$B8*12*(1+$N8)^(5-1) | BZ8: =$BU8/31536000*$M8 | CA8: =$BV8/31536000*$M8 | CB8: =$BW8/31536000*$M8 | CC8: =$BX8/31536000*$M8 | CD8: =$BY8/31536000*$M8 | CE8: =$BZ8*$AI8 | CF8: =$CA8*$AI8 | CG8: =$CB8*$AI8 | CH8: =$CC8*$AI8 | CI8: =$CD8*$AI8 | CJ8: =$O8*(1-$Q8)*(1-$P8)^(1-1) | CK8: =$O8*(1-$Q8)*(1-$P8)^(2-1) | CL8: =$O8*(1-$Q8)*(1-$P8)^(3-1) | CM8: =$O8*(1-$Q8)*(1-$P8)^(4-1) | CN8: =$O8*(1-$Q8)*(1-$P8)^(5-1) | CO8: =$BU8/1000000*$CJ8 | CP8: =$BV8/1000000*$CK8 | CQ8: =$BW8/1000000*$CL8 | CR8: =$BX8/1000000*$CM8 | CS8: =$BY8/1000000*$CN8 | CT8: =($T8*$U8+$S8)*$BE8 | CU8: =($T8*$U8+$S8)*$BF8 | CV8: =($T8*$U8+$S8)*$BG8 | CW8: =($T8*$U8+$S8)*$BH8 | CX8: =($T8*$U8+$S8)*$BI8 | CY8: =IF(1=1,$R8,0) | CZ8: =IF(2=1,$R8,0) | DA8: =IF(3=1,$R8,0) | DB8: =IF(4=1,$R8,0) | DC8: =IF(5=1,$R8,0) | DD8: =$CO8+$CT8+$CY8 | DE8: =$CP8+$CU8+$CZ8 | DF8: =$CQ8+$CV8+$DA8 | DG8: =$CR8+$CW8+$DB8 | DH8: =$CS8+$CX8+$DC8 | DI8: =$CY8 | DJ8: =$CZ8 | DK8: =$DA8 | DL8: =$DB8 | DM8: =$DC8 | DN8: =$CO8+$CT8 | DO8: =$CP8+$CU8 | DP8: =$CQ8+$CV8 | DQ8: =$CR8+$CW8 | DR8: =$CS8+$CX8 | DS8: =0 | DT8: =SUMPRODUCT($AZ8:$BD8,$DD8:$DH8) | DU8: =SUM($DD8:$DF8) | DV8: =SUM($DD8:$DH8) | DW8: =SUMPRODUCT($AZ8:$BD8,$DI8:$DM8,$BJ8:$BN8)+SUMPRODUCT($AZ8:$BD8,$DN8:$DR8,$BO8:$BS8)-$DS8/(1+$AM8)^$AX8 | DX8: =IF($CE8>0,ROUNDUP($CE8/$AP8,0),0) | DY8: =IF($CF8>0,ROUNDUP($CF8/$AP8,0),0) | DZ8: =IF($CG8>0,ROUNDUP($CG8/$AP8,0),0) | EA8: =IF($CH8>0,ROUNDUP($CH8/$AP8,0),0) | EB8: =IF($CI8>0,ROUNDUP($CI8/$AP8,0),0) | EC8: =MAX($DX8,0) | ED8: =MAX($DY8,$EC8) | EE8: =MAX($DZ8,$ED8) | EF8: =MAX($EA8,$EE8) | EG8: =MAX($EB8,$EF8) | EH8: =$EC8-0 | EI8: =$ED8-$EC8 | EJ8: =$EE8-$ED8 | EK8: =$EF8-$EE8 | EL8: =$EG8-$EF8 | EM8: =0 | EN8: =(1+$AY8=2)*$ER8 | EO8: =(1+$AY8=3)*$ER8+(2+$AY8=3)*$ES8 | EP8: =(1+$AY8=4)*$ER8+(2+$AY8=4)*$ES8+(3+$AY8=4)*$ET8 | EQ8: =(1+$AY8=5)*$ER8+(2+$AY8=5)*$ES8+(3+$AY8=5)*$ET8+(4+$AY8=5)*$EU8 | ER8: =$EH8+$EM8 | ES8: =$EI8+$EN8 | ET8: =$EJ8+$EO8 | EU8: =$EK8+$EP8 | EV8: =$EL8+$EQ8 | EW8: =$ER8*$V8 | EX8: =$ES8*$V8 | EY8: =$ET8*$V8 | EZ8: =$EU8*$V8 | FA8: =$EV8*$V8 | FB8: =$EM8*$V8*$X8 | FC8: =$EN8*$V8*$X8 | FD8: =$EO8*$V8*$X8 | FE8: =$EP8*$V8*$X8 | FF8: =$EQ8*$V8*$X8 | FG8: =$EC8*$V8*(1-$X8)/$AY8 | FH8: =$ED8*$V8*(1-$X8)/$AY8 | FI8: =$EE8*$V8*(1-$X8)/$AY8 | FJ8: =$EF8*$V8*(1-$X8)/$AY8 | FK8: =$EG8*$V8*(1-$X8)/$AY8 | FL8: =$EC8*$Y8*$Z8*$AA8*8760*$BE8 | FM8: =$ED8*$Y8*$Z8*$AA8*8760*$BF8 | FN8: =$EE8*$Y8*$Z8*$AA8*8760*$BG8 | FO8: =$EF8*$Y8*$Z8*$AA8*8760*$BH8 | FP8: =$EG8*$Y8*$Z8*$AA8*8760*$BI8 | FQ8: =IF($AC8>0,$AC8,$EC8*$Y8*$AB8*12)*$BE8 | FR8: =IF($AC8>0,$AC8,$ED8*$Y8*$AB8*12)*$BF8 | FS8: =IF($AC8>0,$AC8,$EE8*$Y8*$AB8*12)*$BG8 | FT8: =IF($AC8>0,$AC8,$EF8*$Y8*$AB8*12)*$BH8 | FU8: =IF($AC8>0,$AC8,$EG8*$Y8*$AB8*12)*$BI8 | FV8: =$EC8*$V8*$AD8*$BE8 | FW8: =$ED8*$V8*$AD8*$BF8 | FX8: =$EE8*$V8*$AD8*$BG8 | FY8: =$EF8*$V8*$AD8*$BH8 | FZ8: =$EG8*$V8*$AD8*$BI8 | GA8: =$AE8*$BE8 | GB8: =$AE8*$BF8 | GC8: =$AE8*$BG8 | GD8: =$AE8*$BH8 | GE8: =$AE8*$BI8 | GF8: =$AF8*$AG8*$BE8 | GG8: =$AF8*$AG8*$BF8 | GH8: =$AF8*$AG8*$BG8 | GI8: =$AF8*$AG8*$BH8 | GJ8: =$AF8*$AG8*$BI8 | GK8: =IF(1=1,$AH8,0) | GL8: =IF(2=1,$AH8,0) | GM8: =IF(3=1,$AH8,0) | GN8: =IF(4=1,$AH8,0) | GO8: =IF(5=1,$AH8,0) | GP8: =$FG8+$FL8+$FQ8+$FV8+$GA8+$GF8+$GK8 | GQ8: =$FH8+$FM8+$FR8+$FW8+$GB8+$GG8+$GL8 | GR8: =$FI8+$FN8+$FS8+$FX8+$GC8+$GH8+$GM8 | GS8: =$FJ8+$FO8+$FT8+$FY8+$GD8+$GI8+$GN8 | GT8: =$FK8+$FP8+$FU8+$FZ8+$GE8+$GJ8+$GO8 | GU8: =$EW8-$FB8+$GK8 | GV8: =$EX8-$FC8+$GL8 | GW8: =$EY8-$FD8+$GM8 | GX8: =$EZ8-$FE8+$GN8 | GY8: =$FA8-$FF8+$GO8 | GZ8: =$FL8+$FQ8+$FV8+$GA8+$GF8 | HA8: =$FM8+$FR8+$FW8+$GB8+$GG8 | HB8: =$FN8+$FS8+$FX8+$GC8+$GH8 | HC8: =$FO8+$FT8+$FY8+$GD8+$GI8 | HD8: =$FP8+$FU8+$FZ8+$GE8+$GJ8 | HE8: =((1<=$AX8)*(1>$AX8-$AY8))*$ER8*$V8*MAX(0,1-(1-$X8)*($AX8-1+1)/$AY8)+((2<=$AX8)*(2>$AX8-$AY8))*$ES8*$V8*MAX(0,1-(1-$X8)*($AX8-2+1)/$AY8)+((3<=$AX8)*(3>$AX8-$AY8))*$ET8*$V8*MAX(0,1-(1-$X8)*($AX8-3+1)/$AY8)+((4<=$AX8)*(4>$AX8-$AY8))*$EU8*$V8*MAX(0,1-(1-$X8)*($AX8-4+1)/$AY8)+((5<=$AX8)*(5>$AX8-$AY8))*$EV8*$V8*MAX(0,1-(1-$X8)*($AX8-5+1)/$AY8) | HF8: =SUMPRODUCT($AZ8:$BD8,$GP8:$GT8) | HG8: =SUM($GP8:$GR8) | HH8: =SUM($GP8:$GT8) | HI8: =SUMPRODUCT($AZ8:$BD8,$GU8:$GY8,$BJ8:$BN8)+SUMPRODUCT($AZ8:$BD8,$GZ8:$HD8,$BO8:$BS8)-$HE8/(1+$AM8)^$AX8 | HJ8: =MIN(1,MAX(0,IF(ISNUMBER($AJ8),$AJ8,IF($F8+$G8+$H8>0,($G8+$H8)/($F8+$G8+$H8),0))*$AR8)) | HK8: =IF($HJ8>0,1,0) | HL8: =IF($HJ8<1,1,0) | HM8: =IF($CE8*$HJ8>0,ROUNDUP($CE8*$HJ8/$AP8,0),0) | HN8: =IF($CF8*$HJ8>0,ROUNDUP($CF8*$HJ8/$AP8,0),0) | HO8: =IF($CG8*$HJ8>0,ROUNDUP($CG8*$HJ8/$AP8,0),0) | HP8: =IF($CH8*$HJ8>0,ROUNDUP($CH8*$HJ8/$AP8,0),0) | HQ8: =IF($CI8*$HJ8>0,ROUNDUP($CI8*$HJ8/$AP8,0),0) | HR8: =MAX($HM8,0) | HS8: =MAX($HN8,$HR8) | HT8: =MAX($HO8,$HS8) | HU8: =MAX($HP8,$HT8) | HV8: =MAX($HQ8,$HU8) | HW8: =$HR8-0 | HX8: =$HS8-$HR8 | HY8: =$HT8-$HS8 | HZ8: =$HU8-$HT8 | IA8: =$HV8-$HU8 | IB8: =0 | IC8: =(1+$AY8=2)*$IG8 | ID8: =(1+$AY8=3)*$IG8+(2+$AY8=3)*$IH8 | IE8: =(1+$AY8=4)*$IG8+(2+$AY8=4)*$IH8+(3+$AY8=4)*$II8 | IF8: =(1+$AY8=5)*$IG8+(2+$AY8=5)*$IH8+(3+$AY8=5)*$II8+(4+$AY8=5)*$IJ8 | IG8: =$HW8+$IB8 | IH8: =$HX8+$IC8 | II8: =$HY8+$ID8 | IJ8: =$HZ8+$IE8 | IK8: =$IA8+$IF8 | IL8: =$IG8*$V8 | IM8: =$IH8*$V8 | IN8: =$II8*$V8 | IO8: =$IJ8*$V8 | IP8: =$IK8*$V8 | IQ8: =$IB8*$V8*$X8 | IR8: =$IC8*$V8*$X8 | IS8: =$ID8*$V8*$X8 | IT8: =$IE8*$V8*$X8 | IU8: =$IF8*$V8*$X8 | IV8: =$HR8*$V8*(1-$X8)/$AY8 | IW8: =$HS8*$V8*(1-$X8)/$AY8 | IX8: =$HT8*$V8*(1-$X8)/$AY8 | IY8: =$HU8*$V8*(1-$X8)/$AY8 | IZ8: =$HV8*$V8*(1-$X8)/$AY8 | JA8: =$HR8*$Y8*$Z8*$AA8*8760*$BE8 | JB8: =$HS8*$Y8*$Z8*$AA8*8760*$BF8 | JC8: =$HT8*$Y8*$Z8*$AA8*8760*$BG8 | JD8: =$HU8*$Y8*$Z8*$AA8*8760*$BH8 | JE8: =$HV8*$Y8*$Z8*$AA8*8760*$BI8 | JF8: =IF($AC8>0,$AC8*$HK8,$HR8*$Y8*$AB8*12)*$BE8 | JG8: =IF($AC8>0,$AC8*$HK8,$HS8*$Y8*$AB8*12)*$BF8 | JH8: =IF($AC8>0,$AC8*$HK8,$HT8*$Y8*$AB8*12)*$BG8 | JI8: =IF($AC8>0,$AC8*$HK8,$HU8*$Y8*$AB8*12)*$BH8 | JJ8: =IF($AC8>0,$AC8*$HK8,$HV8*$Y8*$AB8*12)*$BI8 | JK8: =$HR8*$V8*$AD8*$BE8 | JL8: =$HS8*$V8*$AD8*$BF8 | JM8: =$HT8*$V8*$AD8*$BG8 | JN8: =$HU8*$V8*$AD8*$BH8 | JO8: =$HV8*$V8*$AD8*$BI8 | JP8: =$AE8*$BE8*$HK8 | JQ8: =$AE8*$BF8*$HK8 | JR8: =$AE8*$BG8*$HK8 | JS8: =$AE8*$BH8*$HK8 | JT8: =$AE8*$BI8*$HK8 | JU8: =$AQ8*$AG8*$BE8*$HK8 | JV8: =$AQ8*$AG8*$BF8*$HK8 | JW8: =$AQ8*$AG8*$BG8*$HK8 | JX8: =$AQ8*$AG8*$BH8*$HK8 | JY8: =$AQ8*$AG8*$BI8*$HK8 | JZ8: =$BU8*(1-$HJ8)/1000000*$CJ8 | KA8: =$BV8*(1-$HJ8)/1000000*$CK8 | KB8: =$BW8*(1-$HJ8)/1000000*$CL8 | KC8: =$BX8*(1-$HJ8)/1000000*$CM8 | KD8: =$BY8*(1-$HJ8)/1000000*$CN8 | KE8: =$CT8*$HL8 | KF8: =$CU8*$HL8 | KG8: =$CV8*$HL8 | KH8: =$CW8*$HL8 | KI8: =$CX8*$HL8 | KJ8: =IF(1=1,$R8*$HL8+$AH8*$HK8+$AK8,0) | KK8: =IF(2=1,$R8*$HL8+$AH8*$HK8+$AK8,0) | KL8: =IF(3=1,$R8*$HL8+$AH8*$HK8+$AK8,0) | KM8: =IF(4=1,$R8*$HL8+$AH8*$HK8+$AK8,0) | KN8: =IF(5=1,$R8*$HL8+$AH8*$HK8+$AK8,0) | KO8: =$IV8+$JA8+$JF8+$JK8+$JP8+$JU8+$JZ8+$KE8+$KJ8 | KP8: =$IW8+$JB8+$JG8+$JL8+$JQ8+$JV8+$KA8+$KF8+$KK8 | KQ8: =$IX8+$JC8+$JH8+$JM8+$JR8+$JW8+$KB8+$KG8+$KL8 | KR8: =$IY8+$JD8+$JI8+$JN8+$JS8+$JX8+$KC8+$KH8+$KM8 | KS8: =$IZ8+$JE8+$JJ8+$JO8+$JT8+$JY8+$KD8+$KI8+$KN8 | KT8: =$IL8-$IQ8+$KJ8 | KU8: =$IM8-$IR8+$KK8 | KV8: =$IN8-$IS8+$KL8 | KW8: =$IO8-$IT8+$KM8 | KX8: =$IP8-$IU8+$KN8 | KY8: =$JA8+$JF8+$JK8+$JP8+$JU8+$JZ8+$KE8 | KZ8: =$JB8+$JG8+$JL8+$JQ8+$JV8+$KA8+$KF8 | LA8: =$JC8+$JH8+$JM8+$JR8+$JW8+$KB8+$KG8 | LB8: =$JD8+$JI8+$JN8+$JS8+$JX8+$KC8+$KH8 | LC8: =$JE8+$JJ8+$JO8+$JT8+$JY8+$KD8+$KI8 | LD8: =((1<=$AX8)*(1>$AX8-$AY8))*$IG8*$V8*MAX(0,1-(1-$X8)*($AX8-1+1)/$AY8)+((2<=$AX8)*(2>$AX8-$AY8))*$IH8*$V8*MAX(0,1-(1-$X8)*($AX8-2+1)/$AY8)+((3<=$AX8)*(3>$AX8-$AY8))*$II8*$V8*MAX(0,1-(1-$X8)*($AX8-3+1)/$AY8)+((4<=$AX8)*(4>$AX8-$AY8))*$IJ8*$V8*MAX(0,1-(1-$X8)*($AX8-4+1)/$AY8)+((5<=$AX8)*(5>$AX8-$AY8))*$IK8*$V8*MAX(0,1-(1-$X8)*($AX8-5+1)/$AY8) | LE8: =SUMPRODUCT($AZ8:$BD8,$KO8:$KS8) | LF8: =SUM($KO8:$KQ8) | LG8: =SUM($KO8:$KS8) | LH8: =SUMPRODUCT($AZ8:$BD8,$KT8:$KX8,$BJ8:$BN8)+SUMPRODUCT($AZ8:$BD8,$KY8:$LC8,$BO8:$BS8)-$LD8/(1+$AM8)^$AX8 | LI8: =$BU8/1000000 | LJ8: =IF($LI8>0,$DD8/$LI8,0) | LK8: =IF($LI8>0,$GP8/$LI8,0) | LL8: =IF($LI8>0,$KO8/$LI8,0) | LM8: =$AP8*31536000/1000000 | LN8: =$EC8*$LM8 | LO8: =$FG8+$FL8+$FQ8+$FV8+$GA8+$GF8 | LP8: =IF($LN8*$CJ8>0,MAX(0,($LO8-$CT8)/($LN8*$CJ8)),0) | LQ8: =IF($LN8>0,$LI8/$LN8,0) | LR8: =1/($M8*$AI8) | LS8: =$HR8*$LM8 | LT8: =$IV8+$JA8+$JF8+$JK8+$JP8+$JU8 | LU8: =IF($LS8*$CJ8>0,$LT8/($LS8*$CJ8),0) | LV8: =IF($LS8>0,$LI8*$HJ8/$LS8,0) | LW8: =$V8*(1-$X8)/$AY8+$Y8*$Z8*$AA8*8760+IF($AC8>0,0,$Y8*$AB8*12)+$V8*$AD8 | LX8: =IF($LM8*$CJ8>0,$LW8/($LM8*$CJ8),0) | LY8: =IF($LM8*$LR8>0,$LW8/($LM8*$LR8),0) | LZ8: =$AE8+$AF8*$AG8+IF($AC8>0,$AC8,0)-$CT8 | MA8: =IF($CJ8>$LY8,MAX(0,$LZ8)/($CJ8-$LY8)*1000000,"Not reachable") | MB8: =IF(AND(ISNUMBER($MA8),$BU8>0),$MA8/$BU8,"n/a") | MC8: =$B8*MAX(0,$D8-1)*$E8 | MD8: =$MC8*$C8 | ME8: =$MD8*SUMPRODUCT($AZ8:$BD8,$BO8:$BS8) | MF8: =IF($AO8="Yes",$ME8-$DW8,0) | MG8: =IF($AO8="Yes",$ME8-$HI8,0) | MH8: =IF($AO8="Yes",$ME8-$LH8,0) | MI8: =IF($AO8="Yes",$MD8-$DD8,0) | MJ8: =IF(AND($DW8<=$HI8,$DW8<=$LH8),"Rent the Frontier",IF($HI8<=$LH8,"Own the Frontier","Hybrid")) | MK8: =IF(AND($DT8<=$HF8,$DT8<=$LE8),"Rent the Frontier",IF($HF8<=$LE8,"Own the Frontier","Hybrid"))
A9: =Sensitivity!A12&" ("&Sensitivity!C12&")" | B9: =Inputs!$B$5 | C9: =Inputs!$B$6 | D9: =Inputs!$B$7 | E9: =Inputs!$B$8 | F9: =Inputs!$B$12 | G9: =Inputs!$B$13 | H9: =Inputs!$B$14 | I9: =Inputs!$B$18 | J9: =Inputs!$B$19 | K9: =Inputs!$B$20 | L9: =Inputs!$B$21 | M9: =Inputs!$B$22 | N9: =Inputs!$B$23 | O9: =Inputs!$B$26*Sensitivity!$D$12 | P9: =Inputs!$B$27 | Q9: =Inputs!$B$28 | R9: =Inputs!$B$29 | S9: =Inputs!$B$30 | T9: =Inputs!$B$31 | U9: =Inputs!$B$32 | V9: =Inputs!$B$35 | W9: =Inputs!$B$36 | X9: =Inputs!$B$37 | Y9: =Inputs!$B$38 | Z9: =Inputs!$B$39 | AA9: =Inputs!$B$40 | AB9: =Inputs!$B$41 | AC9: =Inputs!$B$42 | AD9: =Inputs!$B$43 | AE9: =Inputs!$B$44 | AF9: =Inputs!$B$45 | AG9: =Inputs!$B$46 | AH9: =Inputs!$B$47 | AI9: =Inputs!$B$48 | AJ9: =IF(ISNUMBER(Inputs!$B$51),Inputs!$B$51,"") | AK9: =Inputs!$B$52 | AL9: =Inputs!$B$55 | AM9: =Inputs!$B$56 | AN9: =Inputs!$B$57 | AO9: =Inputs!$B$58 | AP9: =Inputs!$B$61 | AQ9: =Inputs!$B$62 | AR9: =1 | AS9: 1 | AT9: 2 | AU9: 3 | AV9: 4 | AW9: 5 | AX9: =MIN(5,MAX(1,ROUND($AL9,0))) | AY9: =MAX(1,ROUND($W9,0)) | AZ9: =IF(1<=$AX9,1,0) | BA9: =IF(2<=$AX9,1,0) | BB9: =IF(3<=$AX9,1,0) | BC9: =IF(4<=$AX9,1,0) | BD9: =IF(5<=$AX9,1,0) | BE9: =(1+$AN9)^(1-1) | BF9: =(1+$AN9)^(2-1) | BG9: =(1+$AN9)^(3-1) | BH9: =(1+$AN9)^(4-1) | BI9: =(1+$AN9)^(5-1) | BJ9: =1/(1+$AM9)^(1-1) | BK9: =1/(1+$AM9)^(2-1) | BL9: =1/(1+$AM9)^(3-1) | BM9: =1/(1+$AM9)^(4-1) | BN9: =1/(1+$AM9)^(5-1) | BO9: =1/(1+$AM9)^1 | BP9: =1/(1+$AM9)^2 | BQ9: =1/(1+$AM9)^3 | BR9: =1/(1+$AM9)^4 | BS9: =1/(1+$AM9)^5 | BT9: =IF(AND($I9="Direct monthly estimate",$J9>0),$J9,$D9*$K9*$L9) | BU9: =$BT9*$B9*12*(1+$N9)^(1-1) | BV9: =$BT9*$B9*12*(1+$N9)^(2-1) | BW9: =$BT9*$B9*12*(1+$N9)^(3-1) | BX9: =$BT9*$B9*12*(1+$N9)^(4-1) | BY9: =$BT9*$B9*12*(1+$N9)^(5-1) | BZ9: =$BU9/31536000*$M9 | CA9: =$BV9/31536000*$M9 | CB9: =$BW9/31536000*$M9 | CC9: =$BX9/31536000*$M9 | CD9: =$BY9/31536000*$M9 | CE9: =$BZ9*$AI9 | CF9: =$CA9*$AI9 | CG9: =$CB9*$AI9 | CH9: =$CC9*$AI9 | CI9: =$CD9*$AI9 | CJ9: =$O9*(1-$Q9)*(1-$P9)^(1-1) | CK9: =$O9*(1-$Q9)*(1-$P9)^(2-1) | CL9: =$O9*(1-$Q9)*(1-$P9)^(3-1) | CM9: =$O9*(1-$Q9)*(1-$P9)^(4-1) | CN9: =$O9*(1-$Q9)*(1-$P9)^(5-1) | CO9: =$BU9/1000000*$CJ9 | CP9: =$BV9/1000000*$CK9 | CQ9: =$BW9/1000000*$CL9 | CR9: =$BX9/1000000*$CM9 | CS9: =$BY9/1000000*$CN9 | CT9: =($T9*$U9+$S9)*$BE9 | CU9: =($T9*$U9+$S9)*$BF9 | CV9: =($T9*$U9+$S9)*$BG9 | CW9: =($T9*$U9+$S9)*$BH9 | CX9: =($T9*$U9+$S9)*$BI9 | CY9: =IF(1=1,$R9,0) | CZ9: =IF(2=1,$R9,0) | DA9: =IF(3=1,$R9,0) | DB9: =IF(4=1,$R9,0) | DC9: =IF(5=1,$R9,0) | DD9: =$CO9+$CT9+$CY9 | DE9: =$CP9+$CU9+$CZ9 | DF9: =$CQ9+$CV9+$DA9 | DG9: =$CR9+$CW9+$DB9 | DH9: =$CS9+$CX9+$DC9 | DI9: =$CY9 | DJ9: =$CZ9 | DK9: =$DA9 | DL9: =$DB9 | DM9: =$DC9 | DN9: =$CO9+$CT9 | DO9: =$CP9+$CU9 | DP9: =$CQ9+$CV9 | DQ9: =$CR9+$CW9 | DR9: =$CS9+$CX9 | DS9: =0 | DT9: =SUMPRODUCT($AZ9:$BD9,$DD9:$DH9) | DU9: =SUM($DD9:$DF9) | DV9: =SUM($DD9:$DH9) | DW9: =SUMPRODUCT($AZ9:$BD9,$DI9:$DM9,$BJ9:$BN9)+SUMPRODUCT($AZ9:$BD9,$DN9:$DR9,$BO9:$BS9)-$DS9/(1+$AM9)^$AX9 | DX9: =IF($CE9>0,ROUNDUP($CE9/$AP9,0),0) | DY9: =IF($CF9>0,ROUNDUP($CF9/$AP9,0),0) | DZ9: =IF($CG9>0,ROUNDUP($CG9/$AP9,0),0) | EA9: =IF($CH9>0,ROUNDUP($CH9/$AP9,0),0) | EB9: =IF($CI9>0,ROUNDUP($CI9/$AP9,0),0) | EC9: =MAX($DX9,0) | ED9: =MAX($DY9,$EC9) | EE9: =MAX($DZ9,$ED9) | EF9: =MAX($EA9,$EE9) | EG9: =MAX($EB9,$EF9) | EH9: =$EC9-0 | EI9: =$ED9-$EC9 | EJ9: =$EE9-$ED9 | EK9: =$EF9-$EE9 | EL9: =$EG9-$EF9 | EM9: =0 | EN9: =(1+$AY9=2)*$ER9 | EO9: =(1+$AY9=3)*$ER9+(2+$AY9=3)*$ES9 | EP9: =(1+$AY9=4)*$ER9+(2+$AY9=4)*$ES9+(3+$AY9=4)*$ET9 | EQ9: =(1+$AY9=5)*$ER9+(2+$AY9=5)*$ES9+(3+$AY9=5)*$ET9+(4+$AY9=5)*$EU9 | ER9: =$EH9+$EM9 | ES9: =$EI9+$EN9 | ET9: =$EJ9+$EO9 | EU9: =$EK9+$EP9 | EV9: =$EL9+$EQ9 | EW9: =$ER9*$V9 | EX9: =$ES9*$V9 | EY9: =$ET9*$V9 | EZ9: =$EU9*$V9 | FA9: =$EV9*$V9 | FB9: =$EM9*$V9*$X9 | FC9: =$EN9*$V9*$X9 | FD9: =$EO9*$V9*$X9 | FE9: =$EP9*$V9*$X9 | FF9: =$EQ9*$V9*$X9 | FG9: =$EC9*$V9*(1-$X9)/$AY9 | FH9: =$ED9*$V9*(1-$X9)/$AY9 | FI9: =$EE9*$V9*(1-$X9)/$AY9 | FJ9: =$EF9*$V9*(1-$X9)/$AY9 | FK9: =$EG9*$V9*(1-$X9)/$AY9 | FL9: =$EC9*$Y9*$Z9*$AA9*8760*$BE9 | FM9: =$ED9*$Y9*$Z9*$AA9*8760*$BF9 | FN9: =$EE9*$Y9*$Z9*$AA9*8760*$BG9 | FO9: =$EF9*$Y9*$Z9*$AA9*8760*$BH9 | FP9: =$EG9*$Y9*$Z9*$AA9*8760*$BI9 | FQ9: =IF($AC9>0,$AC9,$EC9*$Y9*$AB9*12)*$BE9 | FR9: =IF($AC9>0,$AC9,$ED9*$Y9*$AB9*12)*$BF9 | FS9: =IF($AC9>0,$AC9,$EE9*$Y9*$AB9*12)*$BG9 | FT9: =IF($AC9>0,$AC9,$EF9*$Y9*$AB9*12)*$BH9 | FU9: =IF($AC9>0,$AC9,$EG9*$Y9*$AB9*12)*$BI9 | FV9: =$EC9*$V9*$AD9*$BE9 | FW9: =$ED9*$V9*$AD9*$BF9 | FX9: =$EE9*$V9*$AD9*$BG9 | FY9: =$EF9*$V9*$AD9*$BH9 | FZ9: =$EG9*$V9*$AD9*$BI9 | GA9: =$AE9*$BE9 | GB9: =$AE9*$BF9 | GC9: =$AE9*$BG9 | GD9: =$AE9*$BH9 | GE9: =$AE9*$BI9 | GF9: =$AF9*$AG9*$BE9 | GG9: =$AF9*$AG9*$BF9 | GH9: =$AF9*$AG9*$BG9 | GI9: =$AF9*$AG9*$BH9 | GJ9: =$AF9*$AG9*$BI9 | GK9: =IF(1=1,$AH9,0) | GL9: =IF(2=1,$AH9,0) | GM9: =IF(3=1,$AH9,0) | GN9: =IF(4=1,$AH9,0) | GO9: =IF(5=1,$AH9,0) | GP9: =$FG9+$FL9+$FQ9+$FV9+$GA9+$GF9+$GK9 | GQ9: =$FH9+$FM9+$FR9+$FW9+$GB9+$GG9+$GL9 | GR9: =$FI9+$FN9+$FS9+$FX9+$GC9+$GH9+$GM9 | GS9: =$FJ9+$FO9+$FT9+$FY9+$GD9+$GI9+$GN9 | GT9: =$FK9+$FP9+$FU9+$FZ9+$GE9+$GJ9+$GO9 | GU9: =$EW9-$FB9+$GK9 | GV9: =$EX9-$FC9+$GL9 | GW9: =$EY9-$FD9+$GM9 | GX9: =$EZ9-$FE9+$GN9 | GY9: =$FA9-$FF9+$GO9 | GZ9: =$FL9+$FQ9+$FV9+$GA9+$GF9 | HA9: =$FM9+$FR9+$FW9+$GB9+$GG9 | HB9: =$FN9+$FS9+$FX9+$GC9+$GH9 | HC9: =$FO9+$FT9+$FY9+$GD9+$GI9 | HD9: =$FP9+$FU9+$FZ9+$GE9+$GJ9 | HE9: =((1<=$AX9)*(1>$AX9-$AY9))*$ER9*$V9*MAX(0,1-(1-$X9)*($AX9-1+1)/$AY9)+((2<=$AX9)*(2>$AX9-$AY9))*$ES9*$V9*MAX(0,1-(1-$X9)*($AX9-2+1)/$AY9)+((3<=$AX9)*(3>$AX9-$AY9))*$ET9*$V9*MAX(0,1-(1-$X9)*($AX9-3+1)/$AY9)+((4<=$AX9)*(4>$AX9-$AY9))*$EU9*$V9*MAX(0,1-(1-$X9)*($AX9-4+1)/$AY9)+((5<=$AX9)*(5>$AX9-$AY9))*$EV9*$V9*MAX(0,1-(1-$X9)*($AX9-5+1)/$AY9) | HF9: =SUMPRODUCT($AZ9:$BD9,$GP9:$GT9) | HG9: =SUM($GP9:$GR9) | HH9: =SUM($GP9:$GT9) | HI9: =SUMPRODUCT($AZ9:$BD9,$GU9:$GY9,$BJ9:$BN9)+SUMPRODUCT($AZ9:$BD9,$GZ9:$HD9,$BO9:$BS9)-$HE9/(1+$AM9)^$AX9 | HJ9: =MIN(1,MAX(0,IF(ISNUMBER($AJ9),$AJ9,IF($F9+$G9+$H9>0,($G9+$H9)/($F9+$G9+$H9),0))*$AR9)) | HK9: =IF($HJ9>0,1,0) | HL9: =IF($HJ9<1,1,0) | HM9: =IF($CE9*$HJ9>0,ROUNDUP($CE9*$HJ9/$AP9,0),0) | HN9: =IF($CF9*$HJ9>0,ROUNDUP($CF9*$HJ9/$AP9,0),0) | HO9: =IF($CG9*$HJ9>0,ROUNDUP($CG9*$HJ9/$AP9,0),0) | HP9: =IF($CH9*$HJ9>0,ROUNDUP($CH9*$HJ9/$AP9,0),0) | HQ9: =IF($CI9*$HJ9>0,ROUNDUP($CI9*$HJ9/$AP9,0),0) | HR9: =MAX($HM9,0) | HS9: =MAX($HN9,$HR9) | HT9: =MAX($HO9,$HS9) | HU9: =MAX($HP9,$HT9) | HV9: =MAX($HQ9,$HU9) | HW9: =$HR9-0 | HX9: =$HS9-$HR9 | HY9: =$HT9-$HS9 | HZ9: =$HU9-$HT9 | IA9: =$HV9-$HU9 | IB9: =0 | IC9: =(1+$AY9=2)*$IG9 | ID9: =(1+$AY9=3)*$IG9+(2+$AY9=3)*$IH9 | IE9: =(1+$AY9=4)*$IG9+(2+$AY9=4)*$IH9+(3+$AY9=4)*$II9 | IF9: =(1+$AY9=5)*$IG9+(2+$AY9=5)*$IH9+(3+$AY9=5)*$II9+(4+$AY9=5)*$IJ9 | IG9: =$HW9+$IB9 | IH9: =$HX9+$IC9 | II9: =$HY9+$ID9 | IJ9: =$HZ9+$IE9 | IK9: =$IA9+$IF9 | IL9: =$IG9*$V9 | IM9: =$IH9*$V9 | IN9: =$II9*$V9 | IO9: =$IJ9*$V9 | IP9: =$IK9*$V9 | IQ9: =$IB9*$V9*$X9 | IR9: =$IC9*$V9*$X9 | IS9: =$ID9*$V9*$X9 | IT9: =$IE9*$V9*$X9 | IU9: =$IF9*$V9*$X9 | IV9: =$HR9*$V9*(1-$X9)/$AY9 | IW9: =$HS9*$V9*(1-$X9)/$AY9 | IX9: =$HT9*$V9*(1-$X9)/$AY9 | IY9: =$HU9*$V9*(1-$X9)/$AY9 | IZ9: =$HV9*$V9*(1-$X9)/$AY9 | JA9: =$HR9*$Y9*$Z9*$AA9*8760*$BE9 | JB9: =$HS9*$Y9*$Z9*$AA9*8760*$BF9 | JC9: =$HT9*$Y9*$Z9*$AA9*8760*$BG9 | JD9: =$HU9*$Y9*$Z9*$AA9*8760*$BH9 | JE9: =$HV9*$Y9*$Z9*$AA9*8760*$BI9 | JF9: =IF($AC9>0,$AC9*$HK9,$HR9*$Y9*$AB9*12)*$BE9 | JG9: =IF($AC9>0,$AC9*$HK9,$HS9*$Y9*$AB9*12)*$BF9 | JH9: =IF($AC9>0,$AC9*$HK9,$HT9*$Y9*$AB9*12)*$BG9 | JI9: =IF($AC9>0,$AC9*$HK9,$HU9*$Y9*$AB9*12)*$BH9 | JJ9: =IF($AC9>0,$AC9*$HK9,$HV9*$Y9*$AB9*12)*$BI9 | JK9: =$HR9*$V9*$AD9*$BE9 | JL9: =$HS9*$V9*$AD9*$BF9 | JM9: =$HT9*$V9*$AD9*$BG9 | JN9: =$HU9*$V9*$AD9*$BH9 | JO9: =$HV9*$V9*$AD9*$BI9 | JP9: =$AE9*$BE9*$HK9 | JQ9: =$AE9*$BF9*$HK9 | JR9: =$AE9*$BG9*$HK9 | JS9: =$AE9*$BH9*$HK9 | JT9: =$AE9*$BI9*$HK9 | JU9: =$AQ9*$AG9*$BE9*$HK9 | JV9: =$AQ9*$AG9*$BF9*$HK9 | JW9: =$AQ9*$AG9*$BG9*$HK9 | JX9: =$AQ9*$AG9*$BH9*$HK9 | JY9: =$AQ9*$AG9*$BI9*$HK9 | JZ9: =$BU9*(1-$HJ9)/1000000*$CJ9 | KA9: =$BV9*(1-$HJ9)/1000000*$CK9 | KB9: =$BW9*(1-$HJ9)/1000000*$CL9 | KC9: =$BX9*(1-$HJ9)/1000000*$CM9 | KD9: =$BY9*(1-$HJ9)/1000000*$CN9 | KE9: =$CT9*$HL9 | KF9: =$CU9*$HL9 | KG9: =$CV9*$HL9 | KH9: =$CW9*$HL9 | KI9: =$CX9*$HL9 | KJ9: =IF(1=1,$R9*$HL9+$AH9*$HK9+$AK9,0) | KK9: =IF(2=1,$R9*$HL9+$AH9*$HK9+$AK9,0) | KL9: =IF(3=1,$R9*$HL9+$AH9*$HK9+$AK9,0) | KM9: =IF(4=1,$R9*$HL9+$AH9*$HK9+$AK9,0) | KN9: =IF(5=1,$R9*$HL9+$AH9*$HK9+$AK9,0) | KO9: =$IV9+$JA9+$JF9+$JK9+$JP9+$JU9+$JZ9+$KE9+$KJ9 | KP9: =$IW9+$JB9+$JG9+$JL9+$JQ9+$JV9+$KA9+$KF9+$KK9 | KQ9: =$IX9+$JC9+$JH9+$JM9+$JR9+$JW9+$KB9+$KG9+$KL9 | KR9: =$IY9+$JD9+$JI9+$JN9+$JS9+$JX9+$KC9+$KH9+$KM9 | KS9: =$IZ9+$JE9+$JJ9+$JO9+$JT9+$JY9+$KD9+$KI9+$KN9 | KT9: =$IL9-$IQ9+$KJ9 | KU9: =$IM9-$IR9+$KK9 | KV9: =$IN9-$IS9+$KL9 | KW9: =$IO9-$IT9+$KM9 | KX9: =$IP9-$IU9+$KN9 | KY9: =$JA9+$JF9+$JK9+$JP9+$JU9+$JZ9+$KE9 | KZ9: =$JB9+$JG9+$JL9+$JQ9+$JV9+$KA9+$KF9 | LA9: =$JC9+$JH9+$JM9+$JR9+$JW9+$KB9+$KG9 | LB9: =$JD9+$JI9+$JN9+$JS9+$JX9+$KC9+$KH9 | LC9: =$JE9+$JJ9+$JO9+$JT9+$JY9+$KD9+$KI9 | LD9: =((1<=$AX9)*(1>$AX9-$AY9))*$IG9*$V9*MAX(0,1-(1-$X9)*($AX9-1+1)/$AY9)+((2<=$AX9)*(2>$AX9-$AY9))*$IH9*$V9*MAX(0,1-(1-$X9)*($AX9-2+1)/$AY9)+((3<=$AX9)*(3>$AX9-$AY9))*$II9*$V9*MAX(0,1-(1-$X9)*($AX9-3+1)/$AY9)+((4<=$AX9)*(4>$AX9-$AY9))*$IJ9*$V9*MAX(0,1-(1-$X9)*($AX9-4+1)/$AY9)+((5<=$AX9)*(5>$AX9-$AY9))*$IK9*$V9*MAX(0,1-(1-$X9)*($AX9-5+1)/$AY9) | LE9: =SUMPRODUCT($AZ9:$BD9,$KO9:$KS9) | LF9: =SUM($KO9:$KQ9) | LG9: =SUM($KO9:$KS9) | LH9: =SUMPRODUCT($AZ9:$BD9,$KT9:$KX9,$BJ9:$BN9)+SUMPRODUCT($AZ9:$BD9,$KY9:$LC9,$BO9:$BS9)-$LD9/(1+$AM9)^$AX9 | LI9: =$BU9/1000000 | LJ9: =IF($LI9>0,$DD9/$LI9,0) | LK9: =IF($LI9>0,$GP9/$LI9,0) | LL9: =IF($LI9>0,$KO9/$LI9,0) | LM9: =$AP9*31536000/1000000 | LN9: =$EC9*$LM9 | LO9: =$FG9+$FL9+$FQ9+$FV9+$GA9+$GF9 | LP9: =IF($LN9*$CJ9>0,MAX(0,($LO9-$CT9)/($LN9*$CJ9)),0) | LQ9: =IF($LN9>0,$LI9/$LN9,0) | LR9: =1/($M9*$AI9) | LS9: =$HR9*$LM9 | LT9: =$IV9+$JA9+$JF9+$JK9+$JP9+$JU9 | LU9: =IF($LS9*$CJ9>0,$LT9/($LS9*$CJ9),0) | LV9: =IF($LS9>0,$LI9*$HJ9/$LS9,0) | LW9: =$V9*(1-$X9)/$AY9+$Y9*$Z9*$AA9*8760+IF($AC9>0,0,$Y9*$AB9*12)+$V9*$AD9 | LX9: =IF($LM9*$CJ9>0,$LW9/($LM9*$CJ9),0) | LY9: =IF($LM9*$LR9>0,$LW9/($LM9*$LR9),0) | LZ9: =$AE9+$AF9*$AG9+IF($AC9>0,$AC9,0)-$CT9 | MA9: =IF($CJ9>$LY9,MAX(0,$LZ9)/($CJ9-$LY9)*1000000,"Not reachable") | MB9: =IF(AND(ISNUMBER($MA9),$BU9>0),$MA9/$BU9,"n/a") | MC9: =$B9*MAX(0,$D9-1)*$E9 | MD9: =$MC9*$C9 | ME9: =$MD9*SUMPRODUCT($AZ9:$BD9,$BO9:$BS9) | MF9: =IF($AO9="Yes",$ME9-$DW9,0) | MG9: =IF($AO9="Yes",$ME9-$HI9,0) | MH9: =IF($AO9="Yes",$ME9-$LH9,0) | MI9: =IF($AO9="Yes",$MD9-$DD9,0) | MJ9: =IF(AND($DW9<=$HI9,$DW9<=$LH9),"Rent the Frontier",IF($HI9<=$LH9,"Own the Frontier","Hybrid")) | MK9: =IF(AND($DT9<=$HF9,$DT9<=$LE9),"Rent the Frontier",IF($HF9<=$LE9,"Own the Frontier","Hybrid"))
A10: =Sensitivity!A13&" ("&Sensitivity!C13&")" | B10: =Inputs!$B$5 | C10: =Inputs!$B$6 | D10: =Inputs!$B$7 | E10: =Inputs!$B$8 | F10: =Inputs!$B$12 | G10: =Inputs!$B$13 | H10: =Inputs!$B$14 | I10: =Inputs!$B$18 | J10: =Inputs!$B$19 | K10: =Inputs!$B$20 | L10: =Inputs!$B$21 | M10: =Inputs!$B$22 | N10: =Inputs!$B$23 | O10: =Inputs!$B$26*Sensitivity!$D$13 | P10: =Inputs!$B$27 | Q10: =Inputs!$B$28 | R10: =Inputs!$B$29 | S10: =Inputs!$B$30 | T10: =Inputs!$B$31 | U10: =Inputs!$B$32 | V10: =Inputs!$B$35 | W10: =Inputs!$B$36 | X10: =Inputs!$B$37 | Y10: =Inputs!$B$38 | Z10: =Inputs!$B$39 | AA10: =Inputs!$B$40 | AB10: =Inputs!$B$41 | AC10: =Inputs!$B$42 | AD10: =Inputs!$B$43 | AE10: =Inputs!$B$44 | AF10: =Inputs!$B$45 | AG10: =Inputs!$B$46 | AH10: =Inputs!$B$47 | AI10: =Inputs!$B$48 | AJ10: =IF(ISNUMBER(Inputs!$B$51),Inputs!$B$51,"") | AK10: =Inputs!$B$52 | AL10: =Inputs!$B$55 | AM10: =Inputs!$B$56 | AN10: =Inputs!$B$57 | AO10: =Inputs!$B$58 | AP10: =Inputs!$B$61 | AQ10: =Inputs!$B$62 | AR10: =1 | AS10: 1 | AT10: 2 | AU10: 3 | AV10: 4 | AW10: 5 | AX10: =MIN(5,MAX(1,ROUND($AL10,0))) | AY10: =MAX(1,ROUND($W10,0)) | AZ10: =IF(1<=$AX10,1,0) | BA10: =IF(2<=$AX10,1,0) | BB10: =IF(3<=$AX10,1,0) | BC10: =IF(4<=$AX10,1,0) | BD10: =IF(5<=$AX10,1,0) | BE10: =(1+$AN10)^(1-1) | BF10: =(1+$AN10)^(2-1) | BG10: =(1+$AN10)^(3-1) | BH10: =(1+$AN10)^(4-1) | BI10: =(1+$AN10)^(5-1) | BJ10: =1/(1+$AM10)^(1-1) | BK10: =1/(1+$AM10)^(2-1) | BL10: =1/(1+$AM10)^(3-1) | BM10: =1/(1+$AM10)^(4-1) | BN10: =1/(1+$AM10)^(5-1) | BO10: =1/(1+$AM10)^1 | BP10: =1/(1+$AM10)^2 | BQ10: =1/(1+$AM10)^3 | BR10: =1/(1+$AM10)^4 | BS10: =1/(1+$AM10)^5 | BT10: =IF(AND($I10="Direct monthly estimate",$J10>0),$J10,$D10*$K10*$L10) | BU10: =$BT10*$B10*12*(1+$N10)^(1-1) | BV10: =$BT10*$B10*12*(1+$N10)^(2-1) | BW10: =$BT10*$B10*12*(1+$N10)^(3-1) | BX10: =$BT10*$B10*12*(1+$N10)^(4-1) | BY10: =$BT10*$B10*12*(1+$N10)^(5-1) | BZ10: =$BU10/31536000*$M10 | CA10: =$BV10/31536000*$M10 | CB10: =$BW10/31536000*$M10 | CC10: =$BX10/31536000*$M10 | CD10: =$BY10/31536000*$M10 | CE10: =$BZ10*$AI10 | CF10: =$CA10*$AI10 | CG10: =$CB10*$AI10 | CH10: =$CC10*$AI10 | CI10: =$CD10*$AI10 | CJ10: =$O10*(1-$Q10)*(1-$P10)^(1-1) | CK10: =$O10*(1-$Q10)*(1-$P10)^(2-1) | CL10: =$O10*(1-$Q10)*(1-$P10)^(3-1) | CM10: =$O10*(1-$Q10)*(1-$P10)^(4-1) | CN10: =$O10*(1-$Q10)*(1-$P10)^(5-1) | CO10: =$BU10/1000000*$CJ10 | CP10: =$BV10/1000000*$CK10 | CQ10: =$BW10/1000000*$CL10 | CR10: =$BX10/1000000*$CM10 | CS10: =$BY10/1000000*$CN10 | CT10: =($T10*$U10+$S10)*$BE10 | CU10: =($T10*$U10+$S10)*$BF10 | CV10: =($T10*$U10+$S10)*$BG10 | CW10: =($T10*$U10+$S10)*$BH10 | CX10: =($T10*$U10+$S10)*$BI10 | CY10: =IF(1=1,$R10,0) | CZ10: =IF(2=1,$R10,0) | DA10: =IF(3=1,$R10,0) | DB10: =IF(4=1,$R10,0) | DC10: =IF(5=1,$R10,0) | DD10: =$CO10+$CT10+$CY10 | DE10: =$CP10+$CU10+$CZ10 | DF10: =$CQ10+$CV10+$DA10 | DG10: =$CR10+$CW10+$DB10 | DH10: =$CS10+$CX10+$DC10 | DI10: =$CY10 | DJ10: =$CZ10 | DK10: =$DA10 | DL10: =$DB10 | DM10: =$DC10 | DN10: =$CO10+$CT10 | DO10: =$CP10+$CU10 | DP10: =$CQ10+$CV10 | DQ10: =$CR10+$CW10 | DR10: =$CS10+$CX10 | DS10: =0 | DT10: =SUMPRODUCT($AZ10:$BD10,$DD10:$DH10) | DU10: =SUM($DD10:$DF10) | DV10: =SUM($DD10:$DH10) | DW10: =SUMPRODUCT($AZ10:$BD10,$DI10:$DM10,$BJ10:$BN10)+SUMPRODUCT($AZ10:$BD10,$DN10:$DR10,$BO10:$BS10)-$DS10/(1+$AM10)^$AX10 | DX10: =IF($CE10>0,ROUNDUP($CE10/$AP10,0),0) | DY10: =IF($CF10>0,ROUNDUP($CF10/$AP10,0),0) | DZ10: =IF($CG10>0,ROUNDUP($CG10/$AP10,0),0) | EA10: =IF($CH10>0,ROUNDUP($CH10/$AP10,0),0) | EB10: =IF($CI10>0,ROUNDUP($CI10/$AP10,0),0) | EC10: =MAX($DX10,0) | ED10: =MAX($DY10,$EC10) | EE10: =MAX($DZ10,$ED10) | EF10: =MAX($EA10,$EE10) | EG10: =MAX($EB10,$EF10) | EH10: =$EC10-0 | EI10: =$ED10-$EC10 | EJ10: =$EE10-$ED10 | EK10: =$EF10-$EE10 | EL10: =$EG10-$EF10 | EM10: =0 | EN10: =(1+$AY10=2)*$ER10 | EO10: =(1+$AY10=3)*$ER10+(2+$AY10=3)*$ES10 | EP10: =(1+$AY10=4)*$ER10+(2+$AY10=4)*$ES10+(3+$AY10=4)*$ET10 | EQ10: =(1+$AY10=5)*$ER10+(2+$AY10=5)*$ES10+(3+$AY10=5)*$ET10+(4+$AY10=5)*$EU10 | ER10: =$EH10+$EM10 | ES10: =$EI10+$EN10 | ET10: =$EJ10+$EO10 | EU10: =$EK10+$EP10 | EV10: =$EL10+$EQ10 | EW10: =$ER10*$V10 | EX10: =$ES10*$V10 | EY10: =$ET10*$V10 | EZ10: =$EU10*$V10 | FA10: =$EV10*$V10 | FB10: =$EM10*$V10*$X10 | FC10: =$EN10*$V10*$X10 | FD10: =$EO10*$V10*$X10 | FE10: =$EP10*$V10*$X10 | FF10: =$EQ10*$V10*$X10 | FG10: =$EC10*$V10*(1-$X10)/$AY10 | FH10: =$ED10*$V10*(1-$X10)/$AY10 | FI10: =$EE10*$V10*(1-$X10)/$AY10 | FJ10: =$EF10*$V10*(1-$X10)/$AY10 | FK10: =$EG10*$V10*(1-$X10)/$AY10 | FL10: =$EC10*$Y10*$Z10*$AA10*8760*$BE10 | FM10: =$ED10*$Y10*$Z10*$AA10*8760*$BF10 | FN10: =$EE10*$Y10*$Z10*$AA10*8760*$BG10 | FO10: =$EF10*$Y10*$Z10*$AA10*8760*$BH10 | FP10: =$EG10*$Y10*$Z10*$AA10*8760*$BI10 | FQ10: =IF($AC10>0,$AC10,$EC10*$Y10*$AB10*12)*$BE10 | FR10: =IF($AC10>0,$AC10,$ED10*$Y10*$AB10*12)*$BF10 | FS10: =IF($AC10>0,$AC10,$EE10*$Y10*$AB10*12)*$BG10 | FT10: =IF($AC10>0,$AC10,$EF10*$Y10*$AB10*12)*$BH10 | FU10: =IF($AC10>0,$AC10,$EG10*$Y10*$AB10*12)*$BI10 | FV10: =$EC10*$V10*$AD10*$BE10 | FW10: =$ED10*$V10*$AD10*$BF10 | FX10: =$EE10*$V10*$AD10*$BG10 | FY10: =$EF10*$V10*$AD10*$BH10 | FZ10: =$EG10*$V10*$AD10*$BI10 | GA10: =$AE10*$BE10 | GB10: =$AE10*$BF10 | GC10: =$AE10*$BG10 | GD10: =$AE10*$BH10 | GE10: =$AE10*$BI10 | GF10: =$AF10*$AG10*$BE10 | GG10: =$AF10*$AG10*$BF10 | GH10: =$AF10*$AG10*$BG10 | GI10: =$AF10*$AG10*$BH10 | GJ10: =$AF10*$AG10*$BI10 | GK10: =IF(1=1,$AH10,0) | GL10: =IF(2=1,$AH10,0) | GM10: =IF(3=1,$AH10,0) | GN10: =IF(4=1,$AH10,0) | GO10: =IF(5=1,$AH10,0) | GP10: =$FG10+$FL10+$FQ10+$FV10+$GA10+$GF10+$GK10 | GQ10: =$FH10+$FM10+$FR10+$FW10+$GB10+$GG10+$GL10 | GR10: =$FI10+$FN10+$FS10+$FX10+$GC10+$GH10+$GM10 | GS10: =$FJ10+$FO10+$FT10+$FY10+$GD10+$GI10+$GN10 | GT10: =$FK10+$FP10+$FU10+$FZ10+$GE10+$GJ10+$GO10 | GU10: =$EW10-$FB10+$GK10 | GV10: =$EX10-$FC10+$GL10 | GW10: =$EY10-$FD10+$GM10 | GX10: =$EZ10-$FE10+$GN10 | GY10: =$FA10-$FF10+$GO10 | GZ10: =$FL10+$FQ10+$FV10+$GA10+$GF10 | HA10: =$FM10+$FR10+$FW10+$GB10+$GG10 | HB10: =$FN10+$FS10+$FX10+$GC10+$GH10 | HC10: =$FO10+$FT10+$FY10+$GD10+$GI10 | HD10: =$FP10+$FU10+$FZ10+$GE10+$GJ10 | HE10: =((1<=$AX10)*(1>$AX10-$AY10))*$ER10*$V10*MAX(0,1-(1-$X10)*($AX10-1+1)/$AY10)+((2<=$AX10)*(2>$AX10-$AY10))*$ES10*$V10*MAX(0,1-(1-$X10)*($AX10-2+1)/$AY10)+((3<=$AX10)*(3>$AX10-$AY10))*$ET10*$V10*MAX(0,1-(1-$X10)*($AX10-3+1)/$AY10)+((4<=$AX10)*(4>$AX10-$AY10))*$EU10*$V10*MAX(0,1-(1-$X10)*($AX10-4+1)/$AY10)+((5<=$AX10)*(5>$AX10-$AY10))*$EV10*$V10*MAX(0,1-(1-$X10)*($AX10-5+1)/$AY10) | HF10: =SUMPRODUCT($AZ10:$BD10,$GP10:$GT10) | HG10: =SUM($GP10:$GR10) | HH10: =SUM($GP10:$GT10) | HI10: =SUMPRODUCT($AZ10:$BD10,$GU10:$GY10,$BJ10:$BN10)+SUMPRODUCT($AZ10:$BD10,$GZ10:$HD10,$BO10:$BS10)-$HE10/(1+$AM10)^$AX10 | HJ10: =MIN(1,MAX(0,IF(ISNUMBER($AJ10),$AJ10,IF($F10+$G10+$H10>0,($G10+$H10)/($F10+$G10+$H10),0))*$AR10)) | HK10: =IF($HJ10>0,1,0) | HL10: =IF($HJ10<1,1,0) | HM10: =IF($CE10*$HJ10>0,ROUNDUP($CE10*$HJ10/$AP10,0),0) | HN10: =IF($CF10*$HJ10>0,ROUNDUP($CF10*$HJ10/$AP10,0),0) | HO10: =IF($CG10*$HJ10>0,ROUNDUP($CG10*$HJ10/$AP10,0),0) | HP10: =IF($CH10*$HJ10>0,ROUNDUP($CH10*$HJ10/$AP10,0),0) | HQ10: =IF($CI10*$HJ10>0,ROUNDUP($CI10*$HJ10/$AP10,0),0) | HR10: =MAX($HM10,0) | HS10: =MAX($HN10,$HR10) | HT10: =MAX($HO10,$HS10) | HU10: =MAX($HP10,$HT10) | HV10: =MAX($HQ10,$HU10) | HW10: =$HR10-0 | HX10: =$HS10-$HR10 | HY10: =$HT10-$HS10 | HZ10: =$HU10-$HT10 | IA10: =$HV10-$HU10 | IB10: =0 | IC10: =(1+$AY10=2)*$IG10 | ID10: =(1+$AY10=3)*$IG10+(2+$AY10=3)*$IH10 | IE10: =(1+$AY10=4)*$IG10+(2+$AY10=4)*$IH10+(3+$AY10=4)*$II10 | IF10: =(1+$AY10=5)*$IG10+(2+$AY10=5)*$IH10+(3+$AY10=5)*$II10+(4+$AY10=5)*$IJ10 | IG10: =$HW10+$IB10 | IH10: =$HX10+$IC10 | II10: =$HY10+$ID10 | IJ10: =$HZ10+$IE10 | IK10: =$IA10+$IF10 | IL10: =$IG10*$V10 | IM10: =$IH10*$V10 | IN10: =$II10*$V10 | IO10: =$IJ10*$V10 | IP10: =$IK10*$V10 | IQ10: =$IB10*$V10*$X10 | IR10: =$IC10*$V10*$X10 | IS10: =$ID10*$V10*$X10 | IT10: =$IE10*$V10*$X10 | IU10: =$IF10*$V10*$X10 | IV10: =$HR10*$V10*(1-$X10)/$AY10 | IW10: =$HS10*$V10*(1-$X10)/$AY10 | IX10: =$HT10*$V10*(1-$X10)/$AY10 | IY10: =$HU10*$V10*(1-$X10)/$AY10 | IZ10: =$HV10*$V10*(1-$X10)/$AY10 | JA10: =$HR10*$Y10*$Z10*$AA10*8760*$BE10 | JB10: =$HS10*$Y10*$Z10*$AA10*8760*$BF10 | JC10: =$HT10*$Y10*$Z10*$AA10*8760*$BG10 | JD10: =$HU10*$Y10*$Z10*$AA10*8760*$BH10 | JE10: =$HV10*$Y10*$Z10*$AA10*8760*$BI10 | JF10: =IF($AC10>0,$AC10*$HK10,$HR10*$Y10*$AB10*12)*$BE10 | JG10: =IF($AC10>0,$AC10*$HK10,$HS10*$Y10*$AB10*12)*$BF10 | JH10: =IF($AC10>0,$AC10*$HK10,$HT10*$Y10*$AB10*12)*$BG10 | JI10: =IF($AC10>0,$AC10*$HK10,$HU10*$Y10*$AB10*12)*$BH10 | JJ10: =IF($AC10>0,$AC10*$HK10,$HV10*$Y10*$AB10*12)*$BI10 | JK10: =$HR10*$V10*$AD10*$BE10 | JL10: =$HS10*$V10*$AD10*$BF10 | JM10: =$HT10*$V10*$AD10*$BG10 | JN10: =$HU10*$V10*$AD10*$BH10 | JO10: =$HV10*$V10*$AD10*$BI10 | JP10: =$AE10*$BE10*$HK10 | JQ10: =$AE10*$BF10*$HK10 | JR10: =$AE10*$BG10*$HK10 | JS10: =$AE10*$BH10*$HK10 | JT10: =$AE10*$BI10*$HK10 | JU10: =$AQ10*$AG10*$BE10*$HK10 | JV10: =$AQ10*$AG10*$BF10*$HK10 | JW10: =$AQ10*$AG10*$BG10*$HK10 | JX10: =$AQ10*$AG10*$BH10*$HK10 | JY10: =$AQ10*$AG10*$BI10*$HK10 | JZ10: =$BU10*(1-$HJ10)/1000000*$CJ10 | KA10: =$BV10*(1-$HJ10)/1000000*$CK10 | KB10: =$BW10*(1-$HJ10)/1000000*$CL10 | KC10: =$BX10*(1-$HJ10)/1000000*$CM10 | KD10: =$BY10*(1-$HJ10)/1000000*$CN10 | KE10: =$CT10*$HL10 | KF10: =$CU10*$HL10 | KG10: =$CV10*$HL10 | KH10: =$CW10*$HL10 | KI10: =$CX10*$HL10 | KJ10: =IF(1=1,$R10*$HL10+$AH10*$HK10+$AK10,0) | KK10: =IF(2=1,$R10*$HL10+$AH10*$HK10+$AK10,0) | KL10: =IF(3=1,$R10*$HL10+$AH10*$HK10+$AK10,0) | KM10: =IF(4=1,$R10*$HL10+$AH10*$HK10+$AK10,0) | KN10: =IF(5=1,$R10*$HL10+$AH10*$HK10+$AK10,0) | KO10: =$IV10+$JA10+$JF10+$JK10+$JP10+$JU10+$JZ10+$KE10+$KJ10 | KP10: =$IW10+$JB10+$JG10+$JL10+$JQ10+$JV10+$KA10+$KF10+$KK10 | KQ10: =$IX10+$JC10+$JH10+$JM10+$JR10+$JW10+$KB10+$KG10+$KL10 | KR10: =$IY10+$JD10+$JI10+$JN10+$JS10+$JX10+$KC10+$KH10+$KM10 | KS10: =$IZ10+$JE10+$JJ10+$JO10+$JT10+$JY10+$KD10+$KI10+$KN10 | KT10: =$IL10-$IQ10+$KJ10 | KU10: =$IM10-$IR10+$KK10 | KV10: =$IN10-$IS10+$KL10 | KW10: =$IO10-$IT10+$KM10 | KX10: =$IP10-$IU10+$KN10 | KY10: =$JA10+$JF10+$JK10+$JP10+$JU10+$JZ10+$KE10 | KZ10: =$JB10+$JG10+$JL10+$JQ10+$JV10+$KA10+$KF10 | LA10: =$JC10+$JH10+$JM10+$JR10+$JW10+$KB10+$KG10 | LB10: =$JD10+$JI10+$JN10+$JS10+$JX10+$KC10+$KH10 | LC10: =$JE10+$JJ10+$JO10+$JT10+$JY10+$KD10+$KI10 | LD10: =((1<=$AX10)*(1>$AX10-$AY10))*$IG10*$V10*MAX(0,1-(1-$X10)*($AX10-1+1)/$AY10)+((2<=$AX10)*(2>$AX10-$AY10))*$IH10*$V10*MAX(0,1-(1-$X10)*($AX10-2+1)/$AY10)+((3<=$AX10)*(3>$AX10-$AY10))*$II10*$V10*MAX(0,1-(1-$X10)*($AX10-3+1)/$AY10)+((4<=$AX10)*(4>$AX10-$AY10))*$IJ10*$V10*MAX(0,1-(1-$X10)*($AX10-4+1)/$AY10)+((5<=$AX10)*(5>$AX10-$AY10))*$IK10*$V10*MAX(0,1-(1-$X10)*($AX10-5+1)/$AY10) | LE10: =SUMPRODUCT($AZ10:$BD10,$KO10:$KS10) | LF10: =SUM($KO10:$KQ10) | LG10: =SUM($KO10:$KS10) | LH10: =SUMPRODUCT($AZ10:$BD10,$KT10:$KX10,$BJ10:$BN10)+SUMPRODUCT($AZ10:$BD10,$KY10:$LC10,$BO10:$BS10)-$LD10/(1+$AM10)^$AX10 | LI10: =$BU10/1000000 | LJ10: =IF($LI10>0,$DD10/$LI10,0) | LK10: =IF($LI10>0,$GP10/$LI10,0) | LL10: =IF($LI10>0,$KO10/$LI10,0) | LM10: =$AP10*31536000/1000000 | LN10: =$EC10*$LM10 | LO10: =$FG10+$FL10+$FQ10+$FV10+$GA10+$GF10 | LP10: =IF($LN10*$CJ10>0,MAX(0,($LO10-$CT10)/($LN10*$CJ10)),0) | LQ10: =IF($LN10>0,$LI10/$LN10,0) | LR10: =1/($M10*$AI10) | LS10: =$HR10*$LM10 | LT10: =$IV10+$JA10+$JF10+$JK10+$JP10+$JU10 | LU10: =IF($LS10*$CJ10>0,$LT10/($LS10*$CJ10),0) | LV10: =IF($LS10>0,$LI10*$HJ10/$LS10,0) | LW10: =$V10*(1-$X10)/$AY10+$Y10*$Z10*$AA10*8760+IF($AC10>0,0,$Y10*$AB10*12)+$V10*$AD10 | LX10: =IF($LM10*$CJ10>0,$LW10/($LM10*$CJ10),0) | LY10: =IF($LM10*$LR10>0,$LW10/($LM10*$LR10),0) | LZ10: =$AE10+$AF10*$AG10+IF($AC10>0,$AC10,0)-$CT10 | MA10: =IF($CJ10>$LY10,MAX(0,$LZ10)/($CJ10-$LY10)*1000000,"Not reachable") | MB10: =IF(AND(ISNUMBER($MA10),$BU10>0),$MA10/$BU10,"n/a") | MC10: =$B10*MAX(0,$D10-1)*$E10 | MD10: =$MC10*$C10 | ME10: =$MD10*SUMPRODUCT($AZ10:$BD10,$BO10:$BS10) | MF10: =IF($AO10="Yes",$ME10-$DW10,0) | MG10: =IF($AO10="Yes",$ME10-$HI10,0) | MH10: =IF($AO10="Yes",$ME10-$LH10,0) | MI10: =IF($AO10="Yes",$MD10-$DD10,0) | MJ10: =IF(AND($DW10<=$HI10,$DW10<=$LH10),"Rent the Frontier",IF($HI10<=$LH10,"Own the Frontier","Hybrid")) | MK10: =IF(AND($DT10<=$HF10,$DT10<=$LE10),"Rent the Frontier",IF($HF10<=$LE10,"Own the Frontier","Hybrid"))
A11: =Sensitivity!A14&" ("&Sensitivity!C14&")" | B11: =Inputs!$B$5 | C11: =Inputs!$B$6 | D11: =Inputs!$B$7 | E11: =Inputs!$B$8 | F11: =Inputs!$B$12 | G11: =Inputs!$B$13 | H11: =Inputs!$B$14 | I11: =Inputs!$B$18 | J11: =Inputs!$B$19 | K11: =Inputs!$B$20 | L11: =Inputs!$B$21 | M11: =Inputs!$B$22 | N11: =Inputs!$B$23 | O11: =Inputs!$B$26 | P11: =Inputs!$B$27 | Q11: =Inputs!$B$28 | R11: =Inputs!$B$29 | S11: =Inputs!$B$30 | T11: =Inputs!$B$31 | U11: =Inputs!$B$32 | V11: =Inputs!$B$35*Sensitivity!$D$14 | W11: =Inputs!$B$36 | X11: =Inputs!$B$37 | Y11: =Inputs!$B$38 | Z11: =Inputs!$B$39 | AA11: =Inputs!$B$40 | AB11: =Inputs!$B$41 | AC11: =Inputs!$B$42 | AD11: =Inputs!$B$43 | AE11: =Inputs!$B$44 | AF11: =Inputs!$B$45 | AG11: =Inputs!$B$46 | AH11: =Inputs!$B$47 | AI11: =Inputs!$B$48 | AJ11: =IF(ISNUMBER(Inputs!$B$51),Inputs!$B$51,"") | AK11: =Inputs!$B$52 | AL11: =Inputs!$B$55 | AM11: =Inputs!$B$56 | AN11: =Inputs!$B$57 | AO11: =Inputs!$B$58 | AP11: =Inputs!$B$61 | AQ11: =Inputs!$B$62 | AR11: =1 | AS11: 1 | AT11: 2 | AU11: 3 | AV11: 4 | AW11: 5 | AX11: =MIN(5,MAX(1,ROUND($AL11,0))) | AY11: =MAX(1,ROUND($W11,0)) | AZ11: =IF(1<=$AX11,1,0) | BA11: =IF(2<=$AX11,1,0) | BB11: =IF(3<=$AX11,1,0) | BC11: =IF(4<=$AX11,1,0) | BD11: =IF(5<=$AX11,1,0) | BE11: =(1+$AN11)^(1-1) | BF11: =(1+$AN11)^(2-1) | BG11: =(1+$AN11)^(3-1) | BH11: =(1+$AN11)^(4-1) | BI11: =(1+$AN11)^(5-1) | BJ11: =1/(1+$AM11)^(1-1) | BK11: =1/(1+$AM11)^(2-1) | BL11: =1/(1+$AM11)^(3-1) | BM11: =1/(1+$AM11)^(4-1) | BN11: =1/(1+$AM11)^(5-1) | BO11: =1/(1+$AM11)^1 | BP11: =1/(1+$AM11)^2 | BQ11: =1/(1+$AM11)^3 | BR11: =1/(1+$AM11)^4 | BS11: =1/(1+$AM11)^5 | BT11: =IF(AND($I11="Direct monthly estimate",$J11>0),$J11,$D11*$K11*$L11) | BU11: =$BT11*$B11*12*(1+$N11)^(1-1) | BV11: =$BT11*$B11*12*(1+$N11)^(2-1) | BW11: =$BT11*$B11*12*(1+$N11)^(3-1) | BX11: =$BT11*$B11*12*(1+$N11)^(4-1) | BY11: =$BT11*$B11*12*(1+$N11)^(5-1) | BZ11: =$BU11/31536000*$M11 | CA11: =$BV11/31536000*$M11 | CB11: =$BW11/31536000*$M11 | CC11: =$BX11/31536000*$M11 | CD11: =$BY11/31536000*$M11 | CE11: =$BZ11*$AI11 | CF11: =$CA11*$AI11 | CG11: =$CB11*$AI11 | CH11: =$CC11*$AI11 | CI11: =$CD11*$AI11 | CJ11: =$O11*(1-$Q11)*(1-$P11)^(1-1) | CK11: =$O11*(1-$Q11)*(1-$P11)^(2-1) | CL11: =$O11*(1-$Q11)*(1-$P11)^(3-1) | CM11: =$O11*(1-$Q11)*(1-$P11)^(4-1) | CN11: =$O11*(1-$Q11)*(1-$P11)^(5-1) | CO11: =$BU11/1000000*$CJ11 | CP11: =$BV11/1000000*$CK11 | CQ11: =$BW11/1000000*$CL11 | CR11: =$BX11/1000000*$CM11 | CS11: =$BY11/1000000*$CN11 | CT11: =($T11*$U11+$S11)*$BE11 | CU11: =($T11*$U11+$S11)*$BF11 | CV11: =($T11*$U11+$S11)*$BG11 | CW11: =($T11*$U11+$S11)*$BH11 | CX11: =($T11*$U11+$S11)*$BI11 | CY11: =IF(1=1,$R11,0) | CZ11: =IF(2=1,$R11,0) | DA11: =IF(3=1,$R11,0) | DB11: =IF(4=1,$R11,0) | DC11: =IF(5=1,$R11,0) | DD11: =$CO11+$CT11+$CY11 | DE11: =$CP11+$CU11+$CZ11 | DF11: =$CQ11+$CV11+$DA11 | DG11: =$CR11+$CW11+$DB11 | DH11: =$CS11+$CX11+$DC11 | DI11: =$CY11 | DJ11: =$CZ11 | DK11: =$DA11 | DL11: =$DB11 | DM11: =$DC11 | DN11: =$CO11+$CT11 | DO11: =$CP11+$CU11 | DP11: =$CQ11+$CV11 | DQ11: =$CR11+$CW11 | DR11: =$CS11+$CX11 | DS11: =0 | DT11: =SUMPRODUCT($AZ11:$BD11,$DD11:$DH11) | DU11: =SUM($DD11:$DF11) | DV11: =SUM($DD11:$DH11) | DW11: =SUMPRODUCT($AZ11:$BD11,$DI11:$DM11,$BJ11:$BN11)+SUMPRODUCT($AZ11:$BD11,$DN11:$DR11,$BO11:$BS11)-$DS11/(1+$AM11)^$AX11 | DX11: =IF($CE11>0,ROUNDUP($CE11/$AP11,0),0) | DY11: =IF($CF11>0,ROUNDUP($CF11/$AP11,0),0) | DZ11: =IF($CG11>0,ROUNDUP($CG11/$AP11,0),0) | EA11: =IF($CH11>0,ROUNDUP($CH11/$AP11,0),0) | EB11: =IF($CI11>0,ROUNDUP($CI11/$AP11,0),0) | EC11: =MAX($DX11,0) | ED11: =MAX($DY11,$EC11) | EE11: =MAX($DZ11,$ED11) | EF11: =MAX($EA11,$EE11) | EG11: =MAX($EB11,$EF11) | EH11: =$EC11-0 | EI11: =$ED11-$EC11 | EJ11: =$EE11-$ED11 | EK11: =$EF11-$EE11 | EL11: =$EG11-$EF11 | EM11: =0 | EN11: =(1+$AY11=2)*$ER11 | EO11: =(1+$AY11=3)*$ER11+(2+$AY11=3)*$ES11 | EP11: =(1+$AY11=4)*$ER11+(2+$AY11=4)*$ES11+(3+$AY11=4)*$ET11 | EQ11: =(1+$AY11=5)*$ER11+(2+$AY11=5)*$ES11+(3+$AY11=5)*$ET11+(4+$AY11=5)*$EU11 | ER11: =$EH11+$EM11 | ES11: =$EI11+$EN11 | ET11: =$EJ11+$EO11 | EU11: =$EK11+$EP11 | EV11: =$EL11+$EQ11 | EW11: =$ER11*$V11 | EX11: =$ES11*$V11 | EY11: =$ET11*$V11 | EZ11: =$EU11*$V11 | FA11: =$EV11*$V11 | FB11: =$EM11*$V11*$X11 | FC11: =$EN11*$V11*$X11 | FD11: =$EO11*$V11*$X11 | FE11: =$EP11*$V11*$X11 | FF11: =$EQ11*$V11*$X11 | FG11: =$EC11*$V11*(1-$X11)/$AY11 | FH11: =$ED11*$V11*(1-$X11)/$AY11 | FI11: =$EE11*$V11*(1-$X11)/$AY11 | FJ11: =$EF11*$V11*(1-$X11)/$AY11 | FK11: =$EG11*$V11*(1-$X11)/$AY11 | FL11: =$EC11*$Y11*$Z11*$AA11*8760*$BE11 | FM11: =$ED11*$Y11*$Z11*$AA11*8760*$BF11 | FN11: =$EE11*$Y11*$Z11*$AA11*8760*$BG11 | FO11: =$EF11*$Y11*$Z11*$AA11*8760*$BH11 | FP11: =$EG11*$Y11*$Z11*$AA11*8760*$BI11 | FQ11: =IF($AC11>0,$AC11,$EC11*$Y11*$AB11*12)*$BE11 | FR11: =IF($AC11>0,$AC11,$ED11*$Y11*$AB11*12)*$BF11 | FS11: =IF($AC11>0,$AC11,$EE11*$Y11*$AB11*12)*$BG11 | FT11: =IF($AC11>0,$AC11,$EF11*$Y11*$AB11*12)*$BH11 | FU11: =IF($AC11>0,$AC11,$EG11*$Y11*$AB11*12)*$BI11 | FV11: =$EC11*$V11*$AD11*$BE11 | FW11: =$ED11*$V11*$AD11*$BF11 | FX11: =$EE11*$V11*$AD11*$BG11 | FY11: =$EF11*$V11*$AD11*$BH11 | FZ11: =$EG11*$V11*$AD11*$BI11 | GA11: =$AE11*$BE11 | GB11: =$AE11*$BF11 | GC11: =$AE11*$BG11 | GD11: =$AE11*$BH11 | GE11: =$AE11*$BI11 | GF11: =$AF11*$AG11*$BE11 | GG11: =$AF11*$AG11*$BF11 | GH11: =$AF11*$AG11*$BG11 | GI11: =$AF11*$AG11*$BH11 | GJ11: =$AF11*$AG11*$BI11 | GK11: =IF(1=1,$AH11,0) | GL11: =IF(2=1,$AH11,0) | GM11: =IF(3=1,$AH11,0) | GN11: =IF(4=1,$AH11,0) | GO11: =IF(5=1,$AH11,0) | GP11: =$FG11+$FL11+$FQ11+$FV11+$GA11+$GF11+$GK11 | GQ11: =$FH11+$FM11+$FR11+$FW11+$GB11+$GG11+$GL11 | GR11: =$FI11+$FN11+$FS11+$FX11+$GC11+$GH11+$GM11 | GS11: =$FJ11+$FO11+$FT11+$FY11+$GD11+$GI11+$GN11 | GT11: =$FK11+$FP11+$FU11+$FZ11+$GE11+$GJ11+$GO11 | GU11: =$EW11-$FB11+$GK11 | GV11: =$EX11-$FC11+$GL11 | GW11: =$EY11-$FD11+$GM11 | GX11: =$EZ11-$FE11+$GN11 | GY11: =$FA11-$FF11+$GO11 | GZ11: =$FL11+$FQ11+$FV11+$GA11+$GF11 | HA11: =$FM11+$FR11+$FW11+$GB11+$GG11 | HB11: =$FN11+$FS11+$FX11+$GC11+$GH11 | HC11: =$FO11+$FT11+$FY11+$GD11+$GI11 | HD11: =$FP11+$FU11+$FZ11+$GE11+$GJ11 | HE11: =((1<=$AX11)*(1>$AX11-$AY11))*$ER11*$V11*MAX(0,1-(1-$X11)*($AX11-1+1)/$AY11)+((2<=$AX11)*(2>$AX11-$AY11))*$ES11*$V11*MAX(0,1-(1-$X11)*($AX11-2+1)/$AY11)+((3<=$AX11)*(3>$AX11-$AY11))*$ET11*$V11*MAX(0,1-(1-$X11)*($AX11-3+1)/$AY11)+((4<=$AX11)*(4>$AX11-$AY11))*$EU11*$V11*MAX(0,1-(1-$X11)*($AX11-4+1)/$AY11)+((5<=$AX11)*(5>$AX11-$AY11))*$EV11*$V11*MAX(0,1-(1-$X11)*($AX11-5+1)/$AY11) | HF11: =SUMPRODUCT($AZ11:$BD11,$GP11:$GT11) | HG11: =SUM($GP11:$GR11) | HH11: =SUM($GP11:$GT11) | HI11: =SUMPRODUCT($AZ11:$BD11,$GU11:$GY11,$BJ11:$BN11)+SUMPRODUCT($AZ11:$BD11,$GZ11:$HD11,$BO11:$BS11)-$HE11/(1+$AM11)^$AX11 | HJ11: =MIN(1,MAX(0,IF(ISNUMBER($AJ11),$AJ11,IF($F11+$G11+$H11>0,($G11+$H11)/($F11+$G11+$H11),0))*$AR11)) | HK11: =IF($HJ11>0,1,0) | HL11: =IF($HJ11<1,1,0) | HM11: =IF($CE11*$HJ11>0,ROUNDUP($CE11*$HJ11/$AP11,0),0) | HN11: =IF($CF11*$HJ11>0,ROUNDUP($CF11*$HJ11/$AP11,0),0) | HO11: =IF($CG11*$HJ11>0,ROUNDUP($CG11*$HJ11/$AP11,0),0) | HP11: =IF($CH11*$HJ11>0,ROUNDUP($CH11*$HJ11/$AP11,0),0) | HQ11: =IF($CI11*$HJ11>0,ROUNDUP($CI11*$HJ11/$AP11,0),0) | HR11: =MAX($HM11,0) | HS11: =MAX($HN11,$HR11) | HT11: =MAX($HO11,$HS11) | HU11: =MAX($HP11,$HT11) | HV11: =MAX($HQ11,$HU11) | HW11: =$HR11-0 | HX11: =$HS11-$HR11 | HY11: =$HT11-$HS11 | HZ11: =$HU11-$HT11 | IA11: =$HV11-$HU11 | IB11: =0 | IC11: =(1+$AY11=2)*$IG11 | ID11: =(1+$AY11=3)*$IG11+(2+$AY11=3)*$IH11 | IE11: =(1+$AY11=4)*$IG11+(2+$AY11=4)*$IH11+(3+$AY11=4)*$II11 | IF11: =(1+$AY11=5)*$IG11+(2+$AY11=5)*$IH11+(3+$AY11=5)*$II11+(4+$AY11=5)*$IJ11 | IG11: =$HW11+$IB11 | IH11: =$HX11+$IC11 | II11: =$HY11+$ID11 | IJ11: =$HZ11+$IE11 | IK11: =$IA11+$IF11 | IL11: =$IG11*$V11 | IM11: =$IH11*$V11 | IN11: =$II11*$V11 | IO11: =$IJ11*$V11 | IP11: =$IK11*$V11 | IQ11: =$IB11*$V11*$X11 | IR11: =$IC11*$V11*$X11 | IS11: =$ID11*$V11*$X11 | IT11: =$IE11*$V11*$X11 | IU11: =$IF11*$V11*$X11 | IV11: =$HR11*$V11*(1-$X11)/$AY11 | IW11: =$HS11*$V11*(1-$X11)/$AY11 | IX11: =$HT11*$V11*(1-$X11)/$AY11 | IY11: =$HU11*$V11*(1-$X11)/$AY11 | IZ11: =$HV11*$V11*(1-$X11)/$AY11 | JA11: =$HR11*$Y11*$Z11*$AA11*8760*$BE11 | JB11: =$HS11*$Y11*$Z11*$AA11*8760*$BF11 | JC11: =$HT11*$Y11*$Z11*$AA11*8760*$BG11 | JD11: =$HU11*$Y11*$Z11*$AA11*8760*$BH11 | JE11: =$HV11*$Y11*$Z11*$AA11*8760*$BI11 | JF11: =IF($AC11>0,$AC11*$HK11,$HR11*$Y11*$AB11*12)*$BE11 | JG11: =IF($AC11>0,$AC11*$HK11,$HS11*$Y11*$AB11*12)*$BF11 | JH11: =IF($AC11>0,$AC11*$HK11,$HT11*$Y11*$AB11*12)*$BG11 | JI11: =IF($AC11>0,$AC11*$HK11,$HU11*$Y11*$AB11*12)*$BH11 | JJ11: =IF($AC11>0,$AC11*$HK11,$HV11*$Y11*$AB11*12)*$BI11 | JK11: =$HR11*$V11*$AD11*$BE11 | JL11: =$HS11*$V11*$AD11*$BF11 | JM11: =$HT11*$V11*$AD11*$BG11 | JN11: =$HU11*$V11*$AD11*$BH11 | JO11: =$HV11*$V11*$AD11*$BI11 | JP11: =$AE11*$BE11*$HK11 | JQ11: =$AE11*$BF11*$HK11 | JR11: =$AE11*$BG11*$HK11 | JS11: =$AE11*$BH11*$HK11 | JT11: =$AE11*$BI11*$HK11 | JU11: =$AQ11*$AG11*$BE11*$HK11 | JV11: =$AQ11*$AG11*$BF11*$HK11 | JW11: =$AQ11*$AG11*$BG11*$HK11 | JX11: =$AQ11*$AG11*$BH11*$HK11 | JY11: =$AQ11*$AG11*$BI11*$HK11 | JZ11: =$BU11*(1-$HJ11)/1000000*$CJ11 | KA11: =$BV11*(1-$HJ11)/1000000*$CK11 | KB11: =$BW11*(1-$HJ11)/1000000*$CL11 | KC11: =$BX11*(1-$HJ11)/1000000*$CM11 | KD11: =$BY11*(1-$HJ11)/1000000*$CN11 | KE11: =$CT11*$HL11 | KF11: =$CU11*$HL11 | KG11: =$CV11*$HL11 | KH11: =$CW11*$HL11 | KI11: =$CX11*$HL11 | KJ11: =IF(1=1,$R11*$HL11+$AH11*$HK11+$AK11,0) | KK11: =IF(2=1,$R11*$HL11+$AH11*$HK11+$AK11,0) | KL11: =IF(3=1,$R11*$HL11+$AH11*$HK11+$AK11,0) | KM11: =IF(4=1,$R11*$HL11+$AH11*$HK11+$AK11,0) | KN11: =IF(5=1,$R11*$HL11+$AH11*$HK11+$AK11,0) | KO11: =$IV11+$JA11+$JF11+$JK11+$JP11+$JU11+$JZ11+$KE11+$KJ11 | KP11: =$IW11+$JB11+$JG11+$JL11+$JQ11+$JV11+$KA11+$KF11+$KK11 | KQ11: =$IX11+$JC11+$JH11+$JM11+$JR11+$JW11+$KB11+$KG11+$KL11 | KR11: =$IY11+$JD11+$JI11+$JN11+$JS11+$JX11+$KC11+$KH11+$KM11 | KS11: =$IZ11+$JE11+$JJ11+$JO11+$JT11+$JY11+$KD11+$KI11+$KN11 | KT11: =$IL11-$IQ11+$KJ11 | KU11: =$IM11-$IR11+$KK11 | KV11: =$IN11-$IS11+$KL11 | KW11: =$IO11-$IT11+$KM11 | KX11: =$IP11-$IU11+$KN11 | KY11: =$JA11+$JF11+$JK11+$JP11+$JU11+$JZ11+$KE11 | KZ11: =$JB11+$JG11+$JL11+$JQ11+$JV11+$KA11+$KF11 | LA11: =$JC11+$JH11+$JM11+$JR11+$JW11+$KB11+$KG11 | LB11: =$JD11+$JI11+$JN11+$JS11+$JX11+$KC11+$KH11 | LC11: =$JE11+$JJ11+$JO11+$JT11+$JY11+$KD11+$KI11 | LD11: =((1<=$AX11)*(1>$AX11-$AY11))*$IG11*$V11*MAX(0,1-(1-$X11)*($AX11-1+1)/$AY11)+((2<=$AX11)*(2>$AX11-$AY11))*$IH11*$V11*MAX(0,1-(1-$X11)*($AX11-2+1)/$AY11)+((3<=$AX11)*(3>$AX11-$AY11))*$II11*$V11*MAX(0,1-(1-$X11)*($AX11-3+1)/$AY11)+((4<=$AX11)*(4>$AX11-$AY11))*$IJ11*$V11*MAX(0,1-(1-$X11)*($AX11-4+1)/$AY11)+((5<=$AX11)*(5>$AX11-$AY11))*$IK11*$V11*MAX(0,1-(1-$X11)*($AX11-5+1)/$AY11) | LE11: =SUMPRODUCT($AZ11:$BD11,$KO11:$KS11) | LF11: =SUM($KO11:$KQ11) | LG11: =SUM($KO11:$KS11) | LH11: =SUMPRODUCT($AZ11:$BD11,$KT11:$KX11,$BJ11:$BN11)+SUMPRODUCT($AZ11:$BD11,$KY11:$LC11,$BO11:$BS11)-$LD11/(1+$AM11)^$AX11 | LI11: =$BU11/1000000 | LJ11: =IF($LI11>0,$DD11/$LI11,0) | LK11: =IF($LI11>0,$GP11/$LI11,0) | LL11: =IF($LI11>0,$KO11/$LI11,0) | LM11: =$AP11*31536000/1000000 | LN11: =$EC11*$LM11 | LO11: =$FG11+$FL11+$FQ11+$FV11+$GA11+$GF11 | LP11: =IF($LN11*$CJ11>0,MAX(0,($LO11-$CT11)/($LN11*$CJ11)),0) | LQ11: =IF($LN11>0,$LI11/$LN11,0) | LR11: =1/($M11*$AI11) | LS11: =$HR11*$LM11 | LT11: =$IV11+$JA11+$JF11+$JK11+$JP11+$JU11 | LU11: =IF($LS11*$CJ11>0,$LT11/($LS11*$CJ11),0) | LV11: =IF($LS11>0,$LI11*$HJ11/$LS11,0) | LW11: =$V11*(1-$X11)/$AY11+$Y11*$Z11*$AA11*8760+IF($AC11>0,0,$Y11*$AB11*12)+$V11*$AD11 | LX11: =IF($LM11*$CJ11>0,$LW11/($LM11*$CJ11),0) | LY11: =IF($LM11*$LR11>0,$LW11/($LM11*$LR11),0) | LZ11: =$AE11+$AF11*$AG11+IF($AC11>0,$AC11,0)-$CT11 | MA11: =IF($CJ11>$LY11,MAX(0,$LZ11)/($CJ11-$LY11)*1000000,"Not reachable") | MB11: =IF(AND(ISNUMBER($MA11),$BU11>0),$MA11/$BU11,"n/a") | MC11: =$B11*MAX(0,$D11-1)*$E11 | MD11: =$MC11*$C11 | ME11: =$MD11*SUMPRODUCT($AZ11:$BD11,$BO11:$BS11) | MF11: =IF($AO11="Yes",$ME11-$DW11,0) | MG11: =IF($AO11="Yes",$ME11-$HI11,0) | MH11: =IF($AO11="Yes",$ME11-$LH11,0) | MI11: =IF($AO11="Yes",$MD11-$DD11,0) | MJ11: =IF(AND($DW11<=$HI11,$DW11<=$LH11),"Rent the Frontier",IF($HI11<=$LH11,"Own the Frontier","Hybrid")) | MK11: =IF(AND($DT11<=$HF11,$DT11<=$LE11),"Rent the Frontier",IF($HF11<=$LE11,"Own the Frontier","Hybrid"))
A12: =Sensitivity!A15&" ("&Sensitivity!C15&")" | B12: =Inputs!$B$5 | C12: =Inputs!$B$6 | D12: =Inputs!$B$7 | E12: =Inputs!$B$8 | F12: =Inputs!$B$12 | G12: =Inputs!$B$13 | H12: =Inputs!$B$14 | I12: =Inputs!$B$18 | J12: =Inputs!$B$19 | K12: =Inputs!$B$20 | L12: =Inputs!$B$21 | M12: =Inputs!$B$22 | N12: =Inputs!$B$23 | O12: =Inputs!$B$26 | P12: =Inputs!$B$27 | Q12: =Inputs!$B$28 | R12: =Inputs!$B$29 | S12: =Inputs!$B$30 | T12: =Inputs!$B$31 | U12: =Inputs!$B$32 | V12: =Inputs!$B$35*Sensitivity!$D$15 | W12: =Inputs!$B$36 | X12: =Inputs!$B$37 | Y12: =Inputs!$B$38 | Z12: =Inputs!$B$39 | AA12: =Inputs!$B$40 | AB12: =Inputs!$B$41 | AC12: =Inputs!$B$42 | AD12: =Inputs!$B$43 | AE12: =Inputs!$B$44 | AF12: =Inputs!$B$45 | AG12: =Inputs!$B$46 | AH12: =Inputs!$B$47 | AI12: =Inputs!$B$48 | AJ12: =IF(ISNUMBER(Inputs!$B$51),Inputs!$B$51,"") | AK12: =Inputs!$B$52 | AL12: =Inputs!$B$55 | AM12: =Inputs!$B$56 | AN12: =Inputs!$B$57 | AO12: =Inputs!$B$58 | AP12: =Inputs!$B$61 | AQ12: =Inputs!$B$62 | AR12: =1 | AS12: 1 | AT12: 2 | AU12: 3 | AV12: 4 | AW12: 5 | AX12: =MIN(5,MAX(1,ROUND($AL12,0))) | AY12: =MAX(1,ROUND($W12,0)) | AZ12: =IF(1<=$AX12,1,0) | BA12: =IF(2<=$AX12,1,0) | BB12: =IF(3<=$AX12,1,0) | BC12: =IF(4<=$AX12,1,0) | BD12: =IF(5<=$AX12,1,0) | BE12: =(1+$AN12)^(1-1) | BF12: =(1+$AN12)^(2-1) | BG12: =(1+$AN12)^(3-1) | BH12: =(1+$AN12)^(4-1) | BI12: =(1+$AN12)^(5-1) | BJ12: =1/(1+$AM12)^(1-1) | BK12: =1/(1+$AM12)^(2-1) | BL12: =1/(1+$AM12)^(3-1) | BM12: =1/(1+$AM12)^(4-1) | BN12: =1/(1+$AM12)^(5-1) | BO12: =1/(1+$AM12)^1 | BP12: =1/(1+$AM12)^2 | BQ12: =1/(1+$AM12)^3 | BR12: =1/(1+$AM12)^4 | BS12: =1/(1+$AM12)^5 | BT12: =IF(AND($I12="Direct monthly estimate",$J12>0),$J12,$D12*$K12*$L12) | BU12: =$BT12*$B12*12*(1+$N12)^(1-1) | BV12: =$BT12*$B12*12*(1+$N12)^(2-1) | BW12: =$BT12*$B12*12*(1+$N12)^(3-1) | BX12: =$BT12*$B12*12*(1+$N12)^(4-1) | BY12: =$BT12*$B12*12*(1+$N12)^(5-1) | BZ12: =$BU12/31536000*$M12 | CA12: =$BV12/31536000*$M12 | CB12: =$BW12/31536000*$M12 | CC12: =$BX12/31536000*$M12 | CD12: =$BY12/31536000*$M12 | CE12: =$BZ12*$AI12 | CF12: =$CA12*$AI12 | CG12: =$CB12*$AI12 | CH12: =$CC12*$AI12 | CI12: =$CD12*$AI12 | CJ12: =$O12*(1-$Q12)*(1-$P12)^(1-1) | CK12: =$O12*(1-$Q12)*(1-$P12)^(2-1) | CL12: =$O12*(1-$Q12)*(1-$P12)^(3-1) | CM12: =$O12*(1-$Q12)*(1-$P12)^(4-1) | CN12: =$O12*(1-$Q12)*(1-$P12)^(5-1) | CO12: =$BU12/1000000*$CJ12 | CP12: =$BV12/1000000*$CK12 | CQ12: =$BW12/1000000*$CL12 | CR12: =$BX12/1000000*$CM12 | CS12: =$BY12/1000000*$CN12 | CT12: =($T12*$U12+$S12)*$BE12 | CU12: =($T12*$U12+$S12)*$BF12 | CV12: =($T12*$U12+$S12)*$BG12 | CW12: =($T12*$U12+$S12)*$BH12 | CX12: =($T12*$U12+$S12)*$BI12 | CY12: =IF(1=1,$R12,0) | CZ12: =IF(2=1,$R12,0) | DA12: =IF(3=1,$R12,0) | DB12: =IF(4=1,$R12,0) | DC12: =IF(5=1,$R12,0) | DD12: =$CO12+$CT12+$CY12 | DE12: =$CP12+$CU12+$CZ12 | DF12: =$CQ12+$CV12+$DA12 | DG12: =$CR12+$CW12+$DB12 | DH12: =$CS12+$CX12+$DC12 | DI12: =$CY12 | DJ12: =$CZ12 | DK12: =$DA12 | DL12: =$DB12 | DM12: =$DC12 | DN12: =$CO12+$CT12 | DO12: =$CP12+$CU12 | DP12: =$CQ12+$CV12 | DQ12: =$CR12+$CW12 | DR12: =$CS12+$CX12 | DS12: =0 | DT12: =SUMPRODUCT($AZ12:$BD12,$DD12:$DH12) | DU12: =SUM($DD12:$DF12) | DV12: =SUM($DD12:$DH12) | DW12: =SUMPRODUCT($AZ12:$BD12,$DI12:$DM12,$BJ12:$BN12)+SUMPRODUCT($AZ12:$BD12,$DN12:$DR12,$BO12:$BS12)-$DS12/(1+$AM12)^$AX12 | DX12: =IF($CE12>0,ROUNDUP($CE12/$AP12,0),0) | DY12: =IF($CF12>0,ROUNDUP($CF12/$AP12,0),0) | DZ12: =IF($CG12>0,ROUNDUP($CG12/$AP12,0),0) | EA12: =IF($CH12>0,ROUNDUP($CH12/$AP12,0),0) | EB12: =IF($CI12>0,ROUNDUP($CI12/$AP12,0),0) | EC12: =MAX($DX12,0) | ED12: =MAX($DY12,$EC12) | EE12: =MAX($DZ12,$ED12) | EF12: =MAX($EA12,$EE12) | EG12: =MAX($EB12,$EF12) | EH12: =$EC12-0 | EI12: =$ED12-$EC12 | EJ12: =$EE12-$ED12 | EK12: =$EF12-$EE12 | EL12: =$EG12-$EF12 | EM12: =0 | EN12: =(1+$AY12=2)*$ER12 | EO12: =(1+$AY12=3)*$ER12+(2+$AY12=3)*$ES12 | EP12: =(1+$AY12=4)*$ER12+(2+$AY12=4)*$ES12+(3+$AY12=4)*$ET12 | EQ12: =(1+$AY12=5)*$ER12+(2+$AY12=5)*$ES12+(3+$AY12=5)*$ET12+(4+$AY12=5)*$EU12 | ER12: =$EH12+$EM12 | ES12: =$EI12+$EN12 | ET12: =$EJ12+$EO12 | EU12: =$EK12+$EP12 | EV12: =$EL12+$EQ12 | EW12: =$ER12*$V12 | EX12: =$ES12*$V12 | EY12: =$ET12*$V12 | EZ12: =$EU12*$V12 | FA12: =$EV12*$V12 | FB12: =$EM12*$V12*$X12 | FC12: =$EN12*$V12*$X12 | FD12: =$EO12*$V12*$X12 | FE12: =$EP12*$V12*$X12 | FF12: =$EQ12*$V12*$X12 | FG12: =$EC12*$V12*(1-$X12)/$AY12 | FH12: =$ED12*$V12*(1-$X12)/$AY12 | FI12: =$EE12*$V12*(1-$X12)/$AY12 | FJ12: =$EF12*$V12*(1-$X12)/$AY12 | FK12: =$EG12*$V12*(1-$X12)/$AY12 | FL12: =$EC12*$Y12*$Z12*$AA12*8760*$BE12 | FM12: =$ED12*$Y12*$Z12*$AA12*8760*$BF12 | FN12: =$EE12*$Y12*$Z12*$AA12*8760*$BG12 | FO12: =$EF12*$Y12*$Z12*$AA12*8760*$BH12 | FP12: =$EG12*$Y12*$Z12*$AA12*8760*$BI12 | FQ12: =IF($AC12>0,$AC12,$EC12*$Y12*$AB12*12)*$BE12 | FR12: =IF($AC12>0,$AC12,$ED12*$Y12*$AB12*12)*$BF12 | FS12: =IF($AC12>0,$AC12,$EE12*$Y12*$AB12*12)*$BG12 | FT12: =IF($AC12>0,$AC12,$EF12*$Y12*$AB12*12)*$BH12 | FU12: =IF($AC12>0,$AC12,$EG12*$Y12*$AB12*12)*$BI12 | FV12: =$EC12*$V12*$AD12*$BE12 | FW12: =$ED12*$V12*$AD12*$BF12 | FX12: =$EE12*$V12*$AD12*$BG12 | FY12: =$EF12*$V12*$AD12*$BH12 | FZ12: =$EG12*$V12*$AD12*$BI12 | GA12: =$AE12*$BE12 | GB12: =$AE12*$BF12 | GC12: =$AE12*$BG12 | GD12: =$AE12*$BH12 | GE12: =$AE12*$BI12 | GF12: =$AF12*$AG12*$BE12 | GG12: =$AF12*$AG12*$BF12 | GH12: =$AF12*$AG12*$BG12 | GI12: =$AF12*$AG12*$BH12 | GJ12: =$AF12*$AG12*$BI12 | GK12: =IF(1=1,$AH12,0) | GL12: =IF(2=1,$AH12,0) | GM12: =IF(3=1,$AH12,0) | GN12: =IF(4=1,$AH12,0) | GO12: =IF(5=1,$AH12,0) | GP12: =$FG12+$FL12+$FQ12+$FV12+$GA12+$GF12+$GK12 | GQ12: =$FH12+$FM12+$FR12+$FW12+$GB12+$GG12+$GL12 | GR12: =$FI12+$FN12+$FS12+$FX12+$GC12+$GH12+$GM12 | GS12: =$FJ12+$FO12+$FT12+$FY12+$GD12+$GI12+$GN12 | GT12: =$FK12+$FP12+$FU12+$FZ12+$GE12+$GJ12+$GO12 | GU12: =$EW12-$FB12+$GK12 | GV12: =$EX12-$FC12+$GL12 | GW12: =$EY12-$FD12+$GM12 | GX12: =$EZ12-$FE12+$GN12 | GY12: =$FA12-$FF12+$GO12 | GZ12: =$FL12+$FQ12+$FV12+$GA12+$GF12 | HA12: =$FM12+$FR12+$FW12+$GB12+$GG12 | HB12: =$FN12+$FS12+$FX12+$GC12+$GH12 | HC12: =$FO12+$FT12+$FY12+$GD12+$GI12 | HD12: =$FP12+$FU12+$FZ12+$GE12+$GJ12 | HE12: =((1<=$AX12)*(1>$AX12-$AY12))*$ER12*$V12*MAX(0,1-(1-$X12)*($AX12-1+1)/$AY12)+((2<=$AX12)*(2>$AX12-$AY12))*$ES12*$V12*MAX(0,1-(1-$X12)*($AX12-2+1)/$AY12)+((3<=$AX12)*(3>$AX12-$AY12))*$ET12*$V12*MAX(0,1-(1-$X12)*($AX12-3+1)/$AY12)+((4<=$AX12)*(4>$AX12-$AY12))*$EU12*$V12*MAX(0,1-(1-$X12)*($AX12-4+1)/$AY12)+((5<=$AX12)*(5>$AX12-$AY12))*$EV12*$V12*MAX(0,1-(1-$X12)*($AX12-5+1)/$AY12) | HF12: =SUMPRODUCT($AZ12:$BD12,$GP12:$GT12) | HG12: =SUM($GP12:$GR12) | HH12: =SUM($GP12:$GT12) | HI12: =SUMPRODUCT($AZ12:$BD12,$GU12:$GY12,$BJ12:$BN12)+SUMPRODUCT($AZ12:$BD12,$GZ12:$HD12,$BO12:$BS12)-$HE12/(1+$AM12)^$AX12 | HJ12: =MIN(1,MAX(0,IF(ISNUMBER($AJ12),$AJ12,IF($F12+$G12+$H12>0,($G12+$H12)/($F12+$G12+$H12),0))*$AR12)) | HK12: =IF($HJ12>0,1,0) | HL12: =IF($HJ12<1,1,0) | HM12: =IF($CE12*$HJ12>0,ROUNDUP($CE12*$HJ12/$AP12,0),0) | HN12: =IF($CF12*$HJ12>0,ROUNDUP($CF12*$HJ12/$AP12,0),0) | HO12: =IF($CG12*$HJ12>0,ROUNDUP($CG12*$HJ12/$AP12,0),0) | HP12: =IF($CH12*$HJ12>0,ROUNDUP($CH12*$HJ12/$AP12,0),0) | HQ12: =IF($CI12*$HJ12>0,ROUNDUP($CI12*$HJ12/$AP12,0),0) | HR12: =MAX($HM12,0) | HS12: =MAX($HN12,$HR12) | HT12: =MAX($HO12,$HS12) | HU12: =MAX($HP12,$HT12) | HV12: =MAX($HQ12,$HU12) | HW12: =$HR12-0 | HX12: =$HS12-$HR12 | HY12: =$HT12-$HS12 | HZ12: =$HU12-$HT12 | IA12: =$HV12-$HU12 | IB12: =0 | IC12: =(1+$AY12=2)*$IG12 | ID12: =(1+$AY12=3)*$IG12+(2+$AY12=3)*$IH12 | IE12: =(1+$AY12=4)*$IG12+(2+$AY12=4)*$IH12+(3+$AY12=4)*$II12 | IF12: =(1+$AY12=5)*$IG12+(2+$AY12=5)*$IH12+(3+$AY12=5)*$II12+(4+$AY12=5)*$IJ12 | IG12: =$HW12+$IB12 | IH12: =$HX12+$IC12 | II12: =$HY12+$ID12 | IJ12: =$HZ12+$IE12 | IK12: =$IA12+$IF12 | IL12: =$IG12*$V12 | IM12: =$IH12*$V12 | IN12: =$II12*$V12 | IO12: =$IJ12*$V12 | IP12: =$IK12*$V12 | IQ12: =$IB12*$V12*$X12 | IR12: =$IC12*$V12*$X12 | IS12: =$ID12*$V12*$X12 | IT12: =$IE12*$V12*$X12 | IU12: =$IF12*$V12*$X12 | IV12: =$HR12*$V12*(1-$X12)/$AY12 | IW12: =$HS12*$V12*(1-$X12)/$AY12 | IX12: =$HT12*$V12*(1-$X12)/$AY12 | IY12: =$HU12*$V12*(1-$X12)/$AY12 | IZ12: =$HV12*$V12*(1-$X12)/$AY12 | JA12: =$HR12*$Y12*$Z12*$AA12*8760*$BE12 | JB12: =$HS12*$Y12*$Z12*$AA12*8760*$BF12 | JC12: =$HT12*$Y12*$Z12*$AA12*8760*$BG12 | JD12: =$HU12*$Y12*$Z12*$AA12*8760*$BH12 | JE12: =$HV12*$Y12*$Z12*$AA12*8760*$BI12 | JF12: =IF($AC12>0,$AC12*$HK12,$HR12*$Y12*$AB12*12)*$BE12 | JG12: =IF($AC12>0,$AC12*$HK12,$HS12*$Y12*$AB12*12)*$BF12 | JH12: =IF($AC12>0,$AC12*$HK12,$HT12*$Y12*$AB12*12)*$BG12 | JI12: =IF($AC12>0,$AC12*$HK12,$HU12*$Y12*$AB12*12)*$BH12 | JJ12: =IF($AC12>0,$AC12*$HK12,$HV12*$Y12*$AB12*12)*$BI12 | JK12: =$HR12*$V12*$AD12*$BE12 | JL12: =$HS12*$V12*$AD12*$BF12 | JM12: =$HT12*$V12*$AD12*$BG12 | JN12: =$HU12*$V12*$AD12*$BH12 | JO12: =$HV12*$V12*$AD12*$BI12 | JP12: =$AE12*$BE12*$HK12 | JQ12: =$AE12*$BF12*$HK12 | JR12: =$AE12*$BG12*$HK12 | JS12: =$AE12*$BH12*$HK12 | JT12: =$AE12*$BI12*$HK12 | JU12: =$AQ12*$AG12*$BE12*$HK12 | JV12: =$AQ12*$AG12*$BF12*$HK12 | JW12: =$AQ12*$AG12*$BG12*$HK12 | JX12: =$AQ12*$AG12*$BH12*$HK12 | JY12: =$AQ12*$AG12*$BI12*$HK12 | JZ12: =$BU12*(1-$HJ12)/1000000*$CJ12 | KA12: =$BV12*(1-$HJ12)/1000000*$CK12 | KB12: =$BW12*(1-$HJ12)/1000000*$CL12 | KC12: =$BX12*(1-$HJ12)/1000000*$CM12 | KD12: =$BY12*(1-$HJ12)/1000000*$CN12 | KE12: =$CT12*$HL12 | KF12: =$CU12*$HL12 | KG12: =$CV12*$HL12 | KH12: =$CW12*$HL12 | KI12: =$CX12*$HL12 | KJ12: =IF(1=1,$R12*$HL12+$AH12*$HK12+$AK12,0) | KK12: =IF(2=1,$R12*$HL12+$AH12*$HK12+$AK12,0) | KL12: =IF(3=1,$R12*$HL12+$AH12*$HK12+$AK12,0) | KM12: =IF(4=1,$R12*$HL12+$AH12*$HK12+$AK12,0) | KN12: =IF(5=1,$R12*$HL12+$AH12*$HK12+$AK12,0) | KO12: =$IV12+$JA12+$JF12+$JK12+$JP12+$JU12+$JZ12+$KE12+$KJ12 | KP12: =$IW12+$JB12+$JG12+$JL12+$JQ12+$JV12+$KA12+$KF12+$KK12 | KQ12: =$IX12+$JC12+$JH12+$JM12+$JR12+$JW12+$KB12+$KG12+$KL12 | KR12: =$IY12+$JD12+$JI12+$JN12+$JS12+$JX12+$KC12+$KH12+$KM12 | KS12: =$IZ12+$JE12+$JJ12+$JO12+$JT12+$JY12+$KD12+$KI12+$KN12 | KT12: =$IL12-$IQ12+$KJ12 | KU12: =$IM12-$IR12+$KK12 | KV12: =$IN12-$IS12+$KL12 | KW12: =$IO12-$IT12+$KM12 | KX12: =$IP12-$IU12+$KN12 | KY12: =$JA12+$JF12+$JK12+$JP12+$JU12+$JZ12+$KE12 | KZ12: =$JB12+$JG12+$JL12+$JQ12+$JV12+$KA12+$KF12 | LA12: =$JC12+$JH12+$JM12+$JR12+$JW12+$KB12+$KG12 | LB12: =$JD12+$JI12+$JN12+$JS12+$JX12+$KC12+$KH12 | LC12: =$JE12+$JJ12+$JO12+$JT12+$JY12+$KD12+$KI12 | LD12: =((1<=$AX12)*(1>$AX12-$AY12))*$IG12*$V12*MAX(0,1-(1-$X12)*($AX12-1+1)/$AY12)+((2<=$AX12)*(2>$AX12-$AY12))*$IH12*$V12*MAX(0,1-(1-$X12)*($AX12-2+1)/$AY12)+((3<=$AX12)*(3>$AX12-$AY12))*$II12*$V12*MAX(0,1-(1-$X12)*($AX12-3+1)/$AY12)+((4<=$AX12)*(4>$AX12-$AY12))*$IJ12*$V12*MAX(0,1-(1-$X12)*($AX12-4+1)/$AY12)+((5<=$AX12)*(5>$AX12-$AY12))*$IK12*$V12*MAX(0,1-(1-$X12)*($AX12-5+1)/$AY12) | LE12: =SUMPRODUCT($AZ12:$BD12,$KO12:$KS12) | LF12: =SUM($KO12:$KQ12) | LG12: =SUM($KO12:$KS12) | LH12: =SUMPRODUCT($AZ12:$BD12,$KT12:$KX12,$BJ12:$BN12)+SUMPRODUCT($AZ12:$BD12,$KY12:$LC12,$BO12:$BS12)-$LD12/(1+$AM12)^$AX12 | LI12: =$BU12/1000000 | LJ12: =IF($LI12>0,$DD12/$LI12,0) | LK12: =IF($LI12>0,$GP12/$LI12,0) | LL12: =IF($LI12>0,$KO12/$LI12,0) | LM12: =$AP12*31536000/1000000 | LN12: =$EC12*$LM12 | LO12: =$FG12+$FL12+$FQ12+$FV12+$GA12+$GF12 | LP12: =IF($LN12*$CJ12>0,MAX(0,($LO12-$CT12)/($LN12*$CJ12)),0) | LQ12: =IF($LN12>0,$LI12/$LN12,0) | LR12: =1/($M12*$AI12) | LS12: =$HR12*$LM12 | LT12: =$IV12+$JA12+$JF12+$JK12+$JP12+$JU12 | LU12: =IF($LS12*$CJ12>0,$LT12/($LS12*$CJ12),0) | LV12: =IF($LS12>0,$LI12*$HJ12/$LS12,0) | LW12: =$V12*(1-$X12)/$AY12+$Y12*$Z12*$AA12*8760+IF($AC12>0,0,$Y12*$AB12*12)+$V12*$AD12 | LX12: =IF($LM12*$CJ12>0,$LW12/($LM12*$CJ12),0) | LY12: =IF($LM12*$LR12>0,$LW12/($LM12*$LR12),0) | LZ12: =$AE12+$AF12*$AG12+IF($AC12>0,$AC12,0)-$CT12 | MA12: =IF($CJ12>$LY12,MAX(0,$LZ12)/($CJ12-$LY12)*1000000,"Not reachable") | MB12: =IF(AND(ISNUMBER($MA12),$BU12>0),$MA12/$BU12,"n/a") | MC12: =$B12*MAX(0,$D12-1)*$E12 | MD12: =$MC12*$C12 | ME12: =$MD12*SUMPRODUCT($AZ12:$BD12,$BO12:$BS12) | MF12: =IF($AO12="Yes",$ME12-$DW12,0) | MG12: =IF($AO12="Yes",$ME12-$HI12,0) | MH12: =IF($AO12="Yes",$ME12-$LH12,0) | MI12: =IF($AO12="Yes",$MD12-$DD12,0) | MJ12: =IF(AND($DW12<=$HI12,$DW12<=$LH12),"Rent the Frontier",IF($HI12<=$LH12,"Own the Frontier","Hybrid")) | MK12: =IF(AND($DT12<=$HF12,$DT12<=$LE12),"Rent the Frontier",IF($HF12<=$LE12,"Own the Frontier","Hybrid"))
A13: =Sensitivity!A16&" ("&Sensitivity!C16&")" | B13: =Inputs!$B$5 | C13: =Inputs!$B$6 | D13: =Inputs!$B$7 | E13: =Inputs!$B$8 | F13: =Inputs!$B$12 | G13: =Inputs!$B$13 | H13: =Inputs!$B$14 | I13: =Inputs!$B$18 | J13: =Inputs!$B$19 | K13: =Inputs!$B$20 | L13: =Inputs!$B$21 | M13: =Inputs!$B$22 | N13: =Inputs!$B$23 | O13: =Inputs!$B$26 | P13: =Inputs!$B$27 | Q13: =Inputs!$B$28 | R13: =Inputs!$B$29 | S13: =Inputs!$B$30 | T13: =Inputs!$B$31 | U13: =Inputs!$B$32 | V13: =Inputs!$B$35 | W13: =Inputs!$B$36 | X13: =MIN(1,Inputs!$B$37*Sensitivity!$D$16) | Y13: =Inputs!$B$38 | Z13: =Inputs!$B$39 | AA13: =Inputs!$B$40 | AB13: =Inputs!$B$41 | AC13: =Inputs!$B$42 | AD13: =Inputs!$B$43 | AE13: =Inputs!$B$44 | AF13: =Inputs!$B$45 | AG13: =Inputs!$B$46 | AH13: =Inputs!$B$47 | AI13: =Inputs!$B$48 | AJ13: =IF(ISNUMBER(Inputs!$B$51),Inputs!$B$51,"") | AK13: =Inputs!$B$52 | AL13: =Inputs!$B$55 | AM13: =Inputs!$B$56 | AN13: =Inputs!$B$57 | AO13: =Inputs!$B$58 | AP13: =Inputs!$B$61 | AQ13: =Inputs!$B$62 | AR13: =1 | AS13: 1 | AT13: 2 | AU13: 3 | AV13: 4 | AW13: 5 | AX13: =MIN(5,MAX(1,ROUND($AL13,0))) | AY13: =MAX(1,ROUND($W13,0)) | AZ13: =IF(1<=$AX13,1,0) | BA13: =IF(2<=$AX13,1,0) | BB13: =IF(3<=$AX13,1,0) | BC13: =IF(4<=$AX13,1,0) | BD13: =IF(5<=$AX13,1,0) | BE13: =(1+$AN13)^(1-1) | BF13: =(1+$AN13)^(2-1) | BG13: =(1+$AN13)^(3-1) | BH13: =(1+$AN13)^(4-1) | BI13: =(1+$AN13)^(5-1) | BJ13: =1/(1+$AM13)^(1-1) | BK13: =1/(1+$AM13)^(2-1) | BL13: =1/(1+$AM13)^(3-1) | BM13: =1/(1+$AM13)^(4-1) | BN13: =1/(1+$AM13)^(5-1) | BO13: =1/(1+$AM13)^1 | BP13: =1/(1+$AM13)^2 | BQ13: =1/(1+$AM13)^3 | BR13: =1/(1+$AM13)^4 | BS13: =1/(1+$AM13)^5 | BT13: =IF(AND($I13="Direct monthly estimate",$J13>0),$J13,$D13*$K13*$L13) | BU13: =$BT13*$B13*12*(1+$N13)^(1-1) | BV13: =$BT13*$B13*12*(1+$N13)^(2-1) | BW13: =$BT13*$B13*12*(1+$N13)^(3-1) | BX13: =$BT13*$B13*12*(1+$N13)^(4-1) | BY13: =$BT13*$B13*12*(1+$N13)^(5-1) | BZ13: =$BU13/31536000*$M13 | CA13: =$BV13/31536000*$M13 | CB13: =$BW13/31536000*$M13 | CC13: =$BX13/31536000*$M13 | CD13: =$BY13/31536000*$M13 | CE13: =$BZ13*$AI13 | CF13: =$CA13*$AI13 | CG13: =$CB13*$AI13 | CH13: =$CC13*$AI13 | CI13: =$CD13*$AI13 | CJ13: =$O13*(1-$Q13)*(1-$P13)^(1-1) | CK13: =$O13*(1-$Q13)*(1-$P13)^(2-1) | CL13: =$O13*(1-$Q13)*(1-$P13)^(3-1) | CM13: =$O13*(1-$Q13)*(1-$P13)^(4-1) | CN13: =$O13*(1-$Q13)*(1-$P13)^(5-1) | CO13: =$BU13/1000000*$CJ13 | CP13: =$BV13/1000000*$CK13 | CQ13: =$BW13/1000000*$CL13 | CR13: =$BX13/1000000*$CM13 | CS13: =$BY13/1000000*$CN13 | CT13: =($T13*$U13+$S13)*$BE13 | CU13: =($T13*$U13+$S13)*$BF13 | CV13: =($T13*$U13+$S13)*$BG13 | CW13: =($T13*$U13+$S13)*$BH13 | CX13: =($T13*$U13+$S13)*$BI13 | CY13: =IF(1=1,$R13,0) | CZ13: =IF(2=1,$R13,0) | DA13: =IF(3=1,$R13,0) | DB13: =IF(4=1,$R13,0) | DC13: =IF(5=1,$R13,0) | DD13: =$CO13+$CT13+$CY13 | DE13: =$CP13+$CU13+$CZ13 | DF13: =$CQ13+$CV13+$DA13 | DG13: =$CR13+$CW13+$DB13 | DH13: =$CS13+$CX13+$DC13 | DI13: =$CY13 | DJ13: =$CZ13 | DK13: =$DA13 | DL13: =$DB13 | DM13: =$DC13 | DN13: =$CO13+$CT13 | DO13: =$CP13+$CU13 | DP13: =$CQ13+$CV13 | DQ13: =$CR13+$CW13 | DR13: =$CS13+$CX13 | DS13: =0 | DT13: =SUMPRODUCT($AZ13:$BD13,$DD13:$DH13) | DU13: =SUM($DD13:$DF13) | DV13: =SUM($DD13:$DH13) | DW13: =SUMPRODUCT($AZ13:$BD13,$DI13:$DM13,$BJ13:$BN13)+SUMPRODUCT($AZ13:$BD13,$DN13:$DR13,$BO13:$BS13)-$DS13/(1+$AM13)^$AX13 | DX13: =IF($CE13>0,ROUNDUP($CE13/$AP13,0),0) | DY13: =IF($CF13>0,ROUNDUP($CF13/$AP13,0),0) | DZ13: =IF($CG13>0,ROUNDUP($CG13/$AP13,0),0) | EA13: =IF($CH13>0,ROUNDUP($CH13/$AP13,0),0) | EB13: =IF($CI13>0,ROUNDUP($CI13/$AP13,0),0) | EC13: =MAX($DX13,0) | ED13: =MAX($DY13,$EC13) | EE13: =MAX($DZ13,$ED13) | EF13: =MAX($EA13,$EE13) | EG13: =MAX($EB13,$EF13) | EH13: =$EC13-0 | EI13: =$ED13-$EC13 | EJ13: =$EE13-$ED13 | EK13: =$EF13-$EE13 | EL13: =$EG13-$EF13 | EM13: =0 | EN13: =(1+$AY13=2)*$ER13 | EO13: =(1+$AY13=3)*$ER13+(2+$AY13=3)*$ES13 | EP13: =(1+$AY13=4)*$ER13+(2+$AY13=4)*$ES13+(3+$AY13=4)*$ET13 | EQ13: =(1+$AY13=5)*$ER13+(2+$AY13=5)*$ES13+(3+$AY13=5)*$ET13+(4+$AY13=5)*$EU13 | ER13: =$EH13+$EM13 | ES13: =$EI13+$EN13 | ET13: =$EJ13+$EO13 | EU13: =$EK13+$EP13 | EV13: =$EL13+$EQ13 | EW13: =$ER13*$V13 | EX13: =$ES13*$V13 | EY13: =$ET13*$V13 | EZ13: =$EU13*$V13 | FA13: =$EV13*$V13 | FB13: =$EM13*$V13*$X13 | FC13: =$EN13*$V13*$X13 | FD13: =$EO13*$V13*$X13 | FE13: =$EP13*$V13*$X13 | FF13: =$EQ13*$V13*$X13 | FG13: =$EC13*$V13*(1-$X13)/$AY13 | FH13: =$ED13*$V13*(1-$X13)/$AY13 | FI13: =$EE13*$V13*(1-$X13)/$AY13 | FJ13: =$EF13*$V13*(1-$X13)/$AY13 | FK13: =$EG13*$V13*(1-$X13)/$AY13 | FL13: =$EC13*$Y13*$Z13*$AA13*8760*$BE13 | FM13: =$ED13*$Y13*$Z13*$AA13*8760*$BF13 | FN13: =$EE13*$Y13*$Z13*$AA13*8760*$BG13 | FO13: =$EF13*$Y13*$Z13*$AA13*8760*$BH13 | FP13: =$EG13*$Y13*$Z13*$AA13*8760*$BI13 | FQ13: =IF($AC13>0,$AC13,$EC13*$Y13*$AB13*12)*$BE13 | FR13: =IF($AC13>0,$AC13,$ED13*$Y13*$AB13*12)*$BF13 | FS13: =IF($AC13>0,$AC13,$EE13*$Y13*$AB13*12)*$BG13 | FT13: =IF($AC13>0,$AC13,$EF13*$Y13*$AB13*12)*$BH13 | FU13: =IF($AC13>0,$AC13,$EG13*$Y13*$AB13*12)*$BI13 | FV13: =$EC13*$V13*$AD13*$BE13 | FW13: =$ED13*$V13*$AD13*$BF13 | FX13: =$EE13*$V13*$AD13*$BG13 | FY13: =$EF13*$V13*$AD13*$BH13 | FZ13: =$EG13*$V13*$AD13*$BI13 | GA13: =$AE13*$BE13 | GB13: =$AE13*$BF13 | GC13: =$AE13*$BG13 | GD13: =$AE13*$BH13 | GE13: =$AE13*$BI13 | GF13: =$AF13*$AG13*$BE13 | GG13: =$AF13*$AG13*$BF13 | GH13: =$AF13*$AG13*$BG13 | GI13: =$AF13*$AG13*$BH13 | GJ13: =$AF13*$AG13*$BI13 | GK13: =IF(1=1,$AH13,0) | GL13: =IF(2=1,$AH13,0) | GM13: =IF(3=1,$AH13,0) | GN13: =IF(4=1,$AH13,0) | GO13: =IF(5=1,$AH13,0) | GP13: =$FG13+$FL13+$FQ13+$FV13+$GA13+$GF13+$GK13 | GQ13: =$FH13+$FM13+$FR13+$FW13+$GB13+$GG13+$GL13 | GR13: =$FI13+$FN13+$FS13+$FX13+$GC13+$GH13+$GM13 | GS13: =$FJ13+$FO13+$FT13+$FY13+$GD13+$GI13+$GN13 | GT13: =$FK13+$FP13+$FU13+$FZ13+$GE13+$GJ13+$GO13 | GU13: =$EW13-$FB13+$GK13 | GV13: =$EX13-$FC13+$GL13 | GW13: =$EY13-$FD13+$GM13 | GX13: =$EZ13-$FE13+$GN13 | GY13: =$FA13-$FF13+$GO13 | GZ13: =$FL13+$FQ13+$FV13+$GA13+$GF13 | HA13: =$FM13+$FR13+$FW13+$GB13+$GG13 | HB13: =$FN13+$FS13+$FX13+$GC13+$GH13 | HC13: =$FO13+$FT13+$FY13+$GD13+$GI13 | HD13: =$FP13+$FU13+$FZ13+$GE13+$GJ13 | HE13: =((1<=$AX13)*(1>$AX13-$AY13))*$ER13*$V13*MAX(0,1-(1-$X13)*($AX13-1+1)/$AY13)+((2<=$AX13)*(2>$AX13-$AY13))*$ES13*$V13*MAX(0,1-(1-$X13)*($AX13-2+1)/$AY13)+((3<=$AX13)*(3>$AX13-$AY13))*$ET13*$V13*MAX(0,1-(1-$X13)*($AX13-3+1)/$AY13)+((4<=$AX13)*(4>$AX13-$AY13))*$EU13*$V13*MAX(0,1-(1-$X13)*($AX13-4+1)/$AY13)+((5<=$AX13)*(5>$AX13-$AY13))*$EV13*$V13*MAX(0,1-(1-$X13)*($AX13-5+1)/$AY13) | HF13: =SUMPRODUCT($AZ13:$BD13,$GP13:$GT13) | HG13: =SUM($GP13:$GR13) | HH13: =SUM($GP13:$GT13) | HI13: =SUMPRODUCT($AZ13:$BD13,$GU13:$GY13,$BJ13:$BN13)+SUMPRODUCT($AZ13:$BD13,$GZ13:$HD13,$BO13:$BS13)-$HE13/(1+$AM13)^$AX13 | HJ13: =MIN(1,MAX(0,IF(ISNUMBER($AJ13),$AJ13,IF($F13+$G13+$H13>0,($G13+$H13)/($F13+$G13+$H13),0))*$AR13)) | HK13: =IF($HJ13>0,1,0) | HL13: =IF($HJ13<1,1,0) | HM13: =IF($CE13*$HJ13>0,ROUNDUP($CE13*$HJ13/$AP13,0),0) | HN13: =IF($CF13*$HJ13>0,ROUNDUP($CF13*$HJ13/$AP13,0),0) | HO13: =IF($CG13*$HJ13>0,ROUNDUP($CG13*$HJ13/$AP13,0),0) | HP13: =IF($CH13*$HJ13>0,ROUNDUP($CH13*$HJ13/$AP13,0),0) | HQ13: =IF($CI13*$HJ13>0,ROUNDUP($CI13*$HJ13/$AP13,0),0) | HR13: =MAX($HM13,0) | HS13: =MAX($HN13,$HR13) | HT13: =MAX($HO13,$HS13) | HU13: =MAX($HP13,$HT13) | HV13: =MAX($HQ13,$HU13) | HW13: =$HR13-0 | HX13: =$HS13-$HR13 | HY13: =$HT13-$HS13 | HZ13: =$HU13-$HT13 | IA13: =$HV13-$HU13 | IB13: =0 | IC13: =(1+$AY13=2)*$IG13 | ID13: =(1+$AY13=3)*$IG13+(2+$AY13=3)*$IH13 | IE13: =(1+$AY13=4)*$IG13+(2+$AY13=4)*$IH13+(3+$AY13=4)*$II13 | IF13: =(1+$AY13=5)*$IG13+(2+$AY13=5)*$IH13+(3+$AY13=5)*$II13+(4+$AY13=5)*$IJ13 | IG13: =$HW13+$IB13 | IH13: =$HX13+$IC13 | II13: =$HY13+$ID13 | IJ13: =$HZ13+$IE13 | IK13: =$IA13+$IF13 | IL13: =$IG13*$V13 | IM13: =$IH13*$V13 | IN13: =$II13*$V13 | IO13: =$IJ13*$V13 | IP13: =$IK13*$V13 | IQ13: =$IB13*$V13*$X13 | IR13: =$IC13*$V13*$X13 | IS13: =$ID13*$V13*$X13 | IT13: =$IE13*$V13*$X13 | IU13: =$IF13*$V13*$X13 | IV13: =$HR13*$V13*(1-$X13)/$AY13 | IW13: =$HS13*$V13*(1-$X13)/$AY13 | IX13: =$HT13*$V13*(1-$X13)/$AY13 | IY13: =$HU13*$V13*(1-$X13)/$AY13 | IZ13: =$HV13*$V13*(1-$X13)/$AY13 | JA13: =$HR13*$Y13*$Z13*$AA13*8760*$BE13 | JB13: =$HS13*$Y13*$Z13*$AA13*8760*$BF13 | JC13: =$HT13*$Y13*$Z13*$AA13*8760*$BG13 | JD13: =$HU13*$Y13*$Z13*$AA13*8760*$BH13 | JE13: =$HV13*$Y13*$Z13*$AA13*8760*$BI13 | JF13: =IF($AC13>0,$AC13*$HK13,$HR13*$Y13*$AB13*12)*$BE13 | JG13: =IF($AC13>0,$AC13*$HK13,$HS13*$Y13*$AB13*12)*$BF13 | JH13: =IF($AC13>0,$AC13*$HK13,$HT13*$Y13*$AB13*12)*$BG13 | JI13: =IF($AC13>0,$AC13*$HK13,$HU13*$Y13*$AB13*12)*$BH13 | JJ13: =IF($AC13>0,$AC13*$HK13,$HV13*$Y13*$AB13*12)*$BI13 | JK13: =$HR13*$V13*$AD13*$BE13 | JL13: =$HS13*$V13*$AD13*$BF13 | JM13: =$HT13*$V13*$AD13*$BG13 | JN13: =$HU13*$V13*$AD13*$BH13 | JO13: =$HV13*$V13*$AD13*$BI13 | JP13: =$AE13*$BE13*$HK13 | JQ13: =$AE13*$BF13*$HK13 | JR13: =$AE13*$BG13*$HK13 | JS13: =$AE13*$BH13*$HK13 | JT13: =$AE13*$BI13*$HK13 | JU13: =$AQ13*$AG13*$BE13*$HK13 | JV13: =$AQ13*$AG13*$BF13*$HK13 | JW13: =$AQ13*$AG13*$BG13*$HK13 | JX13: =$AQ13*$AG13*$BH13*$HK13 | JY13: =$AQ13*$AG13*$BI13*$HK13 | JZ13: =$BU13*(1-$HJ13)/1000000*$CJ13 | KA13: =$BV13*(1-$HJ13)/1000000*$CK13 | KB13: =$BW13*(1-$HJ13)/1000000*$CL13 | KC13: =$BX13*(1-$HJ13)/1000000*$CM13 | KD13: =$BY13*(1-$HJ13)/1000000*$CN13 | KE13: =$CT13*$HL13 | KF13: =$CU13*$HL13 | KG13: =$CV13*$HL13 | KH13: =$CW13*$HL13 | KI13: =$CX13*$HL13 | KJ13: =IF(1=1,$R13*$HL13+$AH13*$HK13+$AK13,0) | KK13: =IF(2=1,$R13*$HL13+$AH13*$HK13+$AK13,0) | KL13: =IF(3=1,$R13*$HL13+$AH13*$HK13+$AK13,0) | KM13: =IF(4=1,$R13*$HL13+$AH13*$HK13+$AK13,0) | KN13: =IF(5=1,$R13*$HL13+$AH13*$HK13+$AK13,0) | KO13: =$IV13+$JA13+$JF13+$JK13+$JP13+$JU13+$JZ13+$KE13+$KJ13 | KP13: =$IW13+$JB13+$JG13+$JL13+$JQ13+$JV13+$KA13+$KF13+$KK13 | KQ13: =$IX13+$JC13+$JH13+$JM13+$JR13+$JW13+$KB13+$KG13+$KL13 | KR13: =$IY13+$JD13+$JI13+$JN13+$JS13+$JX13+$KC13+$KH13+$KM13 | KS13: =$IZ13+$JE13+$JJ13+$JO13+$JT13+$JY13+$KD13+$KI13+$KN13 | KT13: =$IL13-$IQ13+$KJ13 | KU13: =$IM13-$IR13+$KK13 | KV13: =$IN13-$IS13+$KL13 | KW13: =$IO13-$IT13+$KM13 | KX13: =$IP13-$IU13+$KN13 | KY13: =$JA13+$JF13+$JK13+$JP13+$JU13+$JZ13+$KE13 | KZ13: =$JB13+$JG13+$JL13+$JQ13+$JV13+$KA13+$KF13 | LA13: =$JC13+$JH13+$JM13+$JR13+$JW13+$KB13+$KG13 | LB13: =$JD13+$JI13+$JN13+$JS13+$JX13+$KC13+$KH13 | LC13: =$JE13+$JJ13+$JO13+$JT13+$JY13+$KD13+$KI13 | LD13: =((1<=$AX13)*(1>$AX13-$AY13))*$IG13*$V13*MAX(0,1-(1-$X13)*($AX13-1+1)/$AY13)+((2<=$AX13)*(2>$AX13-$AY13))*$IH13*$V13*MAX(0,1-(1-$X13)*($AX13-2+1)/$AY13)+((3<=$AX13)*(3>$AX13-$AY13))*$II13*$V13*MAX(0,1-(1-$X13)*($AX13-3+1)/$AY13)+((4<=$AX13)*(4>$AX13-$AY13))*$IJ13*$V13*MAX(0,1-(1-$X13)*($AX13-4+1)/$AY13)+((5<=$AX13)*(5>$AX13-$AY13))*$IK13*$V13*MAX(0,1-(1-$X13)*($AX13-5+1)/$AY13) | LE13: =SUMPRODUCT($AZ13:$BD13,$KO13:$KS13) | LF13: =SUM($KO13:$KQ13) | LG13: =SUM($KO13:$KS13) | LH13: =SUMPRODUCT($AZ13:$BD13,$KT13:$KX13,$BJ13:$BN13)+SUMPRODUCT($AZ13:$BD13,$KY13:$LC13,$BO13:$BS13)-$LD13/(1+$AM13)^$AX13 | LI13: =$BU13/1000000 | LJ13: =IF($LI13>0,$DD13/$LI13,0) | LK13: =IF($LI13>0,$GP13/$LI13,0) | LL13: =IF($LI13>0,$KO13/$LI13,0) | LM13: =$AP13*31536000/1000000 | LN13: =$EC13*$LM13 | LO13: =$FG13+$FL13+$FQ13+$FV13+$GA13+$GF13 | LP13: =IF($LN13*$CJ13>0,MAX(0,($LO13-$CT13)/($LN13*$CJ13)),0) | LQ13: =IF($LN13>0,$LI13/$LN13,0) | LR13: =1/($M13*$AI13) | LS13: =$HR13*$LM13 | LT13: =$IV13+$JA13+$JF13+$JK13+$JP13+$JU13 | LU13: =IF($LS13*$CJ13>0,$LT13/($LS13*$CJ13),0) | LV13: =IF($LS13>0,$LI13*$HJ13/$LS13,0) | LW13: =$V13*(1-$X13)/$AY13+$Y13*$Z13*$AA13*8760+IF($AC13>0,0,$Y13*$AB13*12)+$V13*$AD13 | LX13: =IF($LM13*$CJ13>0,$LW13/($LM13*$CJ13),0) | LY13: =IF($LM13*$LR13>0,$LW13/($LM13*$LR13),0) | LZ13: =$AE13+$AF13*$AG13+IF($AC13>0,$AC13,0)-$CT13 | MA13: =IF($CJ13>$LY13,MAX(0,$LZ13)/($CJ13-$LY13)*1000000,"Not reachable") | MB13: =IF(AND(ISNUMBER($MA13),$BU13>0),$MA13/$BU13,"n/a") | MC13: =$B13*MAX(0,$D13-1)*$E13 | MD13: =$MC13*$C13 | ME13: =$MD13*SUMPRODUCT($AZ13:$BD13,$BO13:$BS13) | MF13: =IF($AO13="Yes",$ME13-$DW13,0) | MG13: =IF($AO13="Yes",$ME13-$HI13,0) | MH13: =IF($AO13="Yes",$ME13-$LH13,0) | MI13: =IF($AO13="Yes",$MD13-$DD13,0) | MJ13: =IF(AND($DW13<=$HI13,$DW13<=$LH13),"Rent the Frontier",IF($HI13<=$LH13,"Own the Frontier","Hybrid")) | MK13: =IF(AND($DT13<=$HF13,$DT13<=$LE13),"Rent the Frontier",IF($HF13<=$LE13,"Own the Frontier","Hybrid"))
A14: =Sensitivity!A17&" ("&Sensitivity!C17&")" | B14: =Inputs!$B$5 | C14: =Inputs!$B$6 | D14: =Inputs!$B$7 | E14: =Inputs!$B$8 | F14: =Inputs!$B$12 | G14: =Inputs!$B$13 | H14: =Inputs!$B$14 | I14: =Inputs!$B$18 | J14: =Inputs!$B$19 | K14: =Inputs!$B$20 | L14: =Inputs!$B$21 | M14: =Inputs!$B$22 | N14: =Inputs!$B$23 | O14: =Inputs!$B$26 | P14: =Inputs!$B$27 | Q14: =Inputs!$B$28 | R14: =Inputs!$B$29 | S14: =Inputs!$B$30 | T14: =Inputs!$B$31 | U14: =Inputs!$B$32 | V14: =Inputs!$B$35 | W14: =Inputs!$B$36 | X14: =MIN(1,Inputs!$B$37*Sensitivity!$D$17) | Y14: =Inputs!$B$38 | Z14: =Inputs!$B$39 | AA14: =Inputs!$B$40 | AB14: =Inputs!$B$41 | AC14: =Inputs!$B$42 | AD14: =Inputs!$B$43 | AE14: =Inputs!$B$44 | AF14: =Inputs!$B$45 | AG14: =Inputs!$B$46 | AH14: =Inputs!$B$47 | AI14: =Inputs!$B$48 | AJ14: =IF(ISNUMBER(Inputs!$B$51),Inputs!$B$51,"") | AK14: =Inputs!$B$52 | AL14: =Inputs!$B$55 | AM14: =Inputs!$B$56 | AN14: =Inputs!$B$57 | AO14: =Inputs!$B$58 | AP14: =Inputs!$B$61 | AQ14: =Inputs!$B$62 | AR14: =1 | AS14: 1 | AT14: 2 | AU14: 3 | AV14: 4 | AW14: 5 | AX14: =MIN(5,MAX(1,ROUND($AL14,0))) | AY14: =MAX(1,ROUND($W14,0)) | AZ14: =IF(1<=$AX14,1,0) | BA14: =IF(2<=$AX14,1,0) | BB14: =IF(3<=$AX14,1,0) | BC14: =IF(4<=$AX14,1,0) | BD14: =IF(5<=$AX14,1,0) | BE14: =(1+$AN14)^(1-1) | BF14: =(1+$AN14)^(2-1) | BG14: =(1+$AN14)^(3-1) | BH14: =(1+$AN14)^(4-1) | BI14: =(1+$AN14)^(5-1) | BJ14: =1/(1+$AM14)^(1-1) | BK14: =1/(1+$AM14)^(2-1) | BL14: =1/(1+$AM14)^(3-1) | BM14: =1/(1+$AM14)^(4-1) | BN14: =1/(1+$AM14)^(5-1) | BO14: =1/(1+$AM14)^1 | BP14: =1/(1+$AM14)^2 | BQ14: =1/(1+$AM14)^3 | BR14: =1/(1+$AM14)^4 | BS14: =1/(1+$AM14)^5 | BT14: =IF(AND($I14="Direct monthly estimate",$J14>0),$J14,$D14*$K14*$L14) | BU14: =$BT14*$B14*12*(1+$N14)^(1-1) | BV14: =$BT14*$B14*12*(1+$N14)^(2-1) | BW14: =$BT14*$B14*12*(1+$N14)^(3-1) | BX14: =$BT14*$B14*12*(1+$N14)^(4-1) | BY14: =$BT14*$B14*12*(1+$N14)^(5-1) | BZ14: =$BU14/31536000*$M14 | CA14: =$BV14/31536000*$M14 | CB14: =$BW14/31536000*$M14 | CC14: =$BX14/31536000*$M14 | CD14: =$BY14/31536000*$M14 | CE14: =$BZ14*$AI14 | CF14: =$CA14*$AI14 | CG14: =$CB14*$AI14 | CH14: =$CC14*$AI14 | CI14: =$CD14*$AI14 | CJ14: =$O14*(1-$Q14)*(1-$P14)^(1-1) | CK14: =$O14*(1-$Q14)*(1-$P14)^(2-1) | CL14: =$O14*(1-$Q14)*(1-$P14)^(3-1) | CM14: =$O14*(1-$Q14)*(1-$P14)^(4-1) | CN14: =$O14*(1-$Q14)*(1-$P14)^(5-1) | CO14: =$BU14/1000000*$CJ14 | CP14: =$BV14/1000000*$CK14 | CQ14: =$BW14/1000000*$CL14 | CR14: =$BX14/1000000*$CM14 | CS14: =$BY14/1000000*$CN14 | CT14: =($T14*$U14+$S14)*$BE14 | CU14: =($T14*$U14+$S14)*$BF14 | CV14: =($T14*$U14+$S14)*$BG14 | CW14: =($T14*$U14+$S14)*$BH14 | CX14: =($T14*$U14+$S14)*$BI14 | CY14: =IF(1=1,$R14,0) | CZ14: =IF(2=1,$R14,0) | DA14: =IF(3=1,$R14,0) | DB14: =IF(4=1,$R14,0) | DC14: =IF(5=1,$R14,0) | DD14: =$CO14+$CT14+$CY14 | DE14: =$CP14+$CU14+$CZ14 | DF14: =$CQ14+$CV14+$DA14 | DG14: =$CR14+$CW14+$DB14 | DH14: =$CS14+$CX14+$DC14 | DI14: =$CY14 | DJ14: =$CZ14 | DK14: =$DA14 | DL14: =$DB14 | DM14: =$DC14 | DN14: =$CO14+$CT14 | DO14: =$CP14+$CU14 | DP14: =$CQ14+$CV14 | DQ14: =$CR14+$CW14 | DR14: =$CS14+$CX14 | DS14: =0 | DT14: =SUMPRODUCT($AZ14:$BD14,$DD14:$DH14) | DU14: =SUM($DD14:$DF14) | DV14: =SUM($DD14:$DH14) | DW14: =SUMPRODUCT($AZ14:$BD14,$DI14:$DM14,$BJ14:$BN14)+SUMPRODUCT($AZ14:$BD14,$DN14:$DR14,$BO14:$BS14)-$DS14/(1+$AM14)^$AX14 | DX14: =IF($CE14>0,ROUNDUP($CE14/$AP14,0),0) | DY14: =IF($CF14>0,ROUNDUP($CF14/$AP14,0),0) | DZ14: =IF($CG14>0,ROUNDUP($CG14/$AP14,0),0) | EA14: =IF($CH14>0,ROUNDUP($CH14/$AP14,0),0) | EB14: =IF($CI14>0,ROUNDUP($CI14/$AP14,0),0) | EC14: =MAX($DX14,0) | ED14: =MAX($DY14,$EC14) | EE14: =MAX($DZ14,$ED14) | EF14: =MAX($EA14,$EE14) | EG14: =MAX($EB14,$EF14) | EH14: =$EC14-0 | EI14: =$ED14-$EC14 | EJ14: =$EE14-$ED14 | EK14: =$EF14-$EE14 | EL14: =$EG14-$EF14 | EM14: =0 | EN14: =(1+$AY14=2)*$ER14 | EO14: =(1+$AY14=3)*$ER14+(2+$AY14=3)*$ES14 | EP14: =(1+$AY14=4)*$ER14+(2+$AY14=4)*$ES14+(3+$AY14=4)*$ET14 | EQ14: =(1+$AY14=5)*$ER14+(2+$AY14=5)*$ES14+(3+$AY14=5)*$ET14+(4+$AY14=5)*$EU14 | ER14: =$EH14+$EM14 | ES14: =$EI14+$EN14 | ET14: =$EJ14+$EO14 | EU14: =$EK14+$EP14 | EV14: =$EL14+$EQ14 | EW14: =$ER14*$V14 | EX14: =$ES14*$V14 | EY14: =$ET14*$V14 | EZ14: =$EU14*$V14 | FA14: =$EV14*$V14 | FB14: =$EM14*$V14*$X14 | FC14: =$EN14*$V14*$X14 | FD14: =$EO14*$V14*$X14 | FE14: =$EP14*$V14*$X14 | FF14: =$EQ14*$V14*$X14 | FG14: =$EC14*$V14*(1-$X14)/$AY14 | FH14: =$ED14*$V14*(1-$X14)/$AY14 | FI14: =$EE14*$V14*(1-$X14)/$AY14 | FJ14: =$EF14*$V14*(1-$X14)/$AY14 | FK14: =$EG14*$V14*(1-$X14)/$AY14 | FL14: =$EC14*$Y14*$Z14*$AA14*8760*$BE14 | FM14: =$ED14*$Y14*$Z14*$AA14*8760*$BF14 | FN14: =$EE14*$Y14*$Z14*$AA14*8760*$BG14 | FO14: =$EF14*$Y14*$Z14*$AA14*8760*$BH14 | FP14: =$EG14*$Y14*$Z14*$AA14*8760*$BI14 | FQ14: =IF($AC14>0,$AC14,$EC14*$Y14*$AB14*12)*$BE14 | FR14: =IF($AC14>0,$AC14,$ED14*$Y14*$AB14*12)*$BF14 | FS14: =IF($AC14>0,$AC14,$EE14*$Y14*$AB14*12)*$BG14 | FT14: =IF($AC14>0,$AC14,$EF14*$Y14*$AB14*12)*$BH14 | FU14: =IF($AC14>0,$AC14,$EG14*$Y14*$AB14*12)*$BI14 | FV14: =$EC14*$V14*$AD14*$BE14 | FW14: =$ED14*$V14*$AD14*$BF14 | FX14: =$EE14*$V14*$AD14*$BG14 | FY14: =$EF14*$V14*$AD14*$BH14 | FZ14: =$EG14*$V14*$AD14*$BI14 | GA14: =$AE14*$BE14 | GB14: =$AE14*$BF14 | GC14: =$AE14*$BG14 | GD14: =$AE14*$BH14 | GE14: =$AE14*$BI14 | GF14: =$AF14*$AG14*$BE14 | GG14: =$AF14*$AG14*$BF14 | GH14: =$AF14*$AG14*$BG14 | GI14: =$AF14*$AG14*$BH14 | GJ14: =$AF14*$AG14*$BI14 | GK14: =IF(1=1,$AH14,0) | GL14: =IF(2=1,$AH14,0) | GM14: =IF(3=1,$AH14,0) | GN14: =IF(4=1,$AH14,0) | GO14: =IF(5=1,$AH14,0) | GP14: =$FG14+$FL14+$FQ14+$FV14+$GA14+$GF14+$GK14 | GQ14: =$FH14+$FM14+$FR14+$FW14+$GB14+$GG14+$GL14 | GR14: =$FI14+$FN14+$FS14+$FX14+$GC14+$GH14+$GM14 | GS14: =$FJ14+$FO14+$FT14+$FY14+$GD14+$GI14+$GN14 | GT14: =$FK14+$FP14+$FU14+$FZ14+$GE14+$GJ14+$GO14 | GU14: =$EW14-$FB14+$GK14 | GV14: =$EX14-$FC14+$GL14 | GW14: =$EY14-$FD14+$GM14 | GX14: =$EZ14-$FE14+$GN14 | GY14: =$FA14-$FF14+$GO14 | GZ14: =$FL14+$FQ14+$FV14+$GA14+$GF14 | HA14: =$FM14+$FR14+$FW14+$GB14+$GG14 | HB14: =$FN14+$FS14+$FX14+$GC14+$GH14 | HC14: =$FO14+$FT14+$FY14+$GD14+$GI14 | HD14: =$FP14+$FU14+$FZ14+$GE14+$GJ14 | HE14: =((1<=$AX14)*(1>$AX14-$AY14))*$ER14*$V14*MAX(0,1-(1-$X14)*($AX14-1+1)/$AY14)+((2<=$AX14)*(2>$AX14-$AY14))*$ES14*$V14*MAX(0,1-(1-$X14)*($AX14-2+1)/$AY14)+((3<=$AX14)*(3>$AX14-$AY14))*$ET14*$V14*MAX(0,1-(1-$X14)*($AX14-3+1)/$AY14)+((4<=$AX14)*(4>$AX14-$AY14))*$EU14*$V14*MAX(0,1-(1-$X14)*($AX14-4+1)/$AY14)+((5<=$AX14)*(5>$AX14-$AY14))*$EV14*$V14*MAX(0,1-(1-$X14)*($AX14-5+1)/$AY14) | HF14: =SUMPRODUCT($AZ14:$BD14,$GP14:$GT14) | HG14: =SUM($GP14:$GR14) | HH14: =SUM($GP14:$GT14) | HI14: =SUMPRODUCT($AZ14:$BD14,$GU14:$GY14,$BJ14:$BN14)+SUMPRODUCT($AZ14:$BD14,$GZ14:$HD14,$BO14:$BS14)-$HE14/(1+$AM14)^$AX14 | HJ14: =MIN(1,MAX(0,IF(ISNUMBER($AJ14),$AJ14,IF($F14+$G14+$H14>0,($G14+$H14)/($F14+$G14+$H14),0))*$AR14)) | HK14: =IF($HJ14>0,1,0) | HL14: =IF($HJ14<1,1,0) | HM14: =IF($CE14*$HJ14>0,ROUNDUP($CE14*$HJ14/$AP14,0),0) | HN14: =IF($CF14*$HJ14>0,ROUNDUP($CF14*$HJ14/$AP14,0),0) | HO14: =IF($CG14*$HJ14>0,ROUNDUP($CG14*$HJ14/$AP14,0),0) | HP14: =IF($CH14*$HJ14>0,ROUNDUP($CH14*$HJ14/$AP14,0),0) | HQ14: =IF($CI14*$HJ14>0,ROUNDUP($CI14*$HJ14/$AP14,0),0) | HR14: =MAX($HM14,0) | HS14: =MAX($HN14,$HR14) | HT14: =MAX($HO14,$HS14) | HU14: =MAX($HP14,$HT14) | HV14: =MAX($HQ14,$HU14) | HW14: =$HR14-0 | HX14: =$HS14-$HR14 | HY14: =$HT14-$HS14 | HZ14: =$HU14-$HT14 | IA14: =$HV14-$HU14 | IB14: =0 | IC14: =(1+$AY14=2)*$IG14 | ID14: =(1+$AY14=3)*$IG14+(2+$AY14=3)*$IH14 | IE14: =(1+$AY14=4)*$IG14+(2+$AY14=4)*$IH14+(3+$AY14=4)*$II14 | IF14: =(1+$AY14=5)*$IG14+(2+$AY14=5)*$IH14+(3+$AY14=5)*$II14+(4+$AY14=5)*$IJ14 | IG14: =$HW14+$IB14 | IH14: =$HX14+$IC14 | II14: =$HY14+$ID14 | IJ14: =$HZ14+$IE14 | IK14: =$IA14+$IF14 | IL14: =$IG14*$V14 | IM14: =$IH14*$V14 | IN14: =$II14*$V14 | IO14: =$IJ14*$V14 | IP14: =$IK14*$V14 | IQ14: =$IB14*$V14*$X14 | IR14: =$IC14*$V14*$X14 | IS14: =$ID14*$V14*$X14 | IT14: =$IE14*$V14*$X14 | IU14: =$IF14*$V14*$X14 | IV14: =$HR14*$V14*(1-$X14)/$AY14 | IW14: =$HS14*$V14*(1-$X14)/$AY14 | IX14: =$HT14*$V14*(1-$X14)/$AY14 | IY14: =$HU14*$V14*(1-$X14)/$AY14 | IZ14: =$HV14*$V14*(1-$X14)/$AY14 | JA14: =$HR14*$Y14*$Z14*$AA14*8760*$BE14 | JB14: =$HS14*$Y14*$Z14*$AA14*8760*$BF14 | JC14: =$HT14*$Y14*$Z14*$AA14*8760*$BG14 | JD14: =$HU14*$Y14*$Z14*$AA14*8760*$BH14 | JE14: =$HV14*$Y14*$Z14*$AA14*8760*$BI14 | JF14: =IF($AC14>0,$AC14*$HK14,$HR14*$Y14*$AB14*12)*$BE14 | JG14: =IF($AC14>0,$AC14*$HK14,$HS14*$Y14*$AB14*12)*$BF14 | JH14: =IF($AC14>0,$AC14*$HK14,$HT14*$Y14*$AB14*12)*$BG14 | JI14: =IF($AC14>0,$AC14*$HK14,$HU14*$Y14*$AB14*12)*$BH14 | JJ14: =IF($AC14>0,$AC14*$HK14,$HV14*$Y14*$AB14*12)*$BI14 | JK14: =$HR14*$V14*$AD14*$BE14 | JL14: =$HS14*$V14*$AD14*$BF14 | JM14: =$HT14*$V14*$AD14*$BG14 | JN14: =$HU14*$V14*$AD14*$BH14 | JO14: =$HV14*$V14*$AD14*$BI14 | JP14: =$AE14*$BE14*$HK14 | JQ14: =$AE14*$BF14*$HK14 | JR14: =$AE14*$BG14*$HK14 | JS14: =$AE14*$BH14*$HK14 | JT14: =$AE14*$BI14*$HK14 | JU14: =$AQ14*$AG14*$BE14*$HK14 | JV14: =$AQ14*$AG14*$BF14*$HK14 | JW14: =$AQ14*$AG14*$BG14*$HK14 | JX14: =$AQ14*$AG14*$BH14*$HK14 | JY14: =$AQ14*$AG14*$BI14*$HK14 | JZ14: =$BU14*(1-$HJ14)/1000000*$CJ14 | KA14: =$BV14*(1-$HJ14)/1000000*$CK14 | KB14: =$BW14*(1-$HJ14)/1000000*$CL14 | KC14: =$BX14*(1-$HJ14)/1000000*$CM14 | KD14: =$BY14*(1-$HJ14)/1000000*$CN14 | KE14: =$CT14*$HL14 | KF14: =$CU14*$HL14 | KG14: =$CV14*$HL14 | KH14: =$CW14*$HL14 | KI14: =$CX14*$HL14 | KJ14: =IF(1=1,$R14*$HL14+$AH14*$HK14+$AK14,0) | KK14: =IF(2=1,$R14*$HL14+$AH14*$HK14+$AK14,0) | KL14: =IF(3=1,$R14*$HL14+$AH14*$HK14+$AK14,0) | KM14: =IF(4=1,$R14*$HL14+$AH14*$HK14+$AK14,0) | KN14: =IF(5=1,$R14*$HL14+$AH14*$HK14+$AK14,0) | KO14: =$IV14+$JA14+$JF14+$JK14+$JP14+$JU14+$JZ14+$KE14+$KJ14 | KP14: =$IW14+$JB14+$JG14+$JL14+$JQ14+$JV14+$KA14+$KF14+$KK14 | KQ14: =$IX14+$JC14+$JH14+$JM14+$JR14+$JW14+$KB14+$KG14+$KL14 | KR14: =$IY14+$JD14+$JI14+$JN14+$JS14+$JX14+$KC14+$KH14+$KM14 | KS14: =$IZ14+$JE14+$JJ14+$JO14+$JT14+$JY14+$KD14+$KI14+$KN14 | KT14: =$IL14-$IQ14+$KJ14 | KU14: =$IM14-$IR14+$KK14 | KV14: =$IN14-$IS14+$KL14 | KW14: =$IO14-$IT14+$KM14 | KX14: =$IP14-$IU14+$KN14 | KY14: =$JA14+$JF14+$JK14+$JP14+$JU14+$JZ14+$KE14 | KZ14: =$JB14+$JG14+$JL14+$JQ14+$JV14+$KA14+$KF14 | LA14: =$JC14+$JH14+$JM14+$JR14+$JW14+$KB14+$KG14 | LB14: =$JD14+$JI14+$JN14+$JS14+$JX14+$KC14+$KH14 | LC14: =$JE14+$JJ14+$JO14+$JT14+$JY14+$KD14+$KI14 | LD14: =((1<=$AX14)*(1>$AX14-$AY14))*$IG14*$V14*MAX(0,1-(1-$X14)*($AX14-1+1)/$AY14)+((2<=$AX14)*(2>$AX14-$AY14))*$IH14*$V14*MAX(0,1-(1-$X14)*($AX14-2+1)/$AY14)+((3<=$AX14)*(3>$AX14-$AY14))*$II14*$V14*MAX(0,1-(1-$X14)*($AX14-3+1)/$AY14)+((4<=$AX14)*(4>$AX14-$AY14))*$IJ14*$V14*MAX(0,1-(1-$X14)*($AX14-4+1)/$AY14)+((5<=$AX14)*(5>$AX14-$AY14))*$IK14*$V14*MAX(0,1-(1-$X14)*($AX14-5+1)/$AY14) | LE14: =SUMPRODUCT($AZ14:$BD14,$KO14:$KS14) | LF14: =SUM($KO14:$KQ14) | LG14: =SUM($KO14:$KS14) | LH14: =SUMPRODUCT($AZ14:$BD14,$KT14:$KX14,$BJ14:$BN14)+SUMPRODUCT($AZ14:$BD14,$KY14:$LC14,$BO14:$BS14)-$LD14/(1+$AM14)^$AX14 | LI14: =$BU14/1000000 | LJ14: =IF($LI14>0,$DD14/$LI14,0) | LK14: =IF($LI14>0,$GP14/$LI14,0) | LL14: =IF($LI14>0,$KO14/$LI14,0) | LM14: =$AP14*31536000/1000000 | LN14: =$EC14*$LM14 | LO14: =$FG14+$FL14+$FQ14+$FV14+$GA14+$GF14 | LP14: =IF($LN14*$CJ14>0,MAX(0,($LO14-$CT14)/($LN14*$CJ14)),0) | LQ14: =IF($LN14>0,$LI14/$LN14,0) | LR14: =1/($M14*$AI14) | LS14: =$HR14*$LM14 | LT14: =$IV14+$JA14+$JF14+$JK14+$JP14+$JU14 | LU14: =IF($LS14*$CJ14>0,$LT14/($LS14*$CJ14),0) | LV14: =IF($LS14>0,$LI14*$HJ14/$LS14,0) | LW14: =$V14*(1-$X14)/$AY14+$Y14*$Z14*$AA14*8760+IF($AC14>0,0,$Y14*$AB14*12)+$V14*$AD14 | LX14: =IF($LM14*$CJ14>0,$LW14/($LM14*$CJ14),0) | LY14: =IF($LM14*$LR14>0,$LW14/($LM14*$LR14),0) | LZ14: =$AE14+$AF14*$AG14+IF($AC14>0,$AC14,0)-$CT14 | MA14: =IF($CJ14>$LY14,MAX(0,$LZ14)/($CJ14-$LY14)*1000000,"Not reachable") | MB14: =IF(AND(ISNUMBER($MA14),$BU14>0),$MA14/$BU14,"n/a") | MC14: =$B14*MAX(0,$D14-1)*$E14 | MD14: =$MC14*$C14 | ME14: =$MD14*SUMPRODUCT($AZ14:$BD14,$BO14:$BS14) | MF14: =IF($AO14="Yes",$ME14-$DW14,0) | MG14: =IF($AO14="Yes",$ME14-$HI14,0) | MH14: =IF($AO14="Yes",$ME14-$LH14,0) | MI14: =IF($AO14="Yes",$MD14-$DD14,0) | MJ14: =IF(AND($DW14<=$HI14,$DW14<=$LH14),"Rent the Frontier",IF($HI14<=$LH14,"Own the Frontier","Hybrid")) | MK14: =IF(AND($DT14<=$HF14,$DT14<=$LE14),"Rent the Frontier",IF($HF14<=$LE14,"Own the Frontier","Hybrid"))
A15: =Sensitivity!A18&" ("&Sensitivity!C18&")" | B15: =Inputs!$B$5 | C15: =Inputs!$B$6 | D15: =Inputs!$B$7 | E15: =Inputs!$B$8 | F15: =Inputs!$B$12 | G15: =Inputs!$B$13 | H15: =Inputs!$B$14 | I15: =Inputs!$B$18 | J15: =Inputs!$B$19 | K15: =Inputs!$B$20 | L15: =Inputs!$B$21 | M15: =Inputs!$B$22 | N15: =Inputs!$B$23 | O15: =Inputs!$B$26 | P15: =Inputs!$B$27 | Q15: =Inputs!$B$28 | R15: =Inputs!$B$29 | S15: =Inputs!$B$30 | T15: =Inputs!$B$31 | U15: =Inputs!$B$32 | V15: =Inputs!$B$35 | W15: =Inputs!$B$36 | X15: =Inputs!$B$37 | Y15: =Inputs!$B$38 | Z15: =Inputs!$B$39 | AA15: =Inputs!$B$40 | AB15: =Inputs!$B$41 | AC15: =Inputs!$B$42 | AD15: =Inputs!$B$43 | AE15: =Inputs!$B$44 | AF15: =Inputs!$B$45*Sensitivity!$D$18 | AG15: =Inputs!$B$46 | AH15: =Inputs!$B$47 | AI15: =Inputs!$B$48 | AJ15: =IF(ISNUMBER(Inputs!$B$51),Inputs!$B$51,"") | AK15: =Inputs!$B$52 | AL15: =Inputs!$B$55 | AM15: =Inputs!$B$56 | AN15: =Inputs!$B$57 | AO15: =Inputs!$B$58 | AP15: =Inputs!$B$61 | AQ15: =Inputs!$B$62 | AR15: =1 | AS15: 1 | AT15: 2 | AU15: 3 | AV15: 4 | AW15: 5 | AX15: =MIN(5,MAX(1,ROUND($AL15,0))) | AY15: =MAX(1,ROUND($W15,0)) | AZ15: =IF(1<=$AX15,1,0) | BA15: =IF(2<=$AX15,1,0) | BB15: =IF(3<=$AX15,1,0) | BC15: =IF(4<=$AX15,1,0) | BD15: =IF(5<=$AX15,1,0) | BE15: =(1+$AN15)^(1-1) | BF15: =(1+$AN15)^(2-1) | BG15: =(1+$AN15)^(3-1) | BH15: =(1+$AN15)^(4-1) | BI15: =(1+$AN15)^(5-1) | BJ15: =1/(1+$AM15)^(1-1) | BK15: =1/(1+$AM15)^(2-1) | BL15: =1/(1+$AM15)^(3-1) | BM15: =1/(1+$AM15)^(4-1) | BN15: =1/(1+$AM15)^(5-1) | BO15: =1/(1+$AM15)^1 | BP15: =1/(1+$AM15)^2 | BQ15: =1/(1+$AM15)^3 | BR15: =1/(1+$AM15)^4 | BS15: =1/(1+$AM15)^5 | BT15: =IF(AND($I15="Direct monthly estimate",$J15>0),$J15,$D15*$K15*$L15) | BU15: =$BT15*$B15*12*(1+$N15)^(1-1) | BV15: =$BT15*$B15*12*(1+$N15)^(2-1) | BW15: =$BT15*$B15*12*(1+$N15)^(3-1) | BX15: =$BT15*$B15*12*(1+$N15)^(4-1) | BY15: =$BT15*$B15*12*(1+$N15)^(5-1) | BZ15: =$BU15/31536000*$M15 | CA15: =$BV15/31536000*$M15 | CB15: =$BW15/31536000*$M15 | CC15: =$BX15/31536000*$M15 | CD15: =$BY15/31536000*$M15 | CE15: =$BZ15*$AI15 | CF15: =$CA15*$AI15 | CG15: =$CB15*$AI15 | CH15: =$CC15*$AI15 | CI15: =$CD15*$AI15 | CJ15: =$O15*(1-$Q15)*(1-$P15)^(1-1) | CK15: =$O15*(1-$Q15)*(1-$P15)^(2-1) | CL15: =$O15*(1-$Q15)*(1-$P15)^(3-1) | CM15: =$O15*(1-$Q15)*(1-$P15)^(4-1) | CN15: =$O15*(1-$Q15)*(1-$P15)^(5-1) | CO15: =$BU15/1000000*$CJ15 | CP15: =$BV15/1000000*$CK15 | CQ15: =$BW15/1000000*$CL15 | CR15: =$BX15/1000000*$CM15 | CS15: =$BY15/1000000*$CN15 | CT15: =($T15*$U15+$S15)*$BE15 | CU15: =($T15*$U15+$S15)*$BF15 | CV15: =($T15*$U15+$S15)*$BG15 | CW15: =($T15*$U15+$S15)*$BH15 | CX15: =($T15*$U15+$S15)*$BI15 | CY15: =IF(1=1,$R15,0) | CZ15: =IF(2=1,$R15,0) | DA15: =IF(3=1,$R15,0) | DB15: =IF(4=1,$R15,0) | DC15: =IF(5=1,$R15,0) | DD15: =$CO15+$CT15+$CY15 | DE15: =$CP15+$CU15+$CZ15 | DF15: =$CQ15+$CV15+$DA15 | DG15: =$CR15+$CW15+$DB15 | DH15: =$CS15+$CX15+$DC15 | DI15: =$CY15 | DJ15: =$CZ15 | DK15: =$DA15 | DL15: =$DB15 | DM15: =$DC15 | DN15: =$CO15+$CT15 | DO15: =$CP15+$CU15 | DP15: =$CQ15+$CV15 | DQ15: =$CR15+$CW15 | DR15: =$CS15+$CX15 | DS15: =0 | DT15: =SUMPRODUCT($AZ15:$BD15,$DD15:$DH15) | DU15: =SUM($DD15:$DF15) | DV15: =SUM($DD15:$DH15) | DW15: =SUMPRODUCT($AZ15:$BD15,$DI15:$DM15,$BJ15:$BN15)+SUMPRODUCT($AZ15:$BD15,$DN15:$DR15,$BO15:$BS15)-$DS15/(1+$AM15)^$AX15 | DX15: =IF($CE15>0,ROUNDUP($CE15/$AP15,0),0) | DY15: =IF($CF15>0,ROUNDUP($CF15/$AP15,0),0) | DZ15: =IF($CG15>0,ROUNDUP($CG15/$AP15,0),0) | EA15: =IF($CH15>0,ROUNDUP($CH15/$AP15,0),0) | EB15: =IF($CI15>0,ROUNDUP($CI15/$AP15,0),0) | EC15: =MAX($DX15,0) | ED15: =MAX($DY15,$EC15) | EE15: =MAX($DZ15,$ED15) | EF15: =MAX($EA15,$EE15) | EG15: =MAX($EB15,$EF15) | EH15: =$EC15-0 | EI15: =$ED15-$EC15 | EJ15: =$EE15-$ED15 | EK15: =$EF15-$EE15 | EL15: =$EG15-$EF15 | EM15: =0 | EN15: =(1+$AY15=2)*$ER15 | EO15: =(1+$AY15=3)*$ER15+(2+$AY15=3)*$ES15 | EP15: =(1+$AY15=4)*$ER15+(2+$AY15=4)*$ES15+(3+$AY15=4)*$ET15 | EQ15: =(1+$AY15=5)*$ER15+(2+$AY15=5)*$ES15+(3+$AY15=5)*$ET15+(4+$AY15=5)*$EU15 | ER15: =$EH15+$EM15 | ES15: =$EI15+$EN15 | ET15: =$EJ15+$EO15 | EU15: =$EK15+$EP15 | EV15: =$EL15+$EQ15 | EW15: =$ER15*$V15 | EX15: =$ES15*$V15 | EY15: =$ET15*$V15 | EZ15: =$EU15*$V15 | FA15: =$EV15*$V15 | FB15: =$EM15*$V15*$X15 | FC15: =$EN15*$V15*$X15 | FD15: =$EO15*$V15*$X15 | FE15: =$EP15*$V15*$X15 | FF15: =$EQ15*$V15*$X15 | FG15: =$EC15*$V15*(1-$X15)/$AY15 | FH15: =$ED15*$V15*(1-$X15)/$AY15 | FI15: =$EE15*$V15*(1-$X15)/$AY15 | FJ15: =$EF15*$V15*(1-$X15)/$AY15 | FK15: =$EG15*$V15*(1-$X15)/$AY15 | FL15: =$EC15*$Y15*$Z15*$AA15*8760*$BE15 | FM15: =$ED15*$Y15*$Z15*$AA15*8760*$BF15 | FN15: =$EE15*$Y15*$Z15*$AA15*8760*$BG15 | FO15: =$EF15*$Y15*$Z15*$AA15*8760*$BH15 | FP15: =$EG15*$Y15*$Z15*$AA15*8760*$BI15 | FQ15: =IF($AC15>0,$AC15,$EC15*$Y15*$AB15*12)*$BE15 | FR15: =IF($AC15>0,$AC15,$ED15*$Y15*$AB15*12)*$BF15 | FS15: =IF($AC15>0,$AC15,$EE15*$Y15*$AB15*12)*$BG15 | FT15: =IF($AC15>0,$AC15,$EF15*$Y15*$AB15*12)*$BH15 | FU15: =IF($AC15>0,$AC15,$EG15*$Y15*$AB15*12)*$BI15 | FV15: =$EC15*$V15*$AD15*$BE15 | FW15: =$ED15*$V15*$AD15*$BF15 | FX15: =$EE15*$V15*$AD15*$BG15 | FY15: =$EF15*$V15*$AD15*$BH15 | FZ15: =$EG15*$V15*$AD15*$BI15 | GA15: =$AE15*$BE15 | GB15: =$AE15*$BF15 | GC15: =$AE15*$BG15 | GD15: =$AE15*$BH15 | GE15: =$AE15*$BI15 | GF15: =$AF15*$AG15*$BE15 | GG15: =$AF15*$AG15*$BF15 | GH15: =$AF15*$AG15*$BG15 | GI15: =$AF15*$AG15*$BH15 | GJ15: =$AF15*$AG15*$BI15 | GK15: =IF(1=1,$AH15,0) | GL15: =IF(2=1,$AH15,0) | GM15: =IF(3=1,$AH15,0) | GN15: =IF(4=1,$AH15,0) | GO15: =IF(5=1,$AH15,0) | GP15: =$FG15+$FL15+$FQ15+$FV15+$GA15+$GF15+$GK15 | GQ15: =$FH15+$FM15+$FR15+$FW15+$GB15+$GG15+$GL15 | GR15: =$FI15+$FN15+$FS15+$FX15+$GC15+$GH15+$GM15 | GS15: =$FJ15+$FO15+$FT15+$FY15+$GD15+$GI15+$GN15 | GT15: =$FK15+$FP15+$FU15+$FZ15+$GE15+$GJ15+$GO15 | GU15: =$EW15-$FB15+$GK15 | GV15: =$EX15-$FC15+$GL15 | GW15: =$EY15-$FD15+$GM15 | GX15: =$EZ15-$FE15+$GN15 | GY15: =$FA15-$FF15+$GO15 | GZ15: =$FL15+$FQ15+$FV15+$GA15+$GF15 | HA15: =$FM15+$FR15+$FW15+$GB15+$GG15 | HB15: =$FN15+$FS15+$FX15+$GC15+$GH15 | HC15: =$FO15+$FT15+$FY15+$GD15+$GI15 | HD15: =$FP15+$FU15+$FZ15+$GE15+$GJ15 | HE15: =((1<=$AX15)*(1>$AX15-$AY15))*$ER15*$V15*MAX(0,1-(1-$X15)*($AX15-1+1)/$AY15)+((2<=$AX15)*(2>$AX15-$AY15))*$ES15*$V15*MAX(0,1-(1-$X15)*($AX15-2+1)/$AY15)+((3<=$AX15)*(3>$AX15-$AY15))*$ET15*$V15*MAX(0,1-(1-$X15)*($AX15-3+1)/$AY15)+((4<=$AX15)*(4>$AX15-$AY15))*$EU15*$V15*MAX(0,1-(1-$X15)*($AX15-4+1)/$AY15)+((5<=$AX15)*(5>$AX15-$AY15))*$EV15*$V15*MAX(0,1-(1-$X15)*($AX15-5+1)/$AY15) | HF15: =SUMPRODUCT($AZ15:$BD15,$GP15:$GT15) | HG15: =SUM($GP15:$GR15) | HH15: =SUM($GP15:$GT15) | HI15: =SUMPRODUCT($AZ15:$BD15,$GU15:$GY15,$BJ15:$BN15)+SUMPRODUCT($AZ15:$BD15,$GZ15:$HD15,$BO15:$BS15)-$HE15/(1+$AM15)^$AX15 | HJ15: =MIN(1,MAX(0,IF(ISNUMBER($AJ15),$AJ15,IF($F15+$G15+$H15>0,($G15+$H15)/($F15+$G15+$H15),0))*$AR15)) | HK15: =IF($HJ15>0,1,0) | HL15: =IF($HJ15<1,1,0) | HM15: =IF($CE15*$HJ15>0,ROUNDUP($CE15*$HJ15/$AP15,0),0) | HN15: =IF($CF15*$HJ15>0,ROUNDUP($CF15*$HJ15/$AP15,0),0) | HO15: =IF($CG15*$HJ15>0,ROUNDUP($CG15*$HJ15/$AP15,0),0) | HP15: =IF($CH15*$HJ15>0,ROUNDUP($CH15*$HJ15/$AP15,0),0) | HQ15: =IF($CI15*$HJ15>0,ROUNDUP($CI15*$HJ15/$AP15,0),0) | HR15: =MAX($HM15,0) | HS15: =MAX($HN15,$HR15) | HT15: =MAX($HO15,$HS15) | HU15: =MAX($HP15,$HT15) | HV15: =MAX($HQ15,$HU15) | HW15: =$HR15-0 | HX15: =$HS15-$HR15 | HY15: =$HT15-$HS15 | HZ15: =$HU15-$HT15 | IA15: =$HV15-$HU15 | IB15: =0 | IC15: =(1+$AY15=2)*$IG15 | ID15: =(1+$AY15=3)*$IG15+(2+$AY15=3)*$IH15 | IE15: =(1+$AY15=4)*$IG15+(2+$AY15=4)*$IH15+(3+$AY15=4)*$II15 | IF15: =(1+$AY15=5)*$IG15+(2+$AY15=5)*$IH15+(3+$AY15=5)*$II15+(4+$AY15=5)*$IJ15 | IG15: =$HW15+$IB15 | IH15: =$HX15+$IC15 | II15: =$HY15+$ID15 | IJ15: =$HZ15+$IE15 | IK15: =$IA15+$IF15 | IL15: =$IG15*$V15 | IM15: =$IH15*$V15 | IN15: =$II15*$V15 | IO15: =$IJ15*$V15 | IP15: =$IK15*$V15 | IQ15: =$IB15*$V15*$X15 | IR15: =$IC15*$V15*$X15 | IS15: =$ID15*$V15*$X15 | IT15: =$IE15*$V15*$X15 | IU15: =$IF15*$V15*$X15 | IV15: =$HR15*$V15*(1-$X15)/$AY15 | IW15: =$HS15*$V15*(1-$X15)/$AY15 | IX15: =$HT15*$V15*(1-$X15)/$AY15 | IY15: =$HU15*$V15*(1-$X15)/$AY15 | IZ15: =$HV15*$V15*(1-$X15)/$AY15 | JA15: =$HR15*$Y15*$Z15*$AA15*8760*$BE15 | JB15: =$HS15*$Y15*$Z15*$AA15*8760*$BF15 | JC15: =$HT15*$Y15*$Z15*$AA15*8760*$BG15 | JD15: =$HU15*$Y15*$Z15*$AA15*8760*$BH15 | JE15: =$HV15*$Y15*$Z15*$AA15*8760*$BI15 | JF15: =IF($AC15>0,$AC15*$HK15,$HR15*$Y15*$AB15*12)*$BE15 | JG15: =IF($AC15>0,$AC15*$HK15,$HS15*$Y15*$AB15*12)*$BF15 | JH15: =IF($AC15>0,$AC15*$HK15,$HT15*$Y15*$AB15*12)*$BG15 | JI15: =IF($AC15>0,$AC15*$HK15,$HU15*$Y15*$AB15*12)*$BH15 | JJ15: =IF($AC15>0,$AC15*$HK15,$HV15*$Y15*$AB15*12)*$BI15 | JK15: =$HR15*$V15*$AD15*$BE15 | JL15: =$HS15*$V15*$AD15*$BF15 | JM15: =$HT15*$V15*$AD15*$BG15 | JN15: =$HU15*$V15*$AD15*$BH15 | JO15: =$HV15*$V15*$AD15*$BI15 | JP15: =$AE15*$BE15*$HK15 | JQ15: =$AE15*$BF15*$HK15 | JR15: =$AE15*$BG15*$HK15 | JS15: =$AE15*$BH15*$HK15 | JT15: =$AE15*$BI15*$HK15 | JU15: =$AQ15*$AG15*$BE15*$HK15 | JV15: =$AQ15*$AG15*$BF15*$HK15 | JW15: =$AQ15*$AG15*$BG15*$HK15 | JX15: =$AQ15*$AG15*$BH15*$HK15 | JY15: =$AQ15*$AG15*$BI15*$HK15 | JZ15: =$BU15*(1-$HJ15)/1000000*$CJ15 | KA15: =$BV15*(1-$HJ15)/1000000*$CK15 | KB15: =$BW15*(1-$HJ15)/1000000*$CL15 | KC15: =$BX15*(1-$HJ15)/1000000*$CM15 | KD15: =$BY15*(1-$HJ15)/1000000*$CN15 | KE15: =$CT15*$HL15 | KF15: =$CU15*$HL15 | KG15: =$CV15*$HL15 | KH15: =$CW15*$HL15 | KI15: =$CX15*$HL15 | KJ15: =IF(1=1,$R15*$HL15+$AH15*$HK15+$AK15,0) | KK15: =IF(2=1,$R15*$HL15+$AH15*$HK15+$AK15,0) | KL15: =IF(3=1,$R15*$HL15+$AH15*$HK15+$AK15,0) | KM15: =IF(4=1,$R15*$HL15+$AH15*$HK15+$AK15,0) | KN15: =IF(5=1,$R15*$HL15+$AH15*$HK15+$AK15,0) | KO15: =$IV15+$JA15+$JF15+$JK15+$JP15+$JU15+$JZ15+$KE15+$KJ15 | KP15: =$IW15+$JB15+$JG15+$JL15+$JQ15+$JV15+$KA15+$KF15+$KK15 | KQ15: =$IX15+$JC15+$JH15+$JM15+$JR15+$JW15+$KB15+$KG15+$KL15 | KR15: =$IY15+$JD15+$JI15+$JN15+$JS15+$JX15+$KC15+$KH15+$KM15 | KS15: =$IZ15+$JE15+$JJ15+$JO15+$JT15+$JY15+$KD15+$KI15+$KN15 | KT15: =$IL15-$IQ15+$KJ15 | KU15: =$IM15-$IR15+$KK15 | KV15: =$IN15-$IS15+$KL15 | KW15: =$IO15-$IT15+$KM15 | KX15: =$IP15-$IU15+$KN15 | KY15: =$JA15+$JF15+$JK15+$JP15+$JU15+$JZ15+$KE15 | KZ15: =$JB15+$JG15+$JL15+$JQ15+$JV15+$KA15+$KF15 | LA15: =$JC15+$JH15+$JM15+$JR15+$JW15+$KB15+$KG15 | LB15: =$JD15+$JI15+$JN15+$JS15+$JX15+$KC15+$KH15 | LC15: =$JE15+$JJ15+$JO15+$JT15+$JY15+$KD15+$KI15 | LD15: =((1<=$AX15)*(1>$AX15-$AY15))*$IG15*$V15*MAX(0,1-(1-$X15)*($AX15-1+1)/$AY15)+((2<=$AX15)*(2>$AX15-$AY15))*$IH15*$V15*MAX(0,1-(1-$X15)*($AX15-2+1)/$AY15)+((3<=$AX15)*(3>$AX15-$AY15))*$II15*$V15*MAX(0,1-(1-$X15)*($AX15-3+1)/$AY15)+((4<=$AX15)*(4>$AX15-$AY15))*$IJ15*$V15*MAX(0,1-(1-$X15)*($AX15-4+1)/$AY15)+((5<=$AX15)*(5>$AX15-$AY15))*$IK15*$V15*MAX(0,1-(1-$X15)*($AX15-5+1)/$AY15) | LE15: =SUMPRODUCT($AZ15:$BD15,$KO15:$KS15) | LF15: =SUM($KO15:$KQ15) | LG15: =SUM($KO15:$KS15) | LH15: =SUMPRODUCT($AZ15:$BD15,$KT15:$KX15,$BJ15:$BN15)+SUMPRODUCT($AZ15:$BD15,$KY15:$LC15,$BO15:$BS15)-$LD15/(1+$AM15)^$AX15 | LI15: =$BU15/1000000 | LJ15: =IF($LI15>0,$DD15/$LI15,0) | LK15: =IF($LI15>0,$GP15/$LI15,0) | LL15: =IF($LI15>0,$KO15/$LI15,0) | LM15: =$AP15*31536000/1000000 | LN15: =$EC15*$LM15 | LO15: =$FG15+$FL15+$FQ15+$FV15+$GA15+$GF15 | LP15: =IF($LN15*$CJ15>0,MAX(0,($LO15-$CT15)/($LN15*$CJ15)),0) | LQ15: =IF($LN15>0,$LI15/$LN15,0) | LR15: =1/($M15*$AI15) | LS15: =$HR15*$LM15 | LT15: =$IV15+$JA15+$JF15+$JK15+$JP15+$JU15 | LU15: =IF($LS15*$CJ15>0,$LT15/($LS15*$CJ15),0) | LV15: =IF($LS15>0,$LI15*$HJ15/$LS15,0) | LW15: =$V15*(1-$X15)/$AY15+$Y15*$Z15*$AA15*8760+IF($AC15>0,0,$Y15*$AB15*12)+$V15*$AD15 | LX15: =IF($LM15*$CJ15>0,$LW15/($LM15*$CJ15),0) | LY15: =IF($LM15*$LR15>0,$LW15/($LM15*$LR15),0) | LZ15: =$AE15+$AF15*$AG15+IF($AC15>0,$AC15,0)-$CT15 | MA15: =IF($CJ15>$LY15,MAX(0,$LZ15)/($CJ15-$LY15)*1000000,"Not reachable") | MB15: =IF(AND(ISNUMBER($MA15),$BU15>0),$MA15/$BU15,"n/a") | MC15: =$B15*MAX(0,$D15-1)*$E15 | MD15: =$MC15*$C15 | ME15: =$MD15*SUMPRODUCT($AZ15:$BD15,$BO15:$BS15) | MF15: =IF($AO15="Yes",$ME15-$DW15,0) | MG15: =IF($AO15="Yes",$ME15-$HI15,0) | MH15: =IF($AO15="Yes",$ME15-$LH15,0) | MI15: =IF($AO15="Yes",$MD15-$DD15,0) | MJ15: =IF(AND($DW15<=$HI15,$DW15<=$LH15),"Rent the Frontier",IF($HI15<=$LH15,"Own the Frontier","Hybrid")) | MK15: =IF(AND($DT15<=$HF15,$DT15<=$LE15),"Rent the Frontier",IF($HF15<=$LE15,"Own the Frontier","Hybrid"))
